Workbook

Sheet Sheet1
C1: All Regular
B2: LIC Mutual Fund
B4: Name of the fund | C4: LICMF Nifty 50 ETF | D4: LICMF Nifty 100 ETF | E4: LICMF S&P BSE Sensex ETF | F4: LICMF Nifty 50 Index fund | G4: LICMF S&P BSE Sensex Index fund | H4: LIC MF Nifty 8-13 yr G-Sec ETF
B5: Category (Debt/Equity) | C5: Equity | D5: Equity | E5: Equity | F5: Equity | G5: Equity | H5: Debt
B6: Launch Date (DD/MM/YYYY) | C6: 42328 | D6: 42446 | E6: 42338 | F6: 37595 | G6: 37595 | H6: 41997
B7: AUM as on Oct 31, 2022(INR in Cr.) | C7: 676.38224 | D7: 564.43614 | E7: 612.0849 | F7: 54.331315 | G7: 56.919419 | H7: 925.68703 | I7: Factsheet
B8: Underlying Index Name | C8: Nifty 50 TRI | D8: Nifty 100 TRI | E8: S&P BSE Sensex TRI | F8: Nifty 50 TRI | G8: S&P BSE Sensex TRI | H8: Nifty 8-13 yr G-Sec Index
B9: Tracking differnce for month ended October 2022
B10: Tracking Difference based on 1 Year | C10: -0.046550035 | D10: -0.18591285 | E10: -0.1433897 | F10: -0.9998244 | G10: -1.1542016 | H10: -0.28743923 | I10: Dashboard
B11: Tracking Difference based on 3 Year | C11: -0.14937282 | D11: -0.35774946 | E11: -0.14744282 | F11: -1.3319349 | G11: -1.1755216 | H11: -0.38244545 | I11: Dashboard
B12: Tracking Difference based on 5 Year | C12: -0.12243867 | D12: -0.33242583 | E12: -0.084507465 | F12: -1.4383411 | G12: -1.3057613 | H12: -0.38347721 | I12: Dashboard
B13: Tracking Difference based on 10 Year | C13: NA | D13: NA | E13: NA | F13: NA | G13: NA | H13: NA | I13: Dashboard
B14: Tracking Difference based on Since Launch | C14: -0.19183301 | D14: -0.38361621 | E14: -0.088069336 | F14: -4.1712861 | G14: -4.0738037 | H14: -0.36344141 | I14: Dashboard

Sheet Sheet7
B2: Daily Tracking Error on 1 year rolling basis
A5: Name of the fund | B5: LICMF Nifty 50 ETF | C5: LICMF Nifty 100 ETF | D5: LICMF S&P BSE Sensex ETF | E5: LICMF Nifty 50 Index fund | F5: LICMF S&P BSE Sensex Index fund | G5: LIC MF Nifty 8-13 yr G-Sec ETF
A7: =+'LIC MF Nifty 50 ETF'!A1638 -> 44743 | B7: =+'LIC MF Nifty 50 ETF'!H1638 -> 0.078958795 | C7: =+'LIC MF Nifty 100 ETF'!H1559 -> 0.076257434 | D7: =+'LIC MF S & P BSE Sensex ETF'!H1633 -> 0.10231167 | E7: =+'LIC MF Nifty 50 Index Fund - Gr'!H3495 -> 0.13244905 | F7: =+'LIC MF S&P BSE Sensex Index Gr'!H3486 -> 0.18178307 | G7: =+'LIC MF Nifty 8-13 yr G-Sec ETF'!H252 -> 0.42507703
A8: =+'LIC MF Nifty 50 ETF'!A1639 -> 44746 | B8: =+'LIC MF Nifty 50 ETF'!H1639 -> 0.078958795 | C8: =+'LIC MF Nifty 100 ETF'!H1560 -> 0.075462258 | D8: =+'LIC MF S & P BSE Sensex ETF'!H1634 -> 0.10273419 | E8: =+'LIC MF Nifty 50 Index Fund - Gr'!H3496 -> 0.13244905 | F8: =+'LIC MF S&P BSE Sensex Index Gr'!H3487 -> 0.18180534 | G8: =+'LIC MF Nifty 8-13 yr G-Sec ETF'!H253 -> 0.42679503
A9: =+'LIC MF Nifty 50 ETF'!A1640 -> 44747 | B9: =+'LIC MF Nifty 50 ETF'!H1640 -> 0.079543292 | C9: =+'LIC MF Nifty 100 ETF'!H1561 -> 0.075462258 | D9: =+'LIC MF S & P BSE Sensex ETF'!H1635 -> 0.10273419 | E9: =+'LIC MF Nifty 50 Index Fund - Gr'!H3497 -> 0.13244905 | F9: =+'LIC MF S&P BSE Sensex Index Gr'!H3488 -> 0.18178307 | G9: =+'LIC MF Nifty 8-13 yr G-Sec ETF'!H254 -> 0.42679503
A10: =+'LIC MF Nifty 50 ETF'!A1641 -> 44748 | B10: =+'LIC MF Nifty 50 ETF'!H1641 -> 0.079543292 | C10: =+'LIC MF Nifty 100 ETF'!H1562 -> 0.075462258 | D10: =+'LIC MF S & P BSE Sensex ETF'!H1636 -> 0.10273419 | E10: =+'LIC MF Nifty 50 Index Fund - Gr'!H3498 -> 0.13247045 | F10: =+'LIC MF S&P BSE Sensex Index Gr'!H3489 -> 0.18178307 | G10: =+'LIC MF Nifty 8-13 yr G-Sec ETF'!H255 -> 0.42679503
A11: =+'LIC MF Nifty 50 ETF'!A1642 -> 44749 | B11: =+'LIC MF Nifty 50 ETF'!H1642 -> 0.078958795 | C11: =+'LIC MF Nifty 100 ETF'!H1563 -> 0.075991524 | D11: =+'LIC MF S & P BSE Sensex ETF'!H1637 -> 0.10273419 | E11: =+'LIC MF Nifty 50 Index Fund - Gr'!H3499 -> 0.13248878 | F11: =+'LIC MF S&P BSE Sensex Index Gr'!H3490 -> 0.18178307 | G11: =+'LIC MF Nifty 8-13 yr G-Sec ETF'!H256 -> 0.42712339
A12: =+'LIC MF Nifty 50 ETF'!A1643 -> 44750 | B12: =+'LIC MF Nifty 50 ETF'!H1643 -> 0.078260502 | C12: =+'LIC MF Nifty 100 ETF'!H1564 -> 0.075991524 | D12: =+'LIC MF S & P BSE Sensex ETF'!H1638 -> 0.10273419 | E12: =+'LIC MF Nifty 50 Index Fund - Gr'!H3500 -> 0.13248878 | F12: =+'LIC MF S&P BSE Sensex Index Gr'!H3491 -> 0.18178307 | G12: =+'LIC MF Nifty 8-13 yr G-Sec ETF'!H257 -> 0.42766993
A13: =+'LIC MF Nifty 50 ETF'!A1644 -> 44753 | B13: =+'LIC MF Nifty 50 ETF'!H1644 -> 0.078260502 | C13: =+'LIC MF Nifty 100 ETF'!H1565 -> 0.075991524 | D13: =+'LIC MF S & P BSE Sensex ETF'!H1639 -> 0.10315106 | E13: =+'LIC MF Nifty 50 Index Fund - Gr'!H3501 -> 0.13250406 | F13: =+'LIC MF S&P BSE Sensex Index Gr'!H3492 -> 0.18180534 | G13: =+'LIC MF Nifty 8-13 yr G-Sec ETF'!H258 -> 0.42667647
A14: =+'LIC MF Nifty 50 ETF'!A1645 -> 44754 | B14: =+'LIC MF Nifty 50 ETF'!H1645 -> 0.078260502 | C14: =+'LIC MF Nifty 100 ETF'!H1566 -> 0.075462258 | D14: =+'LIC MF S & P BSE Sensex ETF'!H1640 -> 0.10371079 | E14: =+'LIC MF Nifty 50 Index Fund - Gr'!H3502 -> 0.13248878 | F14: =+'LIC MF S&P BSE Sensex Index Gr'!H3493 -> 0.18233677 | G14: =+'LIC MF Nifty 8-13 yr G-Sec ETF'!H259 -> 0.42655391
A15: =+'LIC MF Nifty 50 ETF'!A1646 -> 44755 | B15: =+'LIC MF Nifty 50 ETF'!H1646 -> 0.078260502 | C15: =+'LIC MF Nifty 100 ETF'!H1567 -> 0.075462258 | D15: =+'LIC MF S & P BSE Sensex ETF'!H1641 -> 0.10371079 | E15: =+'LIC MF Nifty 50 Index Fund - Gr'!H3503 -> 0.13247045 | F15: =+'LIC MF S&P BSE Sensex Index Gr'!H3494 -> 0.18233677 | G15: =+'LIC MF Nifty 8-13 yr G-Sec ETF'!H260 -> 0.42552068
A16: =+'LIC MF Nifty 50 ETF'!A1647 -> 44756 | B16: =+'LIC MF Nifty 50 ETF'!H1647 -> 0.078260502 | C16: =+'LIC MF Nifty 100 ETF'!H1568 -> 0.075462258 | D16: =+'LIC MF S & P BSE Sensex ETF'!H1642 -> 0.10371079 | E16: =+'LIC MF Nifty 50 Index Fund - Gr'!H3504 -> 0.13248878 | F16: =+'LIC MF S&P BSE Sensex Index Gr'!H3495 -> 0.18233677 | G16: =+'LIC MF Nifty 8-13 yr G-Sec ETF'!H261 -> 0.4275807
A17: =+'LIC MF Nifty 50 ETF'!A1648 -> 44757 | B17: =+'LIC MF Nifty 50 ETF'!H1648 -> 0.077666352 | C17: =+'LIC MF Nifty 100 ETF'!H1569 -> 0.075462258 | D17: =+'LIC MF S & P BSE Sensex ETF'!H1643 -> 0.10412374 | E17: =+'LIC MF Nifty 50 Index Fund - Gr'!H3505 -> 0.13248878 | F17: =+'LIC MF S&P BSE Sensex Index Gr'!H3496 -> 0.18235897 | G17: =+'LIC MF Nifty 8-13 yr G-Sec ETF'!H262 -> 0.42715844
A18: =+'LIC MF Nifty 50 ETF'!A1649 -> 44760 | B18: =+'LIC MF Nifty 50 ETF'!H1649 -> 0.078260502 | C18: =+'LIC MF Nifty 100 ETF'!H1570 -> 0.075462258 | D18: =+'LIC MF S & P BSE Sensex ETF'!H1644 -> 0.10412374 | E18: =+'LIC MF Nifty 50 Index Fund - Gr'!H3506 -> 0.13326267 | F18: =+'LIC MF S&P BSE Sensex Index Gr'!H3497 -> 0.18235897 | G18: =+'LIC MF Nifty 8-13 yr G-Sec ETF'!H263 -> 0.42721371
... A175: =+'LIC MF Nifty 50 ETF'!A1806 -> 44991 | B175: =+'LIC MF Nifty 50 ETF'!H1806 -> 0.10878913 | C175: =+'LIC MF Nifty 100 ETF'!H1727 -> 0.0864116 | D175: =+'LIC MF S & P BSE Sensex ETF'!H1801 -> 0.08515625 | E175: =+'LIC MF Nifty 50 Index Fund - Gr'!H3663 -> 0.15027666 | F175: =+'LIC MF S&P BSE Sensex Index Gr'!H3654 -> 0.21350587 | G175: =+'LIC MF Nifty 8-13 yr G-Sec ETF'!H420 -> 0.41393203

Sheet LIC MF Nifty 50 ETF
A1: ETF - TRACKING ERROR
A2: Since November 20, 2015
A4: LICMF NIFTY PLAN - GROWTH
C5: Rb | D5: LETF50G | E5: Rp | F5: Rp-Rb | G5: TE | H5: Annualised
A6: Calculation | B6: TRI Benchmark | C6: Returns | D6: LICMF NIFTY | E6: Returns | H6: TE | I6: NIFTY Levels | J6: Returns | S6: TE | X6: Annualised TE
A7: date | B7: Nifty Levels | C7: % | D7: NAV | E7: % | I7: NIFTY Levels | J7: % | S7: 6 Months | T7: 1 Year | U7: 3 Years | V7: 5 Years | X7: 6 Months | Y7: 1 Year | Z7: 3 Years | AA7: 5 Years
A8: 42328 | B8: 10456.115 | D8: 78.2374 | I8: 7856.55
A9: 42331 | B9: 10446.4 | C9: =ROUND(((B9-B8)/B8)*100,2) -> -0.09 | D9: 78.2095 | E9: =ROUND(((D9-D8)/D8)*100,2) -> -0.04 | F9: =E9-C9 -> 0.05 | H9: =+G9*(SQRT(250)) -> 0 | I9: 7849.25 | J9: =+((I9-I8)/I8)*100 -> -0.092916102
A10: 42332 | B10: 10422.856 | C10: =ROUND(((B10-B9)/B9)*100,2) -> -0.23 | D10: 78.0341 | E10: =ROUND(((D10-D9)/D9)*100,2) -> -0.22 | F10: =E10-C10 -> 0.01 | G10: =+STDEV($F$9:F10) -> 0.028284271 | H10: =+G10*(SQRT(250)) -> 0.4472136 | I10: 7831.6 | J10: =+((I10-I9)/I9)*100 -> -0.22486225
A11: 42334 | B11: 10492.355 | C11: =ROUND(((B11-B10)/B10)*100,2) -> 0.67 | D11: 78.5513 | E11: =ROUND(((D11-D10)/D10)*100,2) -> 0.66 | F11: =E11-C11 -> -0.01 | G11: =+STDEV($F$9:F11) -> 0.030550505 | H11: =+G11*(SQRT(250)) -> 0.48304589 | I11: 7883.8 | J11: =+((I11-I10)/I10)*100 -> 0.66653047
A12: 42335 | B12: 10570.757 | C12: =ROUND(((B12-B11)/B11)*100,2) -> 0.75 | D12: 79.1351 | E12: =ROUND(((D12-D11)/D11)*100,2) -> 0.74 | F12: =E12-C12 -> -0.01 | G12: =+STDEV($F$9:F12) -> 0.028284271 | H12: =+G12*(SQRT(250)) -> 0.4472136 | I12: 7942.7 | J12: =+((I12-I11)/I11)*100 -> 0.74710165
A13: 42338 | B13: 10560.841 | C13: =ROUND(((B13-B12)/B12)*100,2) -> -0.09 | D13: 79.0608 | E13: =ROUND(((D13-D12)/D12)*100,2) -> -0.09 | F13: =E13-C13 -> 0 | G13: =+STDEV($F$9:F13) -> 0.024899799 | H13: =+G13*(SQRT(250)) -> 0.39370039 | I13: 7935.25 | J13: =+((I13-I12)/I12)*100 -> -0.09379682
A14: 42339 | B14: 10586.993 | C14: =ROUND(((B14-B13)/B13)*100,2) -> 0.25 | D14: 79.2554 | E14: =ROUND(((D14-D13)/D13)*100,2) -> 0.25 | F14: =E14-C14 -> 0 | G14: =+STDEV($F$9:F14) -> 0.022509257 | H14: =+G14*(SQRT(250)) -> 0.35590261 | I14: 7954.9 | J14: =+((I14-I13)/I13)*100 -> 0.24762925
A15: 42340 | B15: 10555.624 | C15: =ROUND(((B15-B14)/B14)*100,2) -> -0.3 | D15: 79.0217 | E15: =ROUND(((D15-D14)/D14)*100,2) -> -0.29 | F15: =E15-C15 -> 0.01 | G15: =+STDEV($F$9:F15) -> 0.020586635 | H15: =+G15*(SQRT(250)) -> 0.32550327 | I15: 7931.35 | J15: =+((I15-I14)/I14)*100 -> -0.29604395
A16: 42341 | B16: 10466.19 | C16: =ROUND(((B16-B15)/B15)*100,2) -> -0.85 | D16: 78.3555 | E16: =ROUND(((D16-D15)/D15)*100,2) -> -0.84 | F16: =E16-C16 -> 0.01 | G16: =+STDEV($F$9:F16) -> 0.01908627 | H16: =+G16*(SQRT(250)) -> 0.30178043 | I16: 7864.15 | J16: =+((I16-I15)/I15)*100 -> -0.84727064
A17: 42342 | B17: 10356.712 | C17: =ROUND(((B17-B16)/B16)*100,2) -> -1.05 | D17: 77.5424 | E17: =ROUND(((D17-D16)/D16)*100,2) -> -1.04 | F17: =E17-C17 -> 0.01 | G17: =+STDEV($F$9:F17) -> 0.017873009 | H17: =+G17*(SQRT(250)) -> 0.28259708 | I17: 7781.9 | J17: =+((I17-I16)/I16)*100 -> -1.0458854
A18: 42345 | B18: 10334.766 | C18: =ROUND(((B18-B17)/B17)*100,2) -> -0.21 | D18: 77.3786 | E18: =ROUND(((D18-D17)/D17)*100,2) -> -0.21 | F18: =E18-C18 -> 0 | G18: =+STDEV($F$9:F18) -> 0.017029386 | H18: =+G18*(SQRT(250)) -> 0.26925824 | I18: 7765.4 | J18: =+((I18-I17)/I17)*100 -> -0.21203048
A19: 42346 | B19: 10250.029 | C19: =ROUND(((B19-B18)/B18)*100,2) -> -0.82 | D19: 76.7473 | E19: =ROUND(((D19-D18)/D18)*100,2) -> -0.82 | F19: =E19-C19 -> 0 | G19: =+STDEV($F$9:F19) -> 0.016292776 | H19: =+G19*(SQRT(250)) -> 0.25761141 | I19: 7701.7 | J19: =+((I19-I18)/I18)*100 -> -0.82030546
A20: 42347 | B20: 10131.262 | C20: =ROUND(((B20-B19)/B19)*100,2) -> -1.16 | D20: 75.8619 | E20: =ROUND(((D20-D19)/D19)*100,2) -> -1.15 | F20: =E20-C20 -> 0.01 | G20: =+STDEV($F$9:F20) -> 0.015569979 | H20: =+G20*(SQRT(250)) -> 0.24618298 | I20: 7612.5 | J20: =+((I20-I19)/I19)*100 -> -1.1581859
A21: 42348 | B21: 10225.541 | C21: =ROUND(((B21-B20)/B20)*100,2) -> 0.93 | D21: 76.5654 | E21: =ROUND(((D21-D20)/D20)*100,2) -> 0.93 | F21: =E21-C21 -> 0 | G21: =+STDEV($F$9:F21) -> 0.015021352 | H21: =+G21*(SQRT(250)) -> 0.23750843 | I21: 7683.3 | J21: =+((I21-I20)/I20)*100 -> 0.93004926
... A58: 42404 | B58: 9857.8233 | C58: =ROUND(((B58-B57)/B57)*100,2) -> 0.57 | D58: 73.8274 | E58: =ROUND(((D58-D57)/D57)*100,2) -> 0.57 | F58: =E58-C58 -> 0 | G58: =+STDEV($F$9:F58) -> 0.0097499346 | H58: =+G58*(SQRT(250)) -> 0.15416 | I58: 7404 | J58: =+((I58-I57)/I57)*100 -> 0.57322937
A59: 42405 | B59: 9972.0497 | C59: =ROUND(((B59-B58)/B58)*100,2) -> 1.16 | D59: 74.6821 | E59: =ROUND(((D59-D58)/D58)*100,2) -> 1.16 | F59: =E59-C59 -> 0 | G59: =+STDEV($F$9:F59) -> 0.0096568578 | H59: =+G59*(SQRT(250)) -> 0.15268833 | I59: 7489.1 | J59: =+((I59-I58)/I58)*100 -> 1.1493787 | K59: =+I59-I58 -> 85.1
A60: 42408 | B60: 9836.4055 | C60: =ROUND(((B60-B59)/B59)*100,2) -> -1.36 | D60: 73.6681 | E60: =ROUND(((D60-D59)/D59)*100,2) -> -1.36 | F60: =E60-C60 -> 0 | G60: =+STDEV($F$9:F60) -> 0.009566391 | H60: =+G60*(SQRT(250)) -> 0.15125792 | I60: 7387.25 | J60: =+((I60-I59)/I59)*100 -> -1.3599765 | K60: =+I60-I59 -> -101.85
A61: 42409 | B61: 9717.8716 | C61: =ROUND(((B61-B60)/B60)*100,2) -> -1.21 | D61: 72.7823 | E61: =ROUND(((D61-D60)/D60)*100,2) -> -1.2 | F61: =E61-C61 -> 0.01 | G61: =+STDEV($F$9:F61) -> 0.0095356637 | H61: =+G61*(SQRT(250)) -> 0.15077208 | I61: 7298.2 | J61: =+((I61-I60)/I60)*100 -> -1.2054553 | K61: =+I61-I60 -> -89.05
A62: 42410 | B62: 9607.9795 | C62: =ROUND(((B62-B61)/B61)*100,2) -> -1.13 | D62: 71.9611 | E62: =ROUND(((D62-D61)/D61)*100,2) -> -1.13 | F62: =E62-C62 -> 0 | G62: =+STDEV($F$9:F62) -> 0.0094503003 | H62: =+G62*(SQRT(250)) -> 0.14942237 | I62: 7215.7 | J62: =+((I62-I61)/I61)*100 -> -1.1304157 | K62: =+I62-I61 -> -82.5
A63: 42411 | B63: 9289.2883 | C63: =ROUND(((B63-B62)/B62)*100,2) -> -3.32 | D63: 69.5808 | E63: =ROUND(((D63-D62)/D62)*100,2) -> -3.31 | F63: =E63-C63 -> 0.01 | G63: =+STDEV($F$9:F63) -> 0.0094209452 | H63: =+G63*(SQRT(250)) -> 0.14895822 | I63: 6976.35 | J63: =+((I63-I62)/I62)*100 -> -3.3170725 | K63: =+I63-I62 -> -239.35
A64: 42412 | B64: 9295.4134 | C64: =ROUND(((B64-B63)/B63)*100,2) -> 0.07 | D64: 69.627 | E64: =ROUND(((D64-D63)/D63)*100,2) -> 0.07 | F64: =E64-C64 -> 0 | G64: =+STDEV($F$9:F64) -> 0.0093402494 | H64: =+G64*(SQRT(250)) -> 0.14768231 | I64: 6980.95 | J64: =+((I64-I63)/I63)*100 -> 0.065937059
A65: 42415 | B65: 9537.7407 | C65: =ROUND(((B65-B64)/B64)*100,2) -> 2.61 | D65: 71.4346 | E65: =ROUND(((D65-D64)/D64)*100,2) -> 2.6 | F65: =E65-C65 -> -0.01 | G65: =+STDEV($F$9:F65) -> 0.0093992481 | H65: =+G65*(SQRT(250)) -> 0.14861516 | I65: 7162.95 | J65: =+((I65-I64)/I64)*100 -> 2.607095
A66: 42416 | B66: 9385.3598 | C66: =ROUND(((B66-B65)/B65)*100,2) -> -1.6 | D66: 70.2977 | E66: =ROUND(((D66-D65)/D65)*100,2) -> -1.59 | F66: =E66-C66 -> 0.01 | G66: =+STDEV($F$9:F66) -> 0.0093739287 | H66: =+G66*(SQRT(250)) -> 0.14821483 | I66: 7201.25 | J66: =+((I66-I65)/I65)*100 -> 0.5346959
A67: 42417 | B67: 9465.5214 | C67: =ROUND(((B67-B66)/B66)*100,2) -> 0.85 | D67: 70.8964 | E67: =ROUND(((D67-D66)/D66)*100,2) -> 0.85 | F67: =E67-C67 -> 0 | G67: =+STDEV($F$9:F67) -> 0.0092973479 | H67: =+G67*(SQRT(250)) -> 0.14700398 | I67: 7108.45 | J67: =+((I67-I66)/I66)*100 -> -1.2886652
A68: 42418 | B68: 9576.4559 | C68: =ROUND(((B68-B67)/B67)*100,2) -> 1.17 | D68: 71.7246 | E68: =ROUND(((D68-D67)/D67)*100,2) -> 1.17 | F68: =E68-C68 -> 0 | G68: =+STDEV($F$9:F68) -> 0.0092226079 | H68: =+G68*(SQRT(250)) -> 0.14582224 | I68: 7191.75 | J68: =+((I68-I67)/I67)*100 -> 1.1718448
A69: 42419 | B69: 9601.7694 | C69: =ROUND(((B69-B68)/B68)*100,2) -> 0.26 | D69: 71.9132 | E69: =ROUND(((D69-D68)/D68)*100,2) -> 0.26 | F69: =E69-C69 -> 0 | G69: =+STDEV($F$9:F69) -> 0.0091496364 | H69: =+G69*(SQRT(250)) -> 0.14466845 | I69: 7210.75 | J69: =+((I69-I68)/I68)*100 -> 0.26419161
A70: 42422 | B70: 9633.8259 | C70: =ROUND(((B70-B69)/B69)*100,2) -> 0.33 | D70: 72.1528 | E70: =ROUND(((D70-D69)/D69)*100,2) -> 0.33 | F70: =E70-C70 -> 0 | G70: =+STDEV($F$9:F70) -> 0.009078365 | H70: =+G70*(SQRT(250)) -> 0.14354155 | I70: 7234.55 | J70: =+((I70-I69)/I69)*100 -> 0.33006275
A71: 42423 | B71: 9467.4102 | C71: =ROUND(((B71-B70)/B70)*100,2) -> -1.73 | D71: 70.9105 | E71: =ROUND(((D71-D70)/D70)*100,2) -> -1.72 | F71: =E71-C71 -> 0.01 | G71: =+STDEV($F$9:F71) -> 0.009059738 | H71: =+G71*(SQRT(250)) -> 0.14324704 | I71: 7109.55 | J71: =+((I71-I70)/I70)*100 -> -1.72782
A72: 42424 | B72: 9346.3903 | C72: =ROUND(((B72-B71)/B71)*100,2) -> -1.28 | D72: 70.0066 | E72: =ROUND(((D72-D71)/D71)*100,2) -> -1.27 | F72: =E72-C72 -> 0.01 | G72: =+STDEV($F$9:F72) -> 0.0090399795 | H72: =+G72*(SQRT(250)) -> 0.14293463 | I72: 7018.7 | J72: =+((I72-I71)/I71)*100 -> -1.2778587
A73: 42425 | B73: 9282.3781 | C73: =ROUND(((B73-B72)/B72)*100,2) -> -0.68 | D73: 69.5288 | E73: =ROUND(((D73-D72)/D72)*100,2) -> -0.68 | F73: =E73-C73 -> 0 | G73: =+STDEV($F$9:F73) -> 0.0089737866 | H73: =+G73*(SQRT(250)) -> 0.14188802 | I73: 6970.6 | J73: =+((I73-I72)/I72)*100 -> -0.68531209
A74: 42426 | B74: 9361.105 | C74: =ROUND(((B74-B73)/B73)*100,2) -> 0.85 | D74: 70.1193 | E74: =ROUND(((D74-D73)/D73)*100,2) -> 0.85 | F74: =E74-C74 -> 0 | G74: =+STDEV($F$9:F74) -> 0.0089090196 | H74: =+G74*(SQRT(250)) -> 0.14086397 | I74: 7029.75 | J74: =+((I74-I73)/I73)*100 -> 0.84856397
A75: 42429 | B75: 9304.257 | C75: =ROUND(((B75-B74)/B74)*100,2) -> -0.61 | D75: 69.6964 | E75: =ROUND(((D75-D74)/D74)*100,2) -> -0.6 | F75: =E75-C75 -> 0.01 | G75: =+STDEV($F$9:F75) -> 0.0088915268 | H75: =+G75*(SQRT(250)) -> 0.14058738 | I75: 6987.05 | J75: =+((I75-I74)/I74)*100 -> -0.60741847
... A342: 42825 | B342: 12406.688 | C342: =ROUND(((B342-B341)/B341)*100,2) -> 0.02 | D342: 92.7624 | E342: =ROUND(((D342-D341)/D341)*100,2) -> -0.02 | F342: =E342-C342 -> -0.04 | G342: =+STDEV($F$9:F342) -> 0.0082835271 | H342: =+G342*(SQRT(250)) -> 0.13097406 | I342: 9173.75 | J342: =+((I342-I341)/I341)*100 -> 0
A343: 42828 | B343: 12493.391 | C343: =ROUND(((B343-B342)/B342)*100,2) -> 0.7 | D343: 93.4229 | E343: =ROUND(((D343-D342)/D342)*100,2) -> 0.71 | F343: =E343-C343 -> 0.01 | G343: =+STDEV(F96:F343) -> 0.0055185288 | H343: =+G343*(SQRT(250)) -> 0.087255601 | I343: 9237.85 | J343: =+((I343-I342)/I342)*100 -> 0.6987328
A344: 42830 | B344: 12530.312 | C344: =ROUND(((B344-B343)/B343)*100,2) -> 0.3 | D344: 93.7056 | E344: =ROUND(((D344-D343)/D343)*100,2) -> 0.3 | F344: =E344-C344 -> 0 | G344: =+STDEV(F97:F344) -> 0.0054753177 | H344: =+G344*(SQRT(250)) -> 0.086572374 | I344: 9265.15 | J344: =+((I344-I343)/I343)*100 -> 0.29552331
A345: 42831 | B345: 12525.971 | C345: =ROUND(((B345-B344)/B344)*100,2) -> -0.03 | D345: 93.6704 | E345: =ROUND(((D345-D344)/D344)*100,2) -> -0.04 | F345: =E345-C345 -> -0.01 | G345: =+STDEV(F98:F345) -> 0.0053417551 | H345: =+G345*(SQRT(250)) -> 0.084460564 | I345: 9261.95 | J345: =+((I345-I344)/I344)*100 -> -0.034538027
A346: 42832 | B346: 12439.903 | C346: =ROUND(((B346-B345)/B345)*100,2) -> -0.69 | D346: 93.0227 | E346: =ROUND(((D346-D345)/D345)*100,2) -> -0.69 | F346: =E346-C346 -> 0 | G346: =+STDEV(F99:F346) -> 0.0052958694 | H346: =+G346*(SQRT(250)) -> 0.083735047 | I346: 9198.3 | J346: =+((I346-I345)/I345)*100 -> -0.68722029
A347: 42835 | B347: 12417.075 | C347: =ROUND(((B347-B346)/B346)*100,2) -> -0.18 | D347: 92.8491 | E347: =ROUND(((D347-D346)/D346)*100,2) -> -0.19 | F347: =E347-C347 -> -0.01 | G347: =+STDEV(F100:F347) -> 0.0053258397 | H347: =+G347*(SQRT(250)) -> 0.084208919 | I347: 9181.45 | J347: =+((I347-I346)/I346)*100 -> -0.18318602
A348: 42836 | B348: 12492.242 | C348: =ROUND(((B348-B347)/B347)*100,2) -> 0.61 | D348: 93.4114 | E348: =ROUND(((D348-D347)/D347)*100,2) -> 0.61 | F348: =E348-C348 -> 0 | G348: =+STDEV(F101:F348) -> 0.0053258397 | H348: =+G348*(SQRT(250)) -> 0.084208919 | I348: 9237 | J348: =+((I348-I347)/I347)*100 -> 0.60502426
A349: 42837 | B349: 12446.841 | C349: =ROUND(((B349-B348)/B348)*100,2) -> -0.36 | D349: 93.0713 | E349: =ROUND(((D349-D348)/D348)*100,2) -> -0.36 | F349: =E349-C349 -> 0 | G349: =+STDEV(F102:F349) -> 0.0053258397 | H349: =+G349*(SQRT(250)) -> 0.084208919 | I349: 9203.45 | J349: =+((I349-I348)/I348)*100 -> -0.36321316
A350: 42838 | B350: 12375.677 | C350: =ROUND(((B350-B349)/B349)*100,2) -> -0.57 | D350: 92.5364 | E350: =ROUND(((D350-D349)/D349)*100,2) -> -0.57 | F350: =E350-C350 -> 0 | G350: =+STDEV(F103:F350) -> 0.0052958694 | H350: =+G350*(SQRT(250)) -> 0.083735047 | I350: 9150.8 | J350: =+((I350-I349)/I349)*100 -> -0.57206808
A351: 42842 | B351: 12360.111 | C351: =ROUND(((B351-B350)/B350)*100,2) -> -0.13 | D351: 92.4182 | E351: =ROUND(((D351-D350)/D350)*100,2) -> -0.13 | F351: =E351-C351 -> 0 | G351: =+STDEV(F104:F351) -> 0.0052958694 | H351: =+G351*(SQRT(250)) -> 0.083735047 | I351: 9139.3 | J351: =+((I351-I350)/I350)*100 -> -0.12567207
A352: 42843 | B352: 12313.899 | C352: =ROUND(((B352-B351)/B351)*100,2) -> -0.37 | D352: 92.0729 | E352: =ROUND(((D352-D351)/D351)*100,2) -> -0.37 | F352: =E352-C352 -> 0 | G352: =+STDEV(F105:F352) -> 0.0052654184 | H352: =+G352*(SQRT(250)) -> 0.083253575 | I352: 9105.15 | J352: =+((I352-I351)/I351)*100 -> -0.373661
A353: 42844 | B353: 12311.668 | C353: =ROUND(((B353-B352)/B352)*100,2) -> -0.02 | D353: 92.0556 | E353: =ROUND(((D353-D352)/D352)*100,2) -> -0.02 | F353: =E353-C353 -> 0 | G353: =+STDEV(F106:F353) -> 0.0052344785 | H353: =+G353*(SQRT(250)) -> 0.082764372 | I353: 9103.5 | J353: =+((I353-I352)/I352)*100 -> -0.018121612
A354: 42845 | B354: 12356.203 | C354: =ROUND(((B354-B353)/B353)*100,2) -> 0.36 | D354: 92.3889 | E354: =ROUND(((D354-D353)/D353)*100,2) -> 0.36 | F354: =E354-C354 -> 0 | G354: =+STDEV(F107:F354) -> 0.0052344785 | H354: =+G354*(SQRT(250)) -> 0.082764372 | I354: 9136.4 | J354: =+((I354-I353)/I353)*100 -> 0.36139946
... A699: 43350 | B699: 16019.843 | C699: =ROUND(((B699-B698)/B698)*100,2) -> 0.45 | D699: 119.4622 | E699: =ROUND(((D699-D698)/D698)*100,2) -> 0.46 | F699: =E699-C699 -> 0.01 | G699: =+STDEV(F452:F699) -> 0.0060534762 | H699: =+G699*(SQRT(250)) -> 0.095713862 | I699: 11589.1 | J699: =+((I699-I698)/I698)*100 -> 0.45246123
A700: =A699+3 -> 43353 | B700: 15813.263 | C700: =ROUND(((B700-B699)/B699)*100,2) -> -1.29 | D700: 117.9244 | E700: =ROUND(((D700-D699)/D699)*100,2) -> -1.29 | F700: =E700-C700 -> 0 | G700: =+STDEV(F453:F700) -> 0.0060534762 | H700: =+G700*(SQRT(250)) -> 0.095713862 | I700: 11438.1 | J700: =+((I700-I699)/I699)*100 -> -1.3029485
A701: =A700+1 -> 43354 | B701: 15605.112 | C701: =ROUND(((B701-B700)/B700)*100,2) -> -1.32 | D701: 116.373 | E701: =ROUND(((D701-D700)/D700)*100,2) -> -1.32 | F701: =E701-C701 -> 0 | G701: =+STDEV(F454:F701) -> 0.0060534762 | H701: =+G701*(SQRT(250)) -> 0.095713862 | I701: 11287.5 | J701: =+((I701-I700)/I700)*100 -> -1.3166522
A702: =A701+1 -> 43355 | B702: 15719.616 | C702: =ROUND(((B702-B701)/B701)*100,2) -> 0.73 | D702: 117.2266 | E702: =ROUND(((D702-D701)/D701)*100,2) -> 0.73 | F702: =E702-C702 -> 0 | G702: =+STDEV(F455:F702) -> 0.0060168237 | H702: =+G702*(SQRT(250)) -> 0.095134337 | I702: 11369.9 | J702: =+((I702-I701)/I701)*100 -> 0.73001107
A703: =A702+2 -> 43357 | B703: 15920.475 | C703: =ROUND(((B703-B702)/B702)*100,2) -> 1.28 | D703: 118.721 | E703: =ROUND(((D703-D702)/D702)*100,2) -> 1.27 | F703: =E703-C703 -> -0.01 | G703: =+STDEV(F456:F703) -> 0.0060470004 | H703: =+G703*(SQRT(250)) -> 0.095611471 | I703: 11515.2 | J703: =+((I703-I702)/I702)*100 -> 1.2779356
A704: =A703+3 -> 43360 | B704: 15731.256 | C704: =ROUND(((B704-B703)/B703)*100,2) -> -1.19 | D704: 117.3109 | E704: =ROUND(((D704-D703)/D703)*100,2) -> -1.19 | F704: =E704-C704 -> 0 | G704: =+STDEV(F457:F704) -> 0.0060470004 | H704: =+G704*(SQRT(250)) -> 0.095611471 | I704: 11377.75 | J704: =+((I704-I703)/I703)*100 -> -1.1936397
A705: =A704+1 -> 43361 | B705: 15594.569 | C705: =ROUND(((B705-B704)/B704)*100,2) -> -0.87 | D705: 116.2932 | E705: =ROUND(((D705-D704)/D704)*100,2) -> -0.87 | F705: =E705-C705 -> 0 | G705: =+STDEV(F458:F705) -> 0.0060470004 | H705: =+G705*(SQRT(250)) -> 0.095611471 | I705: 11278.9 | J705: =+((I705-I704)/I704)*100 -> -0.86880095
A706: =A705+1 -> 43362 | B706: 15534.28 | C706: =ROUND(((B706-B705)/B705)*100,2) -> -0.39 | D706: 115.8456 | E706: =ROUND(((D706-D705)/D705)*100,2) -> -0.38 | F706: =E706-C706 -> 0.01 | G706: =+STDEV(F459:F706) -> 0.0060534762 | H706: =+G706*(SQRT(250)) -> 0.095713862 | I706: 11234.35 | J706: =+((I706-I705)/I705)*100 -> -0.39498533
A707: =A706+2 -> 43364 | B707: 15408.159 | C707: =ROUND(((B707-B706)/B706)*100,2) -> -0.81 | D707: 114.9091 | E707: =ROUND(((D707-D706)/D706)*100,2) -> -0.81 | F707: =E707-C707 -> 0 | G707: =+STDEV(F460:F707) -> 0.0060534762 | H707: =+G707*(SQRT(250)) -> 0.095713862 | I707: 11143.1 | J707: =+((I707-I706)/I706)*100 -> -0.81224103
A708: =A707+3 -> 43367 | B708: 15165.182 | C708: =ROUND(((B708-B707)/B707)*100,2) -> -1.58 | D708: 113.1027 | E708: =ROUND(((D708-D707)/D707)*100,2) -> -1.57 | F708: =E708-C708 -> 0.01 | G708: =+STDEV(F461:F708) -> 0.0060896399 | H708: =+G708*(SQRT(250)) -> 0.096285661 | I708: 10967.4 | J708: =+((I708-I707)/I707)*100 -> -1.5767605
A709: =A708+1 -> 43368 | B709: 15303.554 | C709: =ROUND(((B709-B708)/B708)*100,2) -> 0.91 | D709: 114.1339 | E709: =ROUND(((D709-D708)/D708)*100,2) -> 0.91 | F709: =E709-C709 -> 0 | G709: =+STDEV(F462:F709) -> 0.0060534762 | H709: =+G709*(SQRT(250)) -> 0.095713862 | I709: 11067.45 | J709: =+((I709-I708)/I708)*100 -> 0.91224903
A710: =A709+1 -> 43369 | B710: 15284.666 | C710: =ROUND(((B710-B709)/B709)*100,2) -> -0.12 | D710: 113.9954 | E710: =ROUND(((D710-D709)/D709)*100,2) -> -0.12 | F710: =E710-C710 -> 0 | G710: =+STDEV(F463:F710) -> 0.0060534762 | H710: =+G710*(SQRT(250)) -> 0.095713862 | I710: 11053.8 | J710: =+((I710-I709)/I709)*100 -> -0.12333464
A711: =A710+1 -> 43370 | B711: 15179.245 | C711: =ROUND(((B711-B710)/B710)*100,2) -> -0.69 | D711: 113.2107 | E711: =ROUND(((D711-D710)/D710)*100,2) -> -0.69 | F711: =E711-C711 -> 0 | G711: =+STDEV(F464:F711) -> 0.0060534762 | H711: =+G711*(SQRT(250)) -> 0.095713862 | I711: 10977.55 | J711: =+((I711-I710)/I710)*100 -> -0.68980803
A712: =A711+1 -> 43371 | B712: 15114.076 | C712: =ROUND(((B712-B711)/B711)*100,2) -> -0.43 | D712: 112.7663 | E712: =ROUND(((D712-D711)/D711)*100,2) -> -0.39 | F712: =E712-C712 -> 0.04 | G712: =+STDEV(F465:F712) -> 0.0065429733 | H712: =+G712*(SQRT(250)) -> 0.10345349 | I712: 10930.45 | J712: =+((I712-I711)/I711)*100 -> -0.42905749
A713: =A712+3 -> 43374 | B713: 15221.75 | C713: =ROUND(((B713-B712)/B712)*100,2) -> 0.71 | D713: 113.558 | E713: =ROUND(((D713-D712)/D712)*100,2) -> 0.7 | F713: =E713-C713 -> -0.01 | G713: =+STDEV(F466:F713) -> 0.0065717278 | H713: =+G713*(SQRT(250)) -> 0.10390814 | I713: 11008.3 | J713: =+((I713-I712)/I712)*100 -> 0.71223051
A714: =A713+2 -> 43376 | B714: 15014.227 | C714: =ROUND(((B714-B713)/B713)*100,2) -> -1.36 | D714: 112.0026 | E714: =ROUND(((D714-D713)/D713)*100,2) -> -1.37 | F714: =E714-C714 -> -0.01 | G714: =+STDEV(F467:F714) -> 0.0064808012 | H714: =+G714*(SQRT(250)) -> 0.10247046 | I714: 10858.25 | J714: =+((I714-I713)/I713)*100 -> -1.3630624
A715: =A714+1 -> 43377 | B715: 14656.095 | C715: =ROUND(((B715-B714)/B714)*100,2) -> -2.39 | D715: 109.3363 | E715: =ROUND(((D715-D714)/D714)*100,2) -> -2.38 | F715: =E715-C715 -> 0.01 | G715: =+STDEV(F468:F715) -> 0.0064843268 | H715: =+G715*(SQRT(250)) -> 0.10252621 | I715: 10599.25 | J715: =+((I715-I714)/I714)*100 -> -2.3852831
A716: =A715+1 -> 43378 | B716: 14265.08 | C716: =ROUND(((B716-B715)/B715)*100,2) -> -2.67 | D716: 106.4268 | E716: =ROUND(((D716-D715)/D715)*100,2) -> -2.66 | F716: =E716-C716 -> 0.01 | G716: =+STDEV(F469:F716) -> 0.0064868439 | H716: =+G716*(SQRT(250)) -> 0.10256601 | I716: 10316.45 | J716: =+((I716-I715)/I715)*100 -> -2.6681133
A717: =A716+3 -> 43381 | B717: 14308.789 | C717: =ROUND(((B717-B716)/B716)*100,2) -> 0.31 | D717: 106.7456 | E717: =ROUND(((D717-D716)/D716)*100,2) -> 0.3 | F717: =E717-C717 -> -0.01 | G717: =+STDEV(F470:F717) -> 0.0065168481 | H717: =+G717*(SQRT(250)) -> 0.10304042 | I717: 10348.05 | J717: =+((I717-I716)/I716)*100 -> 0.30630692
A718: =A717+1 -> 43382 | B718: 14243.786 | C718: =ROUND(((B718-B717)/B717)*100,2) -> -0.45 | D718: 106.2577 | E718: =ROUND(((D718-D717)/D717)*100,2) -> -0.46 | F718: =E718-C718 -> -0.01 | G718: =+STDEV(F471:F718) -> 0.0065168481 | H718: =+G718*(SQRT(250)) -> 0.10304042 | I718: 10301.05 | J718: =+((I718-I717)/I717)*100 -> -0.45419185
A719: =A718+1 -> 43383 | B719: 14463.712 | C719: =ROUND(((B719-B718)/B718)*100,2) -> 1.54 | D719: 107.8932 | E719: =ROUND(((D719-D718)/D718)*100,2) -> 1.54 | F719: =E719-C719 -> 0 | G719: =+STDEV(F472:F719) -> 0.0065168481 | H719: =+G719*(SQRT(250)) -> 0.10304042 | I719: 10460.1 | J719: =+((I719-I718)/I718)*100 -> 1.5440174
A720: =A719+1 -> 43384 | B720: 14151.999 | C720: =ROUND(((B720-B719)/B719)*100,2) -> -2.16 | D720: 105.569 | E720: =ROUND(((D720-D719)/D719)*100,2) -> -2.15 | F720: =E720-C720 -> 0.01 | G720: =+STDEV(F473:F720) -> 0.0065489587 | H720: =+G720*(SQRT(250)) -> 0.10354813 | I720: 10234.65 | J720: =+((I720-I719)/I719)*100 -> -2.1553331
A721: =A720+1 -> 43385 | B721: 14480.859 | C721: =ROUND(((B721-B720)/B720)*100,2) -> 2.32 | D721: 108.0156 | E721: =ROUND(((D721-D720)/D720)*100,2) -> 2.32 | F721: =E721-C721 -> 0 | G721: =+STDEV(F474:F721) -> 0.0065188518 | H721: =+G721*(SQRT(250)) -> 0.1030721 | I721: 10472.5 | J721: =+((I721-I720)/I720)*100 -> 2.3239681
A722: =A721+3 -> 43388 | B722: 14536.169 | C722: =ROUND(((B722-B721)/B721)*100,2) -> 0.38 | D722: 108.4296 | E722: =ROUND(((D722-D721)/D721)*100,2) -> 0.38 | F722: =E722-C722 -> 0 | G722: =+STDEV(F475:F722) -> 0.0065188518 | H722: =+G722*(SQRT(250)) -> 0.1030721 | I722: 10512.5 | J722: =+((I722-I721)/I721)*100 -> 0.38195273
A723: =A722+1 -> 43389 | B723: 14636.1 | C723: =ROUND(((B723-B722)/B722)*100,2) -> 0.69 | D723: 109.175 | E723: =ROUND(((D723-D722)/D722)*100,2) -> 0.69 | F723: =E723-C723 -> 0 | G723: =+STDEV(F476:F723) -> 0.0065188518 | H723: =+G723*(SQRT(250)) -> 0.1030721 | I723: 10584.75 | J723: =+((I723-I722)/I722)*100 -> 0.68727705
A724: =A723+1 -> 43390 | B724: 14453.936 | C724: =ROUND(((B724-B723)/B723)*100,2) -> -1.24 | D724: 107.8202 | E724: =ROUND(((D724-D723)/D723)*100,2) -> -1.24 | F724: =E724-C724 -> 0 | G724: =+STDEV(F477:F724) -> 0.0064868439 | H724: =+G724*(SQRT(250)) -> 0.10256601 | I724: 10453.05 | J724: =+((I724-I723)/I723)*100 -> -1.2442429
A725: =A724+2 -> 43392 | B725: 14247.215 | C725: =ROUND(((B725-B724)/B724)*100,2) -> -1.43 | D725: 106.2823 | E725: =ROUND(((D725-D724)/D724)*100,2) -> -1.43 | F725: =E725-C725 -> 0 | G725: =+STDEV(F478:F725) -> 0.0064868439 | H725: =+G725*(SQRT(250)) -> 0.10256601 | I725: 10303.55 | J725: =+((I725-I724)/I724)*100 -> -1.4302046
A726: =A725+3 -> 43395 | B726: 14166.642 | C726: =ROUND(((B726-B725)/B725)*100,2) -> -0.57 | D726: 105.6787 | E726: =ROUND(((D726-D725)/D725)*100,2) -> -0.57 | F726: =E726-C726 -> 0 | G726: =+STDEV(F479:F726) -> 0.0064868439 | H726: =+G726*(SQRT(250)) -> 0.10256601 | I726: 10245.25 | J726: =+((I726-I725)/I725)*100 -> -0.5658244
A727: =A726+1 -> 43396 | B727: 14031.957 | C727: =ROUND(((B727-B726)/B726)*100,2) -> -0.95 | D727: 104.67 | E727: =ROUND(((D727-D726)/D726)*100,2) -> -0.95 | F727: =E727-C727 -> 0 | G727: =+STDEV(F480:F727) -> 0.0064868439 | H727: =+G727*(SQRT(250)) -> 0.10256601 | I727: 10146.8 | J727: =+((I727-I726)/I726)*100 -> -0.96093312
A728: =A727+1 -> 43397 | B728: 14139.754 | C728: =ROUND(((B728-B727)/B727)*100,2) -> 0.77 | D728: 105.4724 | E728: =ROUND(((D728-D727)/D727)*100,2) -> 0.77 | F728: =E728-C728 -> 0 | G728: =+STDEV(F481:F728) -> 0.0064868439 | H728: =+G728*(SQRT(250)) -> 0.10256601 | I728: 10224.75 | J728: =+((I728-I727)/I727)*100 -> 0.76822249
A729: =A728+1 -> 43398 | B729: 14014.333 | C729: =ROUND(((B729-B728)/B728)*100,2) -> -0.89 | D729: 104.5348 | E729: =ROUND(((D729-D728)/D728)*100,2) -> -0.89 | F729: =E729-C729 -> 0 | G729: =+STDEV(F482:F729) -> 0.0064868439 | H729: =+G729*(SQRT(250)) -> 0.10256601 | I729: 10124.9 | J729: =+((I729-I728)/I728)*100 -> -0.97655199
A730: =A729+1 -> 43399 | B730: 13882.95 | C730: =ROUND(((B730-B729)/B729)*100,2) -> -0.94 | D730: 103.5588 | E730: =ROUND(((D730-D729)/D729)*100,2) -> -0.93 | F730: =E730-C730 -> 0.01 | G730: =+STDEV(F483:F730) -> 0.0065188518 | H730: =+G730*(SQRT(250)) -> 0.1030721 | I730: 10030 | J730: =+((I730-I729)/I729)*100 -> -0.93729321
A731: =A730+3 -> 43402 | B731: 14189.113 | C731: =ROUND(((B731-B730)/B730)*100,2) -> 2.21 | D731: 105.8356 | E731: =ROUND(((D731-D730)/D730)*100,2) -> 2.2 | F731: =E731-C731 -> -0.01 | G731: =+STDEV(F484:F731) -> 0.0065489587 | H731: =+G731*(SQRT(250)) -> 0.10354813 | I731: 10250.85 | J731: =+((I731-I730)/I730)*100 -> 2.2018943
A732: =A731+1 -> 43403 | B732: 14116.913 | C732: =ROUND(((B732-B731)/B731)*100,2) -> -0.51 | D732: 105.3018 | E732: =ROUND(((D732-D731)/D731)*100,2) -> -0.5 | F732: =E732-C732 -> 0.01 | G732: =+STDEV(F485:F732) -> 0.0065806645 | H732: =+G732*(SQRT(250)) -> 0.10404944 | I732: 10198.4 | J732: =+((I732-I731)/I731)*100 -> -0.51166489
A733: =A732+1 -> 43404 | B733: 14377.382 | C733: =ROUND(((B733-B732)/B732)*100,2) -> 1.85 | D733: 107.2409 | E733: =ROUND(((D733-D732)/D732)*100,2) -> 1.84 | F733: =E733-C733 -> -0.01 | G733: =+STDEV(F486:F733) -> 0.0065786796 | H733: =+G733*(SQRT(250)) -> 0.10401806 | I733: 10386.6 | J733: =+((I733-I732)/I732)*100 -> 1.8453875
A734: =A733+1 -> 43405 | B734: 14371.1 | C734: =ROUND(((B734-B733)/B733)*100,2) -> -0.04 | D734: 107.1935 | E734: =ROUND(((D734-D733)/D733)*100,2) -> -0.04 | F734: =E734-C734 -> 0 | G734: =+STDEV(F487:F734) -> 0.0065786796 | H734: =+G734*(SQRT(250)) -> 0.10401806 | I734: 10380.45 | J734: =+((I734-I733)/I733)*100 -> -0.059210906
A735: =A734+1 -> 43406 | B735: 14609.957 | C735: =ROUND(((B735-B734)/B734)*100,2) -> 1.66 | D735: 108.9724 | E735: =ROUND(((D735-D734)/D734)*100,2) -> 1.66 | F735: =E735-C735 -> 0 | G735: =+STDEV(F488:F735) -> 0.0065786796 | H735: =+G735*(SQRT(250)) -> 0.10401806 | I735: 10553 | J735: =+((I735-I734)/I734)*100 -> 1.6622593
A736: =A735+3 -> 43409 | B736: 14570.982 | C736: =ROUND(((B736-B735)/B735)*100,2) -> -0.27 | D736: 108.6815 | E736: =ROUND(((D736-D735)/D735)*100,2) -> -0.27 | F736: =E736-C736 -> 0 | G736: =+STDEV(F489:F736) -> 0.0065489587 | H736: =+G736*(SQRT(250)) -> 0.10354813 | I736: 10524 | J736: =+((I736-I735)/I735)*100 -> -0.27480337
A737: =A736+1 -> 43410 | B737: 14579.276 | C737: =ROUND(((B737-B736)/B736)*100,2) -> 0.06 | D737: 108.744 | E737: =ROUND(((D737-D736)/D736)*100,2) -> 0.06 | F737: =E737-C737 -> 0 | G737: =+STDEV(F490:F737) -> 0.0065489587 | H737: =+G737*(SQRT(250)) -> 0.10354813 | I737: 10530 | J737: =+((I737-I736)/I736)*100 -> 0.057012543
A738: =A737+3 -> 43413 | B738: 14655.689 | C738: =ROUND(((B738-B737)/B737)*100,2) -> 0.52 | D738: 109.3097 | E738: =ROUND(((D738-D737)/D737)*100,2) -> 0.52 | F738: =E738-C738 -> 0 | G738: =+STDEV(F491:F738) -> 0.0065489587 | H738: =+G738*(SQRT(250)) -> 0.10354813 | I738: 10585.2 | J738: =+((I738-I737)/I737)*100 -> 0.52421652
A739: =A738+3 -> 43416 | B739: 14513.122 | C739: =ROUND(((B739-B738)/B738)*100,2) -> -0.97 | D739: 108.2519 | E739: =ROUND(((D739-D738)/D738)*100,2) -> -0.97 | F739: =E739-C739 -> 0 | G739: =+STDEV(F492:F739) -> 0.0065489587 | H739: =+G739*(SQRT(250)) -> 0.10354813 | I739: 10482.2 | J739: =+((I739-I738)/I738)*100 -> -0.97305672
A740: =A739+1 -> 43417 | B740: 14651.978 | C740: =ROUND(((B740-B739)/B739)*100,2) -> 0.96 | D740: 109.2846 | E740: =ROUND(((D740-D739)/D739)*100,2) -> 0.95 | F740: =E740-C740 -> -0.01 | G740: =+STDEV(F493:F740) -> 0.0065786796 | H740: =+G740*(SQRT(250)) -> 0.10401806 | I740: 10582.5 | J740: =+((I740-I739)/I739)*100 -> 0.9568602
A741: =A740+1 -> 43418 | B741: 14643.422 | C741: =ROUND(((B741-B740)/B740)*100,2) -> -0.06 | D741: 109.2227 | E741: =ROUND(((D741-D740)/D740)*100,2) -> -0.06 | F741: =E741-C741 -> 0 | G741: =+STDEV(F494:F741) -> 0.0065464655 | H741: =+G741*(SQRT(250)) -> 0.10350871 | I741: 10576.3 | J741: =+((I741-I740)/I740)*100 -> -0.05858729
A742: =A741+1 -> 43419 | B742: 14699.33 | C742: =ROUND(((B742-B741)/B741)*100,2) -> 0.38 | D742: 109.6352 | E742: =ROUND(((D742-D741)/D741)*100,2) -> 0.38 | F742: =E742-C742 -> 0 | G742: =+STDEV(F495:F742) -> 0.0065464655 | H742: =+G742*(SQRT(250)) -> 0.10350871 | I742: 10616.7 | J742: =+((I742-I741)/I741)*100 -> 0.38198614
A743: =A742+1 -> 43420 | B743: 14790.046 | C743: =ROUND(((B743-B742)/B742)*100,2) -> 0.62 | D743: 110.3128 | E743: =ROUND(((D743-D742)/D742)*100,2) -> 0.62 | F743: =E743-C743 -> 0 | G743: =+STDEV(F496:F743) -> 0.0065138414 | H743: =+G743*(SQRT(250)) -> 0.10299288 | I743: 10682.2 | J743: =+((I743-I742)/I742)*100 -> 0.61695254
A744: =A743+3 -> 43423 | B744: 14902.443 | C744: =ROUND(((B744-B743)/B743)*100,2) -> 0.76 | D744: 111.1515 | E744: =ROUND(((D744-D743)/D743)*100,2) -> 0.76 | F744: =E744-C744 -> 0 | G744: =+STDEV(F497:F744) -> 0.0065138414 | H744: =+G744*(SQRT(250)) -> 0.10299288 | I744: 10763.4 | J744: =+((I744-I743)/I743)*100 -> 0.76014304
A745: =A744+1 -> 43424 | B745: 14754.033 | C745: =ROUND(((B745-B744)/B744)*100,2) -> -1 | D745: 110.0429 | E745: =ROUND(((D745-D744)/D744)*100,2) -> -1 | F745: =E745-C745 -> 0 | G745: =+STDEV(F498:F745) -> 0.0064843268 | H745: =+G745*(SQRT(250)) -> 0.10252621 | I745: 10656.2 | J745: =+((I745-I744)/I744)*100 -> -0.99596782
A746: =A745+1 -> 43425 | B746: 14676.291 | C746: =ROUND(((B746-B745)/B745)*100,2) -> -0.53 | D746: 109.4629 | E746: =ROUND(((D746-D745)/D745)*100,2) -> -0.53 | F746: =E746-C746 -> 0 | G746: =+STDEV(F499:F746) -> 0.0064843268 | H746: =+G746*(SQRT(250)) -> 0.10252621 | I746: 10600.05 | J746: =+((I746-I745)/I745)*100 -> -0.52692329
A747: =A746+1 -> 43426 | B747: 14574.818 | C747: =ROUND(((B747-B746)/B746)*100,2) -> -0.69 | D747: 108.7067 | E747: =ROUND(((D747-D746)/D746)*100,2) -> -0.69 | F747: =E747-C747 -> 0 | G747: =+STDEV(F500:F747) -> 0.0064843268 | H747: =+G747*(SQRT(250)) -> 0.10252621 | I747: 10526.75 | J747: =+((I747-I746)/I746)*100 -> -0.69150617
...

Sheet LIC MF Nifty 100 ETF
A1: ETF - TRACKING ERROR
A2: Since November 20, 2015
A4: LICMF NIFTY 100 PLAN - GROWTH
C5: Rb | D5: LET100G | E5: Rp | F5: Rp-Rb | G5: TE | H5: Annualised
A6: Calculation | B6: TRI Benchmark | C6: Returns | D6: LICMF NIFTY 100 | E6: Returns | H6: TE | I6: NIFTY Levels | J6: Returns | L6: TE | Q6: Annualised TE
A7: date | B7: Nifty 100 Levels | C7: % | D7: NAV | E7: % | I7: NIFTY100 Levels | J7: % | L7: 6 Months | M7: 1 Year | N7: 3 Years | O7: 5 Years | Q7: 6 Months | R7: 1 Year | S7: 3 Years | T7: 5 Years
A8: 42446 | B8: 9290.9324 | D8: 75.7861 | F8: =E8-C8 -> 0 | H8: =+G8*(SQRT(250)) -> 0 | I8: 7601.75
A9: ='[1]175 since Nov 2015'!A88 -> 42447 | B9: 9395.422 | C9: =ROUND(((B9-B8)/B8)*100,2) -> 1.12 | D9: 76.6404 | E9: =ROUND(((D9-D8)/D8)*100,2) -> 1.13 | F9: =E9-C9 -> 0.01 | G9: =+STDEV($F$8:F9) -> 0.0070710678 | H9: =+G9*(SQRT(250)) -> 0.1118034 | I9: 7686.6 | J9: =+((I9-I8)/I8)*100 -> 1.1161904
A10: ='[1]175 since Nov 2015'!A89 -> 42450 | B10: 9522.0889 | C10: =ROUND(((B10-B9)/B9)*100,2) -> 1.35 | D10: 77.6919 | E10: =ROUND(((D10-D9)/D9)*100,2) -> 1.37 | F10: =E10-C10 -> 0.02 | G10: =+STDEV($F$9:F10) -> 0.0070710678 | H10: =+G10*(SQRT(250)) -> 0.1118034 | I10: 7789.25 | J10: =+((I10-I9)/I9)*100 -> 1.3354409
A11: ='[1]175 since Nov 2015'!A90 -> 42451 | B11: 9540.1546 | C11: =ROUND(((B11-B10)/B10)*100,2) -> 0.19 | D11: 77.8394 | E11: =ROUND(((D11-D10)/D10)*100,2) -> 0.19 | F11: =E11-C11 -> 0 | G11: =+STDEV($F$9:F11) -> 0.01 | H11: =+G11*(SQRT(250)) -> 0.15811388 | I11: 7803.1 | J11: =+((I11-I10)/I10)*100 -> 0.17780916
A12: ='[1]175 since Nov 2015'!A91 -> 42452 | B12: 9544.0669 | C12: =ROUND(((B12-B11)/B11)*100,2) -> 0.04 | D12: 77.8706 | E12: =ROUND(((D12-D11)/D11)*100,2) -> 0.04 | F12: =E12-C12 -> 0 | G12: =+STDEV($F$9:F12) -> 0.0095742711 | H12: =+G12*(SQRT(250)) -> 0.15138252 | I12: 7806.3 | J12: =+((I12-I11)/I11)*100 -> 0.041009342
A13: ='[1]175 since Nov 2015'!A92 -> 42457 | B13: 9416.4508 | C13: =ROUND(((B13-B12)/B12)*100,2) -> -1.34 | D13: 76.8351 | E13: =ROUND(((D13-D12)/D12)*100,2) -> -1.33 | F13: =E13-C13 -> 0.01 | G13: =+STDEV($F$9:F13) -> 0.0083666003 | H13: =+G13*(SQRT(250)) -> 0.13228757 | I13: 7701.9 | J13: =+((I13-I12)/I12)*100 -> -1.3373813
A14: ='[1]175 since Nov 2015'!A93 -> 42458 | B14: 9397.0724 | C14: =ROUND(((B14-B13)/B13)*100,2) -> -0.21 | D14: 76.6779 | E14: =ROUND(((D14-D13)/D13)*100,2) -> -0.2 | F14: =E14-C14 -> 0.01 | G14: =+STDEV($F$9:F14) -> 0.0075277265 | H14: =+G14*(SQRT(250)) -> 0.11902381 | I14: 7686.05 | J14: =+((I14-I13)/I13)*100 -> -0.20579338
A15: ='[1]175 since Nov 2015'!A94 -> 42459 | B15: 9565.7675 | C15: =ROUND(((B15-B14)/B14)*100,2) -> 1.8 | D15: 78.0499 | E15: =ROUND(((D15-D14)/D14)*100,2) -> 1.79 | F15: =E15-C15 -> -0.01 | G15: =+STDEV($F$9:F15) -> 0.0097590007 | H15: =+G15*(SQRT(250)) -> 0.15430335 | I15: 7822.9 | J15: =+((I15-I14)/I14)*100 -> 1.7804984
A16: ='[1]175 since Nov 2015'!A95 -> 42460 | B16: 9577.1273 | C16: =ROUND(((B16-B15)/B15)*100,2) -> 0.12 | D16: 78.1417 | E16: =ROUND(((D16-D15)/D15)*100,2) -> 0.12 | F16: =E16-C16 -> 0 | G16: =+STDEV($F$9:F16) -> 0.009258201 | H16: =+G16*(SQRT(250)) -> 0.14638501 | I16: 7832.15 | J16: =+((I16-I15)/I15)*100 -> 0.1182426
A17: ='[1]175 since Nov 2015'!A96 -> 42461 | B17: 9550.8739 | C17: =ROUND(((B17-B16)/B16)*100,2) -> -0.27 | D17: 77.9175 | E17: =ROUND(((D17-D16)/D16)*100,2) -> -0.29 | F17: =E17-C17 -> -0.02 | G17: =+STDEV($F$9:F17) -> 0.012018504 | H17: =+G17*(SQRT(250)) -> 0.19002924 | I17: 7810.7 | J17: =+((I17-I16)/I16)*100 -> -0.27387116
A18: ='[1]175 since Nov 2015'!A97 -> 42464 | B18: 9602.6959 | C18: =ROUND(((B18-B17)/B17)*100,2) -> 0.54 | D18: 78.3281 | E18: =ROUND(((D18-D17)/D17)*100,2) -> 0.53 | F18: =E18-C18 -> -0.01 | G18: =+STDEV($F$9:F18) -> 0.01197219 | H18: =+G18*(SQRT(250)) -> 0.18929694 | I18: 7853.1 | J18: =+((I18-I17)/I17)*100 -> 0.54284507 | K18: 21915.541
A19: ='[1]175 since Nov 2015'!A98 -> 42465 | B19: 9417.6016 | C19: =ROUND(((B19-B18)/B18)*100,2) -> -1.93 | D19: 76.8256 | E19: =ROUND(((D19-D18)/D18)*100,2) -> -1.92 | F19: =E19-C19 -> 0.01 | G19: =+STDEV($F$9:F19) -> 0.011677484 | H19: =+G19*(SQRT(250)) -> 0.18463724 | I19: 7701.7 | J19: =+((I19-I18)/I18)*100 -> -1.9279011
A20: ='[1]175 since Nov 2015'!A99 -> 42466 | B20: 9438.1863 | C20: =ROUND(((B20-B19)/B19)*100,2) -> 0.22 | D20: 76.99 | E20: =ROUND(((D20-D19)/D19)*100,2) -> 0.21 | F20: =E20-C20 -> -0.01 | G20: =+STDEV($F$9:F20) -> 0.011645002 | H20: =+G20*(SQRT(250)) -> 0.18412364 | I20: 7718.45 | J20: =+((I20-I19)/I19)*100 -> 0.21748445
A21: ='[1]175 since Nov 2015'!A100 -> 42467 | B21: 9360.6969 | C21: =ROUND(((B21-B20)/B20)*100,2) -> -0.82 | D21: 76.3562 | E21: =ROUND(((D21-D20)/D20)*100,2) -> -0.82 | F21: =E21-C21 -> 0 | G21: =+STDEV($F$9:F21) -> 0.011151636 | H21: =+G21*(SQRT(250)) -> 0.17632284 | I21: 7655.1 | J21: =+((I21-I20)/I20)*100 -> -0.82076064
A22: ='[1]175 since Nov 2015'!A101 -> 42468 | B22: 9377.0092 | C22: =ROUND(((B22-B21)/B21)*100,2) -> 0.17 | D22: 76.4834 | E22: =ROUND(((D22-D21)/D21)*100,2) -> 0.17 | F22: =E22-C22 -> 0 | G22: =+STDEV($F$9:F22) -> 0.010716117 | H22: =+G22*(SQRT(250)) -> 0.16943669 | I22: 7668.4 | J22: =+((I22-I21)/I21)*100 -> 0.17374038
A23: ='[1]175 since Nov 2015'!A102 -> 42471 | B23: 9511.7627 | C23: =ROUND(((B23-B22)/B22)*100,2) -> 1.44 | D23: 77.5809 | E23: =ROUND(((D23-D22)/D22)*100,2) -> 1.43 | F23: =E23-C23 -> -0.01 | G23: =+STDEV($F$9:F23) -> 0.01069045 | H23: =+G23*(SQRT(250)) -> 0.16903085 | I23: 7778.6 | J23: =+((I23-I22)/I22)*100 -> 1.4370664
A24: ='[1]175 since Nov 2015'!A103 -> 42472 | B24: 9561.6288 | C24: =ROUND(((B24-B23)/B23)*100,2) -> 0.52 | D24: 77.9859 | E24: =ROUND(((D24-D23)/D23)*100,2) -> 0.52 | F24: =E24-C24 -> 0 | G24: =+STDEV($F$9:F24) -> 0.010327956 | H24: =+G24*(SQRT(250)) -> 0.16329932 | I24: 7819.4 | J24: =+((I24-I23)/I23)*100 -> 0.52451598
A25: ='[1]175 since Nov 2015'!A104 -> 42473 | B25: 9726.9845 | C25: =ROUND(((B25-B24)/B24)*100,2) -> 1.73 | D25: 79.3342 | E25: =ROUND(((D25-D24)/D24)*100,2) -> 1.73 | F25: =E25-C25 -> 0 | G25: =+STDEV($F$9:F25) -> 0.01 | H25: =+G25*(SQRT(250)) -> 0.15811388 | I25: 7954.6 | J25: =+((I25-I24)/I24)*100 -> 1.7290329
A26: ='[1]175 since Nov 2015'!A105 -> 42478 | B26: 9809.7935 | C26: =ROUND(((B26-B25)/B25)*100,2) -> 0.85 | D26: 80.0052 | E26: =ROUND(((D26-D25)/D25)*100,2) -> 0.85 | F26: =E26-C26 -> 0 | G26: =+STDEV($F$9:F26) -> 0.009701425 | H26: =+G26*(SQRT(250)) -> 0.153393 | I26: 8022.3 | J26: =+((I26-I25)/I25)*100 -> 0.85107988
A27: ='[1]175 since Nov 2015'!A106 -> 42480 | B27: 9811.8356 | C27: =ROUND(((B27-B26)/B26)*100,2) -> 0.02 | D27: 80.0216 | E27: =ROUND(((D27-D26)/D26)*100,2) -> 0.02 | F27: =E27-C27 -> 0 | G27: =+STDEV($F$9:F27) -> 0.0094280904 | H27: =+G27*(SQRT(250)) -> 0.1490712 | I27: 8023.95 | J27: =+((I27-I26)/I26)*100 -> 0.020567668
A28: ='[1]175 since Nov 2015'!A107 -> 42481 | B28: 9808.4973 | C28: =ROUND(((B28-B27)/B27)*100,2) -> -0.03 | D28: 79.9956 | E28: =ROUND(((D28-D27)/D27)*100,2) -> -0.03 | F28: =E28-C28 -> 0 | G28: =+STDEV($F$9:F28) -> 0.0091766294 | H28: =+G28*(SQRT(250)) -> 0.14509525 | I28: 8021.25 | J28: =+((I28-I27)/I27)*100 -> -0.033649263
A29: ='[1]175 since Nov 2015'!A108 -> 42482 | B29: 9797.3575 | C29: =ROUND(((B29-B28)/B28)*100,2) -> -0.11 | D29: 79.9026 | E29: =ROUND(((D29-D28)/D28)*100,2) -> -0.12 | F29: =E29-C29 -> -0.01 | G29: =+STDEV($F$9:F29) -> 0.0092066229 | H29: =+G29*(SQRT(250)) -> 0.14556949 | I29: 8012.15 | J29: =+((I29-I28)/I28)*100 -> -0.11344865
A30: ='[1]175 since Nov 2015'!A109 -> 42485 | B30: 9741.4137 | C30: =ROUND(((B30-B29)/B29)*100,2) -> -0.57 | D30: 79.4479 | E30: =ROUND(((D30-D29)/D29)*100,2) -> -0.57 | F30: =E30-C30 -> 0 | G30: =+STDEV($F$9:F30) -> 0.0089853175 | H30: =+G30*(SQRT(250)) -> 0.14207034 | I30: 7966.4 | J30: =+((I30-I29)/I29)*100 -> -0.57100778
... A263: ='[1]175 since Nov 2015'!A342 -> 42825 | B263: 11741.066 | C263: =ROUND(((B263-B262)/B262)*100,2) -> 0.08 | D263: 95.5162 | E263: =ROUND(((D263-D262)/D262)*100,2) -> 0.08 | F263: =E263-C263 -> 0 | G263: =+STDEV($F$9:F263) -> 0.0057847232 | H263: =+G263*(SQRT(250)) -> 0.091464505 | I263: 9467.1 | J263: =+((I263-I262)/I262)*100 -> 0.067648271
A264: ='[1]175 since Nov 2015'!A343 -> 42828 | B264: 11817.325 | C264: =ROUND(((B264-B263)/B263)*100,2) -> 0.65 | D264: 96.1366 | E264: =ROUND(((D264-D263)/D263)*100,2) -> 0.65 | F264: =E264-C264 -> 0 | G264: =+STDEV(F16:F264) -> 0.0055501226 | H264: =+G264*(SQRT(250)) -> 0.087755143 | I264: 9528.6 | J264: =+((I264-I263)/I263)*100 -> 0.64961815
A265: ='[1]175 since Nov 2015'!A344 -> 42830 | B265: 11866.139 | C265: =ROUND(((B265-B264)/B264)*100,2) -> 0.41 | D265: 96.5326 | E265: =ROUND(((D265-D264)/D264)*100,2) -> 0.41 | F265: =E265-C265 -> 0 | G265: =+STDEV(F17:F265) -> 0.0055501226 | H265: =+G265*(SQRT(250)) -> 0.087755143 | I265: 9567.95 | J265: =+((I265-I264)/I264)*100 -> 0.41296728
A266: ='[1]175 since Nov 2015'!A345 -> 42831 | B266: 11868.893 | C266: =ROUND(((B266-B265)/B265)*100,2) -> 0.02 | D266: 96.5535 | E266: =ROUND(((D266-D265)/D265)*100,2) -> 0.02 | F266: =E266-C266 -> 0 | G266: =+STDEV(F18:F266) -> 0.0054142433 | H266: =+G266*(SQRT(250)) -> 0.085606703 | I266: 9570.15 | J266: =+((I266-I265)/I265)*100 -> 0.022993431
A267: ='[1]175 since Nov 2015'!A346 -> 42832 | B267: 11799.789 | C267: =ROUND(((B267-B266)/B266)*100,2) -> -0.58 | D267: 95.9887 | E267: =ROUND(((D267-D266)/D266)*100,2) -> -0.58 | F267: =E267-C267 -> 0 | G267: =+STDEV(F19:F267) -> 0.0053821448 | H267: =+G267*(SQRT(250)) -> 0.085099182 | I267: 9514.45 | J267: =+((I267-I266)/I266)*100 -> -0.58201805
A268: ='[1]175 since Nov 2015'!A347 -> 42835 | B268: 11795.154 | C268: =ROUND(((B268-B267)/B267)*100,2) -> -0.04 | D268: 95.9458 | E268: =ROUND(((D268-D267)/D267)*100,2) -> -0.04 | F268: =E268-C268 -> 0 | G268: =+STDEV(F20:F268) -> 0.0053392489 | H268: =+G268*(SQRT(250)) -> 0.084420937 | I268: 9510.6 | J268: =+((I268-I267)/I267)*100 -> -0.040464767
A269: ='[1]175 since Nov 2015'!A348 -> 42836 | B269: 11870.982 | C269: =ROUND(((B269-B268)/B268)*100,2) -> 0.64 | D269: 96.555 | E269: =ROUND(((D269-D268)/D268)*100,2) -> 0.63 | F269: =E269-C269 -> -0.01 | G269: =+STDEV(F21:F269) -> 0.0053392489 | H269: =+G269*(SQRT(250)) -> 0.084420937 | I269: 9567.25 | J269: =+((I269-I268)/I268)*100 -> 0.59565117
A270: ='[1]175 since Nov 2015'!A349 -> 42837 | B270: 11838.039 | C270: =ROUND(((B270-B269)/B269)*100,2) -> -0.28 | D270: 96.2871 | E270: =ROUND(((D270-D269)/D269)*100,2) -> -0.28 | F270: =E270-C270 -> 0 | G270: =+STDEV(F22:F270) -> 0.0053392489 | H270: =+G270*(SQRT(250)) -> 0.084420937 | I270: 9540.7 | J270: =+((I270-I269)/I269)*100 -> -0.27750921
A271: ='[1]175 since Nov 2015'!A350 -> 42838 | B271: 11778.183 | C271: =ROUND(((B271-B270)/B270)*100,2) -> -0.51 | D271: 95.7918 | E271: =ROUND(((D271-D270)/D270)*100,2) -> -0.51 | F271: =E271-C271 -> 0 | G271: =+STDEV(F23:F271) -> 0.0053392489 | H271: =+G271*(SQRT(250)) -> 0.084420937 | I271: 9492.45 | J271: =+((I271-I270)/I270)*100 -> -0.50572809
A272: ='[1]175 since Nov 2015'!A351 -> 42842 | B272: 11761.383 | C272: =ROUND(((B272-B271)/B271)*100,2) -> -0.14 | D272: 95.6488 | E272: =ROUND(((D272-D271)/D271)*100,2) -> -0.15 | F272: =E272-C272 -> -0.01 | G272: =+STDEV(F24:F272) -> 0.0053392489 | H272: =+G272*(SQRT(250)) -> 0.084420937 | I272: 9478.9 | J272: =+((I272-I271)/I271)*100 -> -0.14274502
A273: ='[1]175 since Nov 2015'!A352 -> 42843 | B273: 11704.157 | C273: =ROUND(((B273-B272)/B272)*100,2) -> -0.49 | D273: 95.1855 | E273: =ROUND(((D273-D272)/D272)*100,2) -> -0.48 | F273: =E273-C273 -> 0.01 | G273: =+STDEV(F25:F273) -> 0.0053821448 | H273: =+G273*(SQRT(250)) -> 0.085099182 | I273: 9432.8 | J273: =+((I273-I272)/I272)*100 -> -0.48634335
A274: ='[1]175 since Nov 2015'!A353 -> 42844 | B274: 11715.044 | C274: =ROUND(((B274-B273)/B273)*100,2) -> 0.09 | D274: 95.2737 | E274: =ROUND(((D274-D273)/D273)*100,2) -> 0.09 | F274: =E274-C274 -> 0 | G274: =+STDEV(F26:F274) -> 0.0053821448 | H274: =+G274*(SQRT(250)) -> 0.085099182 | I274: 9440.7 | J274: =+((I274-I273)/I273)*100 -> 0.083750318
A275: ='[1]175 since Nov 2015'!A354 -> 42845 | B275: 11757.383 | C275: =ROUND(((B275-B274)/B274)*100,2) -> 0.36 | D275: 95.6181 | E275: =ROUND(((D275-D274)/D274)*100,2) -> 0.36 | F275: =E275-C275 -> 0 | G275: =+STDEV(F27:F275) -> 0.0053821448 | H275: =+G275*(SQRT(250)) -> 0.085099182 | I275: 9474.8 | J275: =+((I275-I274)/I274)*100 -> 0.36120203
... A469: ='[1]175 since Nov 2015'!A548 -> 43130 | B469: 14315.195 | C469: =ROUND(((B469-B468)/B468)*100,2) -> -0.7 | D469: 116.2422 | E469: =ROUND(((D469-D468)/D468)*100,2) -> -0.69 | F469: =E469-C469 -> 0.01 | G469: =+STDEV(F221:F469) -> 0.0048949318 | H469: =+G469*(SQRT(250)) -> 0.077395668 | I469: 11424.6 | J469: =+((I469-I468)/I468)*100 -> -0.70271045
A470: ='[1]175 since Nov 2015'!A549 -> 43131 | B470: 14278.361 | C470: =ROUND(((B470-B469)/B469)*100,2) -> -0.26 | D470: 115.9214 | E470: =ROUND(((D470-D469)/D469)*100,2) -> -0.28 | F470: =E470-C470 -> -0.02 | G470: =+STDEV(F222:F470) -> 0.0050129383 | H470: =+G470*(SQRT(250)) -> 0.079261514 | I470: 11393.55 | J470: =+((I470-I469)/I469)*100 -> -0.27178194 | K470: =D470/D345-1 -> 0.096181378
A471: ='[1]175 since Nov 2015'!A550 -> 43132 | B471: 14269.152 | C471: =ROUND(((B471-B470)/B470)*100,2) -> -0.06 | D471: 115.8395 | E471: =ROUND(((D471-D470)/D470)*100,2) -> -0.07 | F471: =E471-C471 -> -0.01 | G471: =+STDEV(F223:F471) -> 0.0050486684 | H471: =+G471*(SQRT(250)) -> 0.079826457 | I471: 11385.15 | J471: =+((I471-I470)/I470)*100 -> -0.073725924
A472: ='[1]175 since Nov 2015'!A551 -> 43133 | B472: 13924.076 | C472: =ROUND(((B472-B471)/B471)*100,2) -> -2.42 | D472: 113.0543 | E472: =ROUND(((D472-D471)/D471)*100,2) -> -2.4 | F472: =E472-C472 -> 0.02 | G472: =+STDEV(F224:F472) -> 0.0052140353 | H472: =+G472*(SQRT(250)) -> 0.082441137 | I472: 11111.2 | J472: =+((I472-I471)/I471)*100 -> -2.4062046
A473: ='[1]175 since Nov 2015'!A552 -> 43136 | B473: 13814.563 | C473: =ROUND(((B473-B472)/B472)*100,2) -> -0.79 | D473: 112.1653 | E473: =ROUND(((D473-D472)/D472)*100,2) -> -0.79 | F473: =E473-C473 -> 0 | G473: =+STDEV(F225:F473) -> 0.0052140353 | H473: =+G473*(SQRT(250)) -> 0.082441137 | I473: 11023.85 | J473: =+((I473-I472)/I472)*100 -> -0.78614371
A474: ='[1]175 since Nov 2015'!A553 -> 43137 | B474: 13599.142 | C474: =ROUND(((B474-B473)/B473)*100,2) -> -1.56 | D474: 110.4184 | E474: =ROUND(((D474-D473)/D473)*100,2) -> -1.56 | F474: =E474-C474 -> 0 | G474: =+STDEV(F226:F474) -> 0.0052140353 | H474: =+G474*(SQRT(250)) -> 0.082441137 | I474: 10851.65 | J474: =+((I474-I473)/I473)*100 -> -1.5620677
A475: ='[1]175 since Nov 2015'!A554 -> 43138 | B475: 13592.844 | C475: =ROUND(((B475-B474)/B474)*100,2) -> -0.05 | D475: 110.3604 | E475: =ROUND(((D475-D474)/D474)*100,2) -> -0.05 | F475: =E475-C475 -> 0 | G475: =+STDEV(F227:F475) -> 0.0052140353 | H475: =+G475*(SQRT(250)) -> 0.082441137 | I475: 10844.7 | J475: =+((I475-I474)/I474)*100 -> -0.06404556
A476: ='[1]175 since Nov 2015'!A555 -> 43139 | B476: 13743.478 | C476: =ROUND(((B476-B475)/B475)*100,2) -> 1.11 | D476: 111.5844 | E476: =ROUND(((D476-D475)/D475)*100,2) -> 1.11 | F476: =E476-C476 -> 0 | G476: =+STDEV(F228:F476) -> 0.0052140353 | H476: =+G476*(SQRT(250)) -> 0.082441137 | I476: 10958.95 | J476: =+((I476-I475)/I475)*100 -> 1.05351
A477: ='[1]175 since Nov 2015'!A556 -> 43140 | B477: 13601.919 | C477: =ROUND(((B477-B476)/B476)*100,2) -> -1.03 | D477: 110.4395 | E477: =ROUND(((D477-D476)/D476)*100,2) -> -1.03 | F477: =E477-C477 -> 0 | G477: =+STDEV(F229:F477) -> 0.0052140353 | H477: =+G477*(SQRT(250)) -> 0.082441137 | I477: 10846.1 | J477: =+((I477-I476)/I476)*100 -> -1.0297519
A478: ='[1]175 since Nov 2015'!A557 -> 43143 | B478: 13726.161 | C478: =ROUND(((B478-B477)/B477)*100,2) -> 0.91 | D478: 111.4529 | E478: =ROUND(((D478-D477)/D477)*100,2) -> 0.92 | F478: =E478-C478 -> 0.01 | G478: =+STDEV(F230:F478) -> 0.0052561046 | H478: =+G478*(SQRT(250)) -> 0.083106311 | I478: 10945.15 | J478: =+((I478-I477)/I477)*100 -> 0.91323148
A479: ='[1]175 since Nov 2015'!A558 -> 43145 | B479: 13679.735 | C479: =ROUND(((B479-B478)/B478)*100,2) -> -0.34 | D479: 111.0721 | E479: =ROUND(((D479-D478)/D478)*100,2) -> -0.34 | F479: =E479-C479 -> 0 | G479: =+STDEV(F231:F479) -> 0.0052561046 | H479: =+G479*(SQRT(250)) -> 0.083106311 | I479: 10908.15 | J479: =+((I479-I478)/I478)*100 -> -0.33804927
A480: ='[1]175 since Nov 2015'!A559 -> 43146 | B480: 13714.085 | C480: =ROUND(((B480-B479)/B479)*100,2) -> 0.25 | D480: 111.3433 | E480: =ROUND(((D480-D479)/D479)*100,2) -> 0.24 | F480: =E480-C480 -> -0.01 | G480: =+STDEV(F232:F480) -> 0.0052561046 | H480: =+G480*(SQRT(250)) -> 0.083106311 | I480: 10932.05 | J480: =+((I480-I479)/I479)*100 -> 0.21910223
A481: ='[1]175 since Nov 2015'!A560 -> 43147 | B481: 13588.209 | C481: =ROUND(((B481-B480)/B480)*100,2) -> -0.92 | D481: 110.3184 | E481: =ROUND(((D481-D480)/D480)*100,2) -> -0.92 | F481: =E481-C481 -> 0 | G481: =+STDEV(F233:F481) -> 0.0052561046 | H481: =+G481*(SQRT(250)) -> 0.083106311 | I481: 10831.35 | J481: =+((I481-I480)/I480)*100 -> -0.92114471
A482: ='[1]175 since Nov 2015'!A561 -> 43150 | B482: 13484.071 | C482: =ROUND(((B482-B481)/B481)*100,2) -> -0.77 | D482: 109.4659 | E482: =ROUND(((D482-D481)/D481)*100,2) -> -0.77 | F482: =E482-C482 -> 0 | G482: =+STDEV(F234:F482) -> 0.0052561046 | H482: =+G482*(SQRT(250)) -> 0.083106311 | I482: 10748.35 | J482: =+((I482-I481)/I481)*100 -> -0.76629414
... A507: ='[1]175 since Nov 2015'!A586 -> 43186 | B507: 13274.352 | C507: =ROUND(((B507-B506)/B506)*100,2) -> 0.57 | D507: 107.756 | E507: =ROUND(((D507-D506)/D506)*100,2) -> 0.57 | F507: =E507-C507 -> 0 | G507: =+STDEV(F259:F507) -> 0.0053468259 | H507: =+G507*(SQRT(250)) -> 0.084540741 | I507: 10556.6 | J507: =+((I507-I506)/I506)*100 -> 0.56251221
A508: ='[1]175 since Nov 2015'!A587 -> 43187 | B508: 13175.994 | C508: =ROUND(((B508-B507)/B507)*100,2) -> -0.74 | D508: 106.9574 | E508: =ROUND(((D508-D507)/D507)*100,2) -> -0.74 | F508: =E508-C508 -> 0 | G508: =+STDEV(F260:F508) -> 0.0053468259 | H508: =+G508*(SQRT(250)) -> 0.084540741 | I508: 10478.4 | J508: =+((I508-I507)/I507)*100 -> -0.74076881 | K508: =D508/D386-1 -> 0.040893228
A509: ='[1]175 since Nov 2015'!A588 -> 43192 | B509: 13323.87 | C509: =ROUND(((B509-B508)/B508)*100,2) -> 1.12 | D509: 108.1264 | E509: =ROUND(((D509-D508)/D508)*100,2) -> 1.09 | F509: =E509-C509 -> -0.03 | G509: =+STDEV(F261:F509) -> 0.0056704871 | H509: =+G509*(SQRT(250)) -> 0.089658274 | I509: 10596 | J509: =+((I509-I508)/I508)*100 -> 1.1223087
A510: ='[1]175 since Nov 2015'!A589 -> 43193 | B510: 13384.194 | C510: =ROUND(((B510-B509)/B509)*100,2) -> 0.45 | D510: 108.6187 | E510: =ROUND(((D510-D509)/D509)*100,2) -> 0.46 | F510: =E510-C510 -> 0.01 | G510: =+STDEV(F262:F510) -> 0.0056704871 | H510: =+G510*(SQRT(250)) -> 0.089658274 | I510: 10643.9 | J510: =+((I510-I509)/I509)*100 -> 0.45205738
A511: ='[1]175 since Nov 2015'!A590 -> 43194 | B511: 13232.923 | C511: =ROUND(((B511-B510)/B510)*100,2) -> -1.13 | D511: 107.3933 | E511: =ROUND(((D511-D510)/D510)*100,2) -> -1.13 | F511: =E511-C511 -> 0 | G511: =+STDEV(F263:F511) -> 0.0056704871 | H511: =+G511*(SQRT(250)) -> 0.089658274 | I511: 10523.6 | J511: =+((I511-I510)/I510)*100 -> -1.1302248
A512: ='[1]175 since Nov 2015'!A591 -> 43195 | B512: 13488.123 | C512: =ROUND(((B512-B511)/B511)*100,2) -> 1.93 | D512: 109.4595 | E512: =ROUND(((D512-D511)/D511)*100,2) -> 1.92 | F512: =E512-C512 -> -0.01 | G512: =+STDEV(F264:F512) -> 0.0057035183 | H512: =+G512*(SQRT(250)) -> 0.090180542 | I512: 10726.25 | J512: =+((I512-I511)/I511)*100 -> 1.9256718
A513: ='[1]175 since Nov 2015'!A592 -> 43196 | B513: 13518.428 | C513: =ROUND(((B513-B512)/B512)*100,2) -> 0.22 | D513: 109.7014 | E513: =ROUND(((D513-D512)/D512)*100,2) -> 0.22 | F513: =E513-C513 -> 0 | G513: =+STDEV(F265:F513) -> 0.0057035183 | H513: =+G513*(SQRT(250)) -> 0.090180542 | I513: 10750.35 | J513: =+((I513-I512)/I512)*100 -> 0.22468244
A514: ='[1]175 since Nov 2015'!A593 -> 43199 | B514: 13571.608 | C514: =ROUND(((B514-B513)/B513)*100,2) -> 0.39 | D514: 110.1331 | E514: =ROUND(((D514-D513)/D513)*100,2) -> 0.39 | F514: =E514-C514 -> 0 | G514: =+STDEV(F266:F514) -> 0.0057035183 | H514: =+G514*(SQRT(250)) -> 0.090180542 | I514: 10792.6 | J514: =+((I514-I513)/I513)*100 -> 0.39301046
A515: ='[1]175 since Nov 2015'!A594 -> 43200 | B515: 13594.029 | C515: =ROUND(((B515-B514)/B514)*100,2) -> 0.17 | D515: 110.3136 | E515: =ROUND(((D515-D514)/D514)*100,2) -> 0.16 | F515: =E515-C515 -> -0.01 | G515: =+STDEV(F267:F515) -> 0.0057360769 | H515: =+G515*(SQRT(250)) -> 0.090695339 | I515: 10810.45 | J515: =+((I515-I514)/I514)*100 -> 0.1653911
A516: ='[1]175 since Nov 2015'!A595 -> 43201 | B516: 13613.746 | C516: =ROUND(((B516-B515)/B515)*100,2) -> 0.15 | D516: 110.4743 | E516: =ROUND(((D516-D515)/D515)*100,2) -> 0.15 | F516: =E516-C516 -> 0 | G516: =+STDEV(F268:F516) -> 0.0057360769 | H516: =+G516*(SQRT(250)) -> 0.090695339 | I516: 10826.15 | J516: =+((I516-I515)/I515)*100 -> 0.14522985
A517: ='[1]175 since Nov 2015'!A596 -> 43202 | B517: 13656.803 | C517: =ROUND(((B517-B516)/B516)*100,2) -> 0.32 | D517: 110.8208 | E517: =ROUND(((D517-D516)/D516)*100,2) -> 0.31 | F517: =E517-C517 -> -0.01 | G517: =+STDEV(F269:F517) -> 0.005768171 | H517: =+G517*(SQRT(250)) -> 0.091202792 | I517: 10860.35 | J517: =+((I517-I516)/I516)*100 -> 0.31590177
A518: ='[1]175 since Nov 2015'!A597 -> 43203 | B518: 13680.645 | C518: =ROUND(((B518-B517)/B517)*100,2) -> 0.17 | D518: 111.015 | E518: =ROUND(((D518-D517)/D517)*100,2) -> 0.18 | F518: =E518-C518 -> 0.01 | G518: =+STDEV(F270:F518) -> 0.0057737832 | H518: =+G518*(SQRT(250)) -> 0.091291528 | I518: 10879.35 | J518: =+((I518-I517)/I517)*100 -> 0.17494832
A519: ='[1]175 since Nov 2015'!A598 -> 43206 | B519: 13743.016 | C519: =ROUND(((B519-B518)/B518)*100,2) -> 0.46 | D519: 111.5165 | E519: =ROUND(((D519-D518)/D518)*100,2) -> 0.45 | F519: =E519-C519 -> -0.01 | G519: =+STDEV(F271:F519) -> 0.0058059478 | H519: =+G519*(SQRT(250)) -> 0.091800095 | I519: 10928.95 | J519: =+((I519-I518)/I518)*100 -> 0.45590959
A520: ='[1]175 since Nov 2015'!A599 -> 43207 | B520: 13769.562 | C520: =ROUND(((B520-B519)/B519)*100,2) -> 0.19 | D520: 111.7308 | E520: =ROUND(((D520-D519)/D519)*100,2) -> 0.19 | F520: =E520-C520 -> 0 | G520: =+STDEV(F272:F520) -> 0.0058059478 | H520: =+G520*(SQRT(250)) -> 0.091800095 | I520: 10950.05 | J520: =+((I520-I519)/I519)*100 -> 0.19306521
... A1407: ='[1]175 since Nov 2015'!A1486 -> 44523 | B1407: 23421.68 | C1407: =ROUND(((B1407-B1406)/B1406)*100,2) -> 0.65 | D1407: 187.7574 | E1407: =ROUND(((D1407-D1406)/D1406)*100,2) -> 0.65 | F1407: =E1407-C1407 -> 0 | G1407: =+STDEV(F1159:F1407) -> 0.0061354808 | H1407: =+G1407*(SQRT(250)) -> 0.09701047 | I1407: 17823.5 | J1407: =+((I1407-I1406)/I1406)*100 -> 0.64912147
A1408: ='[1]175 since Nov 2015'!A1487 -> 44524 | B1408: 23302.75 | C1408: =ROUND(((B1408-B1407)/B1407)*100,2) -> -0.51 | D1408: 186.8046 | E1408: =ROUND(((D1408-D1407)/D1407)*100,2) -> -0.51 | F1408: =E1408-C1408 -> 0 | G1408: =+STDEV(F1160:F1408) -> 0.0061114154 | H1408: =+G1408*(SQRT(250)) -> 0.096629961 | J1408: =+((I1408-I1407)/I1407)*100 -> -100
A1409: ='[1]175 since Nov 2015'!A1488 -> 44525 | B1409: 23471.8 | C1409: =ROUND(((B1409-B1408)/B1408)*100,2) -> 0.73 | D1409: 188.1533 | E1409: =ROUND(((D1409-D1408)/D1408)*100,2) -> 0.72 | F1409: =E1409-C1409 -> -0.01 | G1409: =+STDEV(F1161:F1409) -> 0.0061354808 | H1409: =+G1409*(SQRT(250)) -> 0.09701047 | J1409: =+((I1409-I1408)/I1408)*100 -> #DIV/0!
A1410: ='[1]175 since Nov 2015'!A1489 -> 44526 | B1410: 22786.95 | C1410: =ROUND(((B1410-B1409)/B1409)*100,2) -> -2.92 | D1410: 182.6651 | E1410: =ROUND(((D1410-D1409)/D1409)*100,2) -> -2.92 | F1410: =E1410-C1410 -> 0 | G1410: =+STDEV(F1162:F1410) -> 0.0061114154 | H1410: =+G1410*(SQRT(250)) -> 0.096629961 | J1410: =+((I1410-I1409)/I1409)*100 -> #DIV/0!
A1411: ='[1]175 since Nov 2015'!A1490 -> 44529 | B1411: 22785.19 | C1411: =ROUND(((B1411-B1410)/B1410)*100,2) -> -0.01 | D1411: 182.6507 | E1411: =ROUND(((D1411-D1410)/D1410)*100,2) -> -0.01 | F1411: =E1411-C1411 -> 0 | G1411: =+STDEV(F1163:F1411) -> 0.0061114154 | H1411: =+G1411*(SQRT(250)) -> 0.096629961 | J1411: =+((I1411-I1410)/I1410)*100 -> #DIV/0!
A1412: ='[1]175 since Nov 2015'!A1491 -> 44530 | B1412: 22694.67 | C1412: =ROUND(((B1412-B1411)/B1411)*100,2) -> -0.4 | D1412: 181.9257 | E1412: =ROUND(((D1412-D1411)/D1411)*100,2) -> -0.4 | F1412: =E1412-C1412 -> 0 | G1412: =+STDEV(F1164:F1412) -> 0.0061114154 | H1412: =+G1412*(SQRT(250)) -> 0.096629961 | J1412: =+((I1412-I1411)/I1411)*100 -> #DIV/0!
A1413: ='[1]175 since Nov 2015'!A1492 -> 44531 | B1413: 22923.55 | C1413: =ROUND(((B1413-B1412)/B1412)*100,2) -> 1.01 | D1413: 183.7562 | E1413: =ROUND(((D1413-D1412)/D1412)*100,2) -> 1.01 | F1413: =E1413-C1413 -> 0 | G1413: =+STDEV(F1165:F1413) -> 0.0061114154 | H1413: =+G1413*(SQRT(250)) -> 0.096629961 | J1413: =+((I1413-I1412)/I1412)*100 -> #DIV/0!
A1414: ='[1]175 since Nov 2015'!A1493 -> 44532 | B1414: 23226.5 | C1414: =ROUND(((B1414-B1413)/B1413)*100,2) -> 1.32 | D1414: 186.1829 | E1414: =ROUND(((D1414-D1413)/D1413)*100,2) -> 1.32 | F1414: =E1414-C1414 -> 0 | G1414: =+STDEV(F1166:F1414) -> 0.0061114154 | H1414: =+G1414*(SQRT(250)) -> 0.096629961 | J1414: =+((I1414-I1413)/I1413)*100 -> #DIV/0!
A1415: ='[1]175 since Nov 2015'!A1494 -> 44533 | B1415: 22988.3 | C1415: =ROUND(((B1415-B1414)/B1414)*100,2) -> -1.03 | D1415: 184.2688 | E1415: =ROUND(((D1415-D1414)/D1414)*100,2) -> -1.03 | F1415: =E1415-C1415 -> 0 | G1415: =+STDEV(F1167:F1415) -> 0.0061114154 | H1415: =+G1415*(SQRT(250)) -> 0.096629961 | J1415: =+((I1415-I1414)/I1414)*100 -> #DIV/0!
A1416: ='[1]175 since Nov 2015'!A1495 -> 44536 | B1416: 22599.03 | C1416: =ROUND(((B1416-B1415)/B1415)*100,2) -> -1.69 | D1416: 181.1477 | E1416: =ROUND(((D1416-D1415)/D1415)*100,2) -> -1.69 | F1416: =E1416-C1416 -> 0 | G1416: =+STDEV(F1168:F1416) -> 0.0061114154 | H1416: =+G1416*(SQRT(250)) -> 0.096629961 | J1416: =+((I1416-I1415)/I1415)*100 -> #DIV/0!
A1417: ='[1]175 since Nov 2015'!A1496 -> 44537 | B1417: 22950.48 | C1417: =ROUND(((B1417-B1416)/B1416)*100,2) -> 1.56 | D1417: 183.9613 | E1417: =ROUND(((D1417-D1416)/D1416)*100,2) -> 1.55 | F1417: =E1417-C1417 -> -0.01 | G1417: =+STDEV(F1169:F1417) -> 0.0061114154 | H1417: =+G1417*(SQRT(250)) -> 0.096629961 | J1417: =+((I1417-I1416)/I1416)*100 -> #DIV/0!
A1418: ='[1]175 since Nov 2015'!A1497 -> 44538 | B1418: 23327.55 | C1418: =ROUND(((B1418-B1417)/B1417)*100,2) -> 1.64 | D1418: 186.9811 | E1418: =ROUND(((D1418-D1417)/D1417)*100,2) -> 1.64 | F1418: =E1418-C1418 -> 0 | G1418: =+STDEV(F1170:F1418) -> 0.0061114154 | H1418: =+G1418*(SQRT(250)) -> 0.096629961 | J1418: =+((I1418-I1417)/I1417)*100 -> #DIV/0!
A1419: ='[1]175 since Nov 2015'!A1498 -> 44539 | B1419: 23387.92 | C1419: =ROUND(((B1419-B1418)/B1418)*100,2) -> 0.26 | D1419: 187.463 | E1419: =ROUND(((D1419-D1418)/D1418)*100,2) -> 0.26 | F1419: =E1419-C1419 -> 0 | G1419: =+STDEV(F1171:F1419) -> 0.0060694047 | H1419: =+G1419*(SQRT(250)) -> 0.095965714 | J1419: =+((I1419-I1418)/I1418)*100 -> #DIV/0!
... A1434: ='[1]175 since Nov 2015'!A1513 -> 44560 | B1434: 22942.85 | C1434: =ROUND(((B1434-B1433)/B1433)*100,2) -> -0.16 | D1434: 183.8672 | E1434: =ROUND(((D1434-D1433)/D1433)*100,2) -> -0.16 | F1434: =E1434-C1434 -> 0 | G1434: =+STDEV(F1186:F1434) -> 0.0060621965 | H1434: =+G1434*(SQRT(250)) -> 0.095851743 | J1434: =+((I1434-I1433)/I1433)*100 -> #DIV/0!
A1435: ='[1]175 since Nov 2015'!A1514 -> 44561 | B1435: 23165.73 | C1435: =ROUND(((B1435-B1434)/B1434)*100,2) -> 0.97 | D1435: 185.6534 | E1435: =ROUND(((D1435-D1434)/D1434)*100,2) -> 0.97 | F1435: =E1435-C1435 -> 0 | G1435: =+STDEV(F1187:F1435) -> 0.0060203804 | H1435: =+G1435*(SQRT(250)) -> 0.095190572 | J1435: =+((I1435-I1434)/I1434)*100 -> #DIV/0! | L1435: =+STDEV(F1311:F1435) -> 0.0047884269 | M1435: =_xlfn.STDEV.P(F1189:F1435) -> 0.0060314376 | O1435: =STDEV(F202:F1435) -> 0.0085287975 | Q1435: =+L1435*(SQRT(250)) -> 0.075711677 | R1435: =+M1435*(SQRT(250)) -> 0.095365402 | S1435: =H1435 -> 0.095190572 | T1435: =+O1435*(SQRT(250)) -> 0.13485213
A1436: ='[1]175 since Nov 2015'!A1515 -> 44564 | B1436: 23501.25 | C1436: =ROUND(((B1436-B1435)/B1435)*100,2) -> 1.45 | D1436: 188.3286 | E1436: =ROUND(((D1436-D1435)/D1435)*100,2) -> 1.44 | F1436: =E1436-C1436 -> -0.01 | G1436: =+STDEV(F1188:F1436) -> 0.0060450762 | H1436: =+G1436*(SQRT(250)) -> 0.095581047 | J1436: =+((I1436-I1435)/I1435)*100 -> #DIV/0! | L1436: =+STDEV(F1312:F1436) -> 0.0047478348 | M1436: =_xlfn.STDEV.P(F1190:F1436) -> 0.0060314376 | O1436: =STDEV(F203:F1436) -> 0.008532461 | Q1436: =+L1436*(SQRT(250)) -> 0.07506986 | R1436: =+M1436*(SQRT(250)) -> 0.095365402 | S1436: =H1436 -> 0.095581047 | T1436: =+O1436*(SQRT(250)) -> 0.13491005
A1437: ='[1]175 since Nov 2015'!A1516 -> 44565 | B1437: 23707.63 | C1437: =ROUND(((B1437-B1436)/B1436)*100,2) -> 0.88 | D1437: 189.981 | E1437: =ROUND(((D1437-D1436)/D1436)*100,2) -> 0.88 | F1437: =E1437-C1437 -> 0 | G1437: =+STDEV(F1189:F1437) -> 0.0060450762 | H1437: =+G1437*(SQRT(250)) -> 0.095581047 | L1437: =+STDEV(F1313:F1437) -> 0.0047478348 | M1437: =_xlfn.STDEV.P(F1191:F1437) -> 0.0060063836 | O1437: =STDEV(F204:F1437) -> 0.008532461 | Q1437: =+L1437*(SQRT(250)) -> 0.07506986 | R1437: =+M1437*(SQRT(250)) -> 0.094969264 | S1437: =H1437 -> 0.095581047 | T1437: =+O1437*(SQRT(250)) -> 0.13491005
A1438: ='[1]175 since Nov 2015'!A1517 -> 44566 | B1438: 23860.89 | C1438: =ROUND(((B1438-B1437)/B1437)*100,2) -> 0.65 | D1438: 191.2114 | E1438: =ROUND(((D1438-D1437)/D1437)*100,2) -> 0.65 | F1438: =E1438-C1438 -> 0 | G1438: =+STDEV(F1190:F1438) -> 0.0060203804 | H1438: =+G1438*(SQRT(250)) -> 0.095190572 | L1438: =+STDEV(F1314:F1438) -> 0.0046835333 | M1438: =_xlfn.STDEV.P(F1192:F1438) -> 0.0060063836 | O1438: =STDEV(F205:F1438) -> 0.008532461 | Q1438: =+L1438*(SQRT(250)) -> 0.074053163 | R1438: =+M1438*(SQRT(250)) -> 0.094969264 | S1438: =H1438 -> 0.095190572 | T1438: =+O1438*(SQRT(250)) -> 0.13491005
A1439: ='[1]175 since Nov 2015'!A1518 -> 44567 | B1439: 23648.03 | C1439: =ROUND(((B1439-B1438)/B1438)*100,2) -> -0.89 | D1439: 189.5108 | E1439: =ROUND(((D1439-D1438)/D1438)*100,2) -> -0.89 | F1439: =E1439-C1439 -> 0 | G1439: =+STDEV(F1191:F1439) -> 0.0059953128 | H1439: =+G1439*(SQRT(250)) -> 0.094794218 | L1439: =+STDEV(F1315:F1439) -> 0.0046835333 | M1439: =_xlfn.STDEV.P(F1193:F1439) -> 0.0060063836 | O1439: =STDEV(F206:F1439) -> 0.0085287975 | Q1439: =+L1439*(SQRT(250)) -> 0.074053163 | R1439: =+M1439*(SQRT(250)) -> 0.094969264 | S1439: =H1439 -> 0.094794218 | T1439: =+O1439*(SQRT(250)) -> 0.13485213
A1440: ='[1]175 since Nov 2015'!A1519 -> 44568 | B1440: 23737.9 | C1440: =ROUND(((B1440-B1439)/B1439)*100,2) -> 0.38 | D1440: 190.2312 | E1440: =ROUND(((D1440-D1439)/D1439)*100,2) -> 0.38 | F1440: =E1440-C1440 -> 0 | G1440: =+STDEV(F1192:F1440) -> 0.0059953128 | H1440: =+G1440*(SQRT(250)) -> 0.094794218 | L1440: =+STDEV(F1316:F1440) -> 0.0046835333 | M1440: =_xlfn.STDEV.P(F1194:F1440) -> 0.0059809507 | O1440: =STDEV(F207:F1440) -> 0.0085287975 | Q1440: =+L1440*(SQRT(250)) -> 0.074053163 | R1440: =+M1440*(SQRT(250)) -> 0.094567134 | S1440: =H1440 -> 0.094794218 | T1440: =+O1440*(SQRT(250)) -> 0.13485213
A1441: ='[1]175 since Nov 2015'!A1520 -> 44571 | B1441: 23968.19 | C1441: =ROUND(((B1441-B1440)/B1440)*100,2) -> 0.97 | D1441: 192.0804 | E1441: =ROUND(((D1441-D1440)/D1440)*100,2) -> 0.97 | F1441: =E1441-C1441 -> 0 | G1441: =+STDEV(F1193:F1441) -> 0.0059953128 | H1441: =+G1441*(SQRT(250)) -> 0.094794218 | L1441: =+STDEV(F1317:F1441) -> 0.0046835333 | M1441: =_xlfn.STDEV.P(F1195:F1441) -> 0.0059385965 | O1441: =STDEV(F208:F1441) -> 0.0085287975 | Q1441: =+L1441*(SQRT(250)) -> 0.074053163 | R1441: =+M1441*(SQRT(250)) -> 0.093897454 | S1441: =H1441 -> 0.094794218 | T1441: =+O1441*(SQRT(250)) -> 0.13485213
A1442: ='[1]175 since Nov 2015'!A1521 -> 44572 | B1442: 24028.69 | C1442: =ROUND(((B1442-B1441)/B1441)*100,2) -> 0.25 | D1442: 192.5661 | E1442: =ROUND(((D1442-D1441)/D1441)*100,2) -> 0.25 | F1442: =E1442-C1442 -> 0 | G1442: =+STDEV(F1194:F1442) -> 0.0059698686 | H1442: =+G1442*(SQRT(250)) -> 0.094391911 | L1442: =+STDEV(F1318:F1442) -> 0.0046169394 | M1442: =_xlfn.STDEV.P(F1196:F1442) -> 0.0059385965 | O1442: =STDEV(F209:F1442) -> 0.0085287975 | Q1442: =+L1442*(SQRT(250)) -> 0.073000221 | R1442: =+M1442*(SQRT(250)) -> 0.093897454 | S1442: =H1442 -> 0.094391911 | T1442: =+O1442*(SQRT(250)) -> 0.13485213
A1443: ='[1]175 since Nov 2015'!A1522 -> 44573 | B1443: 24232.66 | C1443: =ROUND(((B1443-B1442)/B1442)*100,2) -> 0.85 | D1443: 194.1792 | E1443: =ROUND(((D1443-D1442)/D1442)*100,2) -> 0.84 | F1443: =E1443-C1443 -> -0.01 | G1443: =+STDEV(F1195:F1443) -> 0.0059530268 | H1443: =+G1443*(SQRT(250)) -> 0.094125619 | L1443: =+STDEV(F1319:F1443) -> 0.0046835333 | M1443: =_xlfn.STDEV.P(F1197:F1443) -> 0.0059385965 | O1443: =STDEV(F210:F1443) -> 0.008532461 | Q1443: =+L1443*(SQRT(250)) -> 0.074053163 | R1443: =+M1443*(SQRT(250)) -> 0.093897454 | S1443: =H1443 -> 0.094125619 | T1443: =+O1443*(SQRT(250)) -> 0.13491005
A1444: ='[1]175 since Nov 2015'!A1523 -> 44574 | B1444: 24301.28 | C1444: =ROUND(((B1444-B1443)/B1443)*100,2) -> 0.28 | D1444: 194.7265 | E1444: =ROUND(((D1444-D1443)/D1443)*100,2) -> 0.28 | F1444: =E1444-C1444 -> 0 | G1444: =+STDEV(F1196:F1444) -> 0.0059530268 | H1444: =+G1444*(SQRT(250)) -> 0.094125619 | L1444: =+STDEV(F1320:F1444) -> 0.0046835333 | M1444: =_xlfn.STDEV.P(F1198:F1444) -> 0.005912872 | O1444: =STDEV(F211:F1444) -> 0.008532461 | Q1444: =+L1444*(SQRT(250)) -> 0.074053163 | R1444: =+M1444*(SQRT(250)) -> 0.093490714 | S1444: =H1444 -> 0.094125619 | T1444: =+O1444*(SQRT(250)) -> 0.13491005
A1445: ='[1]175 since Nov 2015'!A1524 -> 44575 | B1445: 24305.53 | C1445: =ROUND(((B1445-B1444)/B1444)*100,2) -> 0.02 | D1445: 194.7596 | E1445: =ROUND(((D1445-D1444)/D1444)*100,2) -> 0.02 | F1445: =E1445-C1445 -> 0 | G1445: =+STDEV(F1197:F1445) -> 0.0059276744 | H1445: =+G1445*(SQRT(250)) -> 0.093724761 | L1445: =+STDEV(F1321:F1445) -> 0.0046835333 | M1445: =_xlfn.STDEV.P(F1199:F1445) -> 0.0058700265 | O1445: =STDEV(F212:F1445) -> 0.008532461 | Q1445: =+L1445*(SQRT(250)) -> 0.074053163 | R1445: =+M1445*(SQRT(250)) -> 0.092813268 | S1445: =H1445 -> 0.093724761 | T1445: =+O1445*(SQRT(250)) -> 0.13491005
A1446: ='[1]175 since Nov 2015'!A1525 -> 44578 | B1446: 24381.34 | C1446: =ROUND(((B1446-B1445)/B1445)*100,2) -> 0.31 | D1446: 195.3579 | E1446: =ROUND(((D1446-D1445)/D1445)*100,2) -> 0.31 | F1446: =E1446-C1446 -> 0 | G1446: =+STDEV(F1198:F1446) -> 0.0059019387 | H1446: =+G1446*(SQRT(250)) -> 0.093317844 | L1446: =+STDEV(F1322:F1446) -> 0.0046169394 | M1446: =_xlfn.STDEV.P(F1200:F1446) -> 0.0058700265 | O1446: =STDEV(F213:F1446) -> 0.008532461 | Q1446: =+L1446*(SQRT(250)) -> 0.073000221 | R1446: =+M1446*(SQRT(250)) -> 0.092813268 | S1446: =H1446 -> 0.093317844 | T1446: =+O1446*(SQRT(250)) -> 0.13491005
A1447: ='[1]175 since Nov 2015'!A1526 -> 44579 | B1447: 24103.23 | C1447: =ROUND(((B1447-B1446)/B1446)*100,2) -> -1.14 | D1447: 193.1281 | E1447: =ROUND(((D1447-D1446)/D1446)*100,2) -> -1.14 | F1447: =E1447-C1447 -> 0 | G1447: =+STDEV(F1199:F1447) -> 0.0058592552 | H1447: =+G1447*(SQRT(250)) -> 0.09264296 | L1447: =+STDEV(F1323:F1447) -> 0.0046169394 | M1447: =_xlfn.STDEV.P(F1201:F1447) -> 0.0058265847 | O1447: =STDEV(F214:F1447) -> 0.008532461 | Q1447: =+L1447*(SQRT(250)) -> 0.073000221 | R1447: =+M1447*(SQRT(250)) -> 0.092126393 | S1447: =H1447 -> 0.09264296 | T1447: =+O1447*(SQRT(250)) -> 0.13491005
A1448: ='[1]175 since Nov 2015'!A1527 -> 44580 | B1448: 23905.26 | C1448: =ROUND(((B1448-B1447)/B1447)*100,2) -> -0.82 | D1448: 191.5419 | E1448: =ROUND(((D1448-D1447)/D1447)*100,2) -> -0.82 | F1448: =E1448-C1448 -> 0 | G1448: =+STDEV(F1200:F1448) -> 0.0058592552 | H1448: =+G1448*(SQRT(250)) -> 0.09264296 | L1448: =+STDEV(F1324:F1448) -> 0.0046169394 | M1448: =_xlfn.STDEV.P(F1202:F1448) -> 0.0058265847 | O1448: =STDEV(F215:F1448) -> 0.008532461 | Q1448: =+L1448*(SQRT(250)) -> 0.073000221 | R1448: =+M1448*(SQRT(250)) -> 0.092126393 | S1448: =H1448 -> 0.09264296 | T1448: =+O1448*(SQRT(250)) -> 0.13491005
... A1537: ='[1]175 since Nov 2015'!A1616 -> 44713 | B1537: 22079.79 | C1537: =ROUND(((B1537-B1536)/B1536)*100,2) -> -0.47 | D1537: 176.8174 | E1537: =ROUND(((D1537-D1536)/D1536)*100,2) -> -0.46 | F1537: =E1537-C1537 -> 0.01 | G1537: =+STDEV(F1289:F1537) -> 0.004905837 | H1537: =+G1537*(SQRT(250)) -> 0.077568094 | L1537: =+STDEV(F1413:F1537) -> 0.0045818717 | M1537: =_xlfn.STDEV.P(F1291:F1537) -> 0.0049149864 | O1537: =STDEV(F304:F1537) -> 0.0085156061 | Q1537: =+L1537*(SQRT(250)) -> 0.072445753 | R1537: =+M1537*(SQRT(250)) -> 0.077712759 | S1537: =H1537 -> 0.077568094 | T1537: =+O1537*(SQRT(250)) -> 0.13464355
A1538: ='[1]175 since Nov 2015'!A1617 -> 44714 | B1538: 22219.78 | C1538: =ROUND(((B1538-B1537)/B1537)*100,2) -> 0.63 | D1538: 177.9273 | E1538: =ROUND(((D1538-D1537)/D1537)*100,2) -> 0.63 | F1538: =E1538-C1538 -> 0 | G1538: =+STDEV(F1290:F1538) -> 0.004905837 | H1538: =+G1538*(SQRT(250)) -> 0.077568094
...

Sheet LIC MF S & P BSE Sensex ETF
A1: ETF - TRACKING ERROR
A2: Since November 15, 2015
A4: LICMF SENSEX PLAN - GROWTH
C5: Rb | D5: LETFSXG | E5: Rp | F5: Rp-Rb | G5: TE | H5: Annualised
B6: TRI Benchmark | C6: Returns | D6: LICMF Sensex | E6: Returns | H6: TE | J6: Returns | L6: TE | Q6: Annualised TE
B7: Sensex Levels | C7: % | D7: NAV | E7: % | I7: Sensex Levels | J7: % | L7: 6 Months | M7: 1 Year | N7: 3 Years | O7: 5 Years | Q7: 6 Months | R7: 1 Year | S7: 3 Years | T7: 5 Years
A8: 42338 | B8: 36254.845 | D8: 261.2972 | I8: 26145.667
A9: ='[1]175 since Nov 2015'!A14 -> 42339 | B9: 36287.77 | C9: =ROUND(((B9-B8)/B8)*100,2) -> 0.09 | D9: 261.8551 | E9: =ROUND(((D9-D8)/D8)*100,2) -> 0.21 | F9: =+E9-C9 -> 0.12 | I9: 26169.412 | J9: =+((I9-I8)/I8)*100 -> 0.090815382
A10: ='[1]175 since Nov 2015'!A15 -> 42340 | B10: 36216.276 | C10: =ROUND(((B10-B9)/B9)*100,2) -> -0.2 | D10: 261.3077 | E10: =ROUND(((D10-D9)/D9)*100,2) -> -0.21 | F10: =+E10-C10 -> -0.01 | G10: =+STDEV($F$9:F10) -> 0.091923882 | H10: =+G10*(SQRT(250)) -> 1.4534442 | I10: 26117.853 | J10: =+((I10-I9)/I9)*100 -> -0.19701987
A11: ='[1]175 since Nov 2015'!A16 -> 42341 | B11: 35895.637 | C11: =ROUND(((B11-B10)/B10)*100,2) -> -0.89 | D11: 258.9517 | E11: =ROUND(((D11-D10)/D10)*100,2) -> -0.9 | F11: =+E11-C11 -> -0.01 | G11: =+STDEV($F$9:F11) -> 0.075055535 | H11: =+G11*(SQRT(250)) -> 1.1867322 | I11: 25886.62 | J11: =+((I11-I10)/I10)*100 -> -0.88534406
A12: ='[1]175 since Nov 2015'!A17 -> 42342 | B12: 35551.041 | C12: =ROUND(((B12-B11)/B11)*100,2) -> -0.96 | D12: 256.3924 | E12: =ROUND(((D12-D11)/D11)*100,2) -> -0.99 | F12: =+E12-C12 -> -0.03 | G12: =+STDEV($F$9:F12) -> 0.068980674 | H12: =+G12*(SQRT(250)) -> 1.0906802 | I12: 25638.109 | J12: =+((I12-I11)/I11)*100 -> -0.95999513
A13: ='[1]175 since Nov 2015'!A18 -> 42345 | B13: 35401.281 | C13: =ROUND(((B13-B12)/B12)*100,2) -> -0.42 | D13: 255.2697 | E13: =ROUND(((D13-D12)/D12)*100,2) -> -0.44 | F13: =+E13-C13 -> -0.02 | G13: =+STDEV($F$9:F13) -> 0.062048368 | H13: =+G13*(SQRT(250)) -> 0.98107084 | I13: 25530.108 | J13: =+((I13-I12)/I12)*100 -> -0.42125273
A14: ='[1]175 since Nov 2015'!A19 -> 42346 | B14: 35096.528 | C14: =ROUND(((B14-B13)/B13)*100,2) -> -0.86 | D14: 253.1621 | E14: =ROUND(((D14-D13)/D13)*100,2) -> -0.83 | F14: =+E14-C14 -> 0.03 | G14: =+STDEV($F$9:F14) -> 0.056095157 | H14: =+G14*(SQRT(250)) -> 0.88694231 | I14: 25310.331 | J14: =+((I14-I13)/I13)*100 -> -0.86085424
A15: ='[1]175 since Nov 2015'!A20 -> 42347 | B15: 34716.202 | C15: =ROUND(((B15-B14)/B14)*100,2) -> -1.08 | D15: 250.4207 | E15: =ROUND(((D15-D14)/D14)*100,2) -> -1.08 | F15: =+E15-C15 -> 0 | G15: =+STDEV($F$9:F15) -> 0.05145502 | H15: =+G15*(SQRT(250)) -> 0.8135753 | I15: 25036.054 | J15: =+((I15-I14)/I14)*100 -> -1.0836577
A16: ='[1]175 since Nov 2015'!A21 -> 42348 | B16: 35016.084 | C16: =ROUND(((B16-B15)/B15)*100,2) -> 0.86 | D16: 252.585 | E16: =ROUND(((D16-D15)/D15)*100,2) -> 0.86 | F16: =+E16-C16 -> 0 | G16: =+STDEV($F$9:F16) -> 0.047809144 | H16: =+G16*(SQRT(250)) -> 0.75592895 | I16: 25252.318 | J16: =+((I16-I15)/I15)*100 -> 0.86381114
A17: ='[1]175 since Nov 2015'!A22 -> 42349 | B17: 34727.815 | C17: =ROUND(((B17-B16)/B16)*100,2) -> -0.82 | D17: 250.5107 | E17: =ROUND(((D17-D16)/D16)*100,2) -> -0.82 | F17: =+E17-C17 -> 0 | G17: =+STDEV($F$9:F17) -> 0.044845413 | H17: =+G17*(SQRT(250)) -> 0.70906825 | I17: 25044.429 | J17: =+((I17-I16)/I16)*100 -> -0.82324897
A18: ='[1]175 since Nov 2015'!A23 -> 42352 | B18: 34874.686 | C18: =ROUND(((B18-B17)/B17)*100,2) -> 0.42 | D18: 251.5647 | E18: =ROUND(((D18-D17)/D17)*100,2) -> 0.42 | F18: =+E18-C18 -> 0 | G18: =+STDEV($F$9:F18) -> 0.042373996 | H18: =+G18*(SQRT(250)) -> 0.66999171 | I18: 25150.347 | J18: =+((I18-I17)/I17)*100 -> 0.42292191
A19: ='[1]175 since Nov 2015'!A24 -> 42353 | B19: 35110.54 | C19: =ROUND(((B19-B18)/B18)*100,2) -> 0.68 | D19: 253.2631 | E19: =ROUND(((D19-D18)/D18)*100,2) -> 0.68 | F19: =+E19-C19 -> 0 | G19: =+STDEV($F$9:F19) -> 0.040271804 | H19: =+G19*(SQRT(250)) -> 0.63675313 | I19: 25320.436 | J19: =+((I19-I18)/I18)*100 -> 0.67629055
A20: ='[1]175 since Nov 2015'!A25 -> 42354 | B20: 35351.731 | C20: =ROUND(((B20-B19)/B19)*100,2) -> 0.69 | D20: 255.0086 | E20: =ROUND(((D20-D19)/D19)*100,2) -> 0.69 | F20: =+E20-C20 -> 0 | G20: =+STDEV($F$9:F20) -> 0.038455011 | H20: =+G20*(SQRT(250)) -> 0.60802711 | I20: 25494.375 | J20: =+((I20-I19)/I19)*100 -> 0.68694763
A21: ='[1]175 since Nov 2015'!A26 -> 42355 | B21: 35780.767 | C21: =ROUND(((B21-B20)/B20)*100,2) -> 1.21 | D21: 258.0974 | E21: =ROUND(((D21-D20)/D20)*100,2) -> 1.21 | F21: =+E21-C21 -> 0 | G21: =+STDEV($F$9:F21) -> 0.036864269 | H21: =+G21*(SQRT(250)) -> 0.58287528 | I21: 25803.779 | J21: =+((I21-I20)/I20)*100 -> 1.2136187
... A337: ='[1]175 since Nov 2015'!A342 -> 42825 | B337: 41779.958 | C337: =ROUND(((B337-B336)/B336)*100,2) -> -0.09 | D337: 300.9934 | E337: =ROUND(((D337-D336)/D336)*100,2) -> -0.09 | F337: =+E337-C337 -> 0 | G337: =+STDEV($F$9:F337) -> 0.0091062134 | H337: =+G337*(SQRT(250)) -> 0.14398188 | I337: 29620.503 | J337: =+((I337-I336)/I336)*100 -> -0.090796487
A338: ='[1]175 since Nov 2015'!A343 -> 42828 | B338: 42188.613 | C338: =ROUND(((B338-B337)/B337)*100,2) -> 0.98 | D338: 303.9326 | E338: =ROUND(((D338-D337)/D337)*100,2) -> 0.98 | F338: =+E338-C338 -> 0 | G338: =+STDEV(F90:F338) -> 0.0056438656 | H338: =+G338*(SQRT(250)) -> 0.089237351 | I338: 29910.225 | J338: =+((I338-I337)/I337)*100 -> 0.9781121
A339: ='[1]175 since Nov 2015'!A344 -> 42830 | B339: 42278.908 | C339: =ROUND(((B339-B338)/B338)*100,2) -> 0.21 | D339: 304.5823 | E339: =ROUND(((D339-D338)/D338)*100,2) -> 0.21 | F339: =+E339-C339 -> 0 | G339: =+STDEV(F91:F339) -> 0.0056438656 | H339: =+G339*(SQRT(250)) -> 0.089237351 | I339: 29974.24 | J339: =+((I339-I338)/I338)*100 -> 0.21402405
A340: ='[1]175 since Nov 2015'!A345 -> 42831 | B340: 42212.753 | C340: =ROUND(((B340-B339)/B339)*100,2) -> -0.16 | D340: 304.1084 | E340: =ROUND(((D340-D339)/D339)*100,2) -> -0.16 | F340: =+E340-C340 -> 0 | G340: =+STDEV(F92:F340) -> 0.0056438656 | H340: =+G340*(SQRT(250)) -> 0.089237351 | I340: 29927.34 | J340: =+((I340-I339)/I339)*100 -> -0.1564689
A341: ='[1]175 since Nov 2015'!A346 -> 42832 | B341: 41901.417 | C341: =ROUND(((B341-B340)/B340)*100,2) -> -0.74 | D341: 301.864 | E341: =ROUND(((D341-D340)/D340)*100,2) -> -0.74 | F341: =+E341-C341 -> 0 | G341: =+STDEV(F93:F341) -> 0.0056438656 | H341: =+G341*(SQRT(250)) -> 0.089237351 | I341: 29706.61 | J341: =+((I341-I340)/I340)*100 -> -0.73755182
A342: ='[1]175 since Nov 2015'!A347 -> 42835 | B342: 41716.815 | C342: =ROUND(((B342-B341)/B341)*100,2) -> -0.44 | D342: 300.534 | E342: =ROUND(((D342-D341)/D341)*100,2) -> -0.44 | F342: =+E342-C342 -> 0 | G342: =+STDEV(F94:F342) -> 0.0056081738 | H342: =+G342*(SQRT(250)) -> 0.088673013 | I342: 29575.737 | J342: =+((I342-I341)/I341)*100 -> -0.44055051
A343: ='[1]175 since Nov 2015'!A348 -> 42836 | B343: 42016.707 | C343: =ROUND(((B343-B342)/B342)*100,2) -> 0.72 | D343: 302.6854 | E343: =ROUND(((D343-D342)/D342)*100,2) -> 0.72 | F343: =+E343-C343 -> 0 | G343: =+STDEV(F95:F343) -> 0.0056081738 | H343: =+G343*(SQRT(250)) -> 0.088673013 | I343: 29788.35 | J343: =+((I343-I342)/I342)*100 -> 0.71887492
A344: ='[1]175 since Nov 2015'!A349 -> 42837 | B344: 41812.37 | C344: =ROUND(((B344-B343)/B343)*100,2) -> -0.49 | D344: 301.2144 | E344: =ROUND(((D344-D343)/D343)*100,2) -> -0.49 | F344: =+E344-C344 -> 0 | G344: =+STDEV(F96:F344) -> 0.0056081738 | H344: =+G344*(SQRT(250)) -> 0.088673013 | I344: 29643.48 | J344: =+((I344-I343)/I343)*100 -> -0.48633086
A345: ='[1]175 since Nov 2015'!A350 -> 42838 | B345: 41555.607 | C345: =ROUND(((B345-B344)/B344)*100,2) -> -0.61 | D345: 299.3651 | E345: =ROUND(((D345-D344)/D344)*100,2) -> -0.61 | F345: =+E345-C345 -> 0 | G345: =+STDEV(F97:F345) -> 0.0056081738 | H345: =+G345*(SQRT(250)) -> 0.088673013 | I345: 29461.447 | J345: =+((I345-I344)/I344)*100 -> -0.61407531
A346: ='[1]175 since Nov 2015'!A351 -> 42842 | B346: 41488.21 | C346: =ROUND(((B346-B345)/B345)*100,2) -> -0.16 | D346: 298.8789 | E346: =ROUND(((D346-D345)/D345)*100,2) -> -0.16 | F346: =+E346-C346 -> 0 | G346: =+STDEV(F98:F346) -> 0.0056081738 | H346: =+G346*(SQRT(250)) -> 0.088673013 | I346: 29413.664 | J346: =+((I346-I345)/I345)*100 -> -0.16218579
A347: ='[1]175 since Nov 2015'!A352 -> 42843 | B347: 41354.827 | C347: =ROUND(((B347-B346)/B346)*100,2) -> -0.32 | D347: 297.9152 | E347: =ROUND(((D347-D346)/D346)*100,2) -> -0.32 | F347: =+E347-C347 -> 0 | G347: =+STDEV(F99:F347) -> 0.0056081738 | H347: =+G347*(SQRT(250)) -> 0.088673013 | I347: 29319.1 | J347: =+((I347-I346)/I346)*100 -> -0.32149829
A348: ='[1]175 since Nov 2015'!A353 -> 42844 | B348: 41379.47 | C348: =ROUND(((B348-B347)/B347)*100,2) -> 0.06 | D348: 298.0953 | E348: =ROUND(((D348-D347)/D347)*100,2) -> 0.06 | F348: =+E348-C348 -> 0 | G348: =+STDEV(F100:F348) -> 0.0055719626 | H348: =+G348*(SQRT(250)) -> 0.088100465 | I348: 29336.572 | J348: =+((I348-I347)/I347)*100 -> 0.05959133
A349: ='[1]175 since Nov 2015'!A354 -> 42845 | B349: 41500.514 | C349: =ROUND(((B349-B348)/B348)*100,2) -> 0.29 | D349: 298.9616 | E349: =ROUND(((D349-D348)/D348)*100,2) -> 0.29 | F349: =+E349-C349 -> 0 | G349: =+STDEV(F101:F349) -> 0.0055719626 | H349: =+G349*(SQRT(250)) -> 0.088100465 | I349: 29422.39 | J349: =+((I349-I348)/I348)*100 -> 0.29253029
... A581: ='[1]175 since Nov 2015'!A586 -> 43186 | B581: 47380.688 | C581: =ROUND(((B581-B580)/B580)*100,2) -> 0.33 | D581: 341.2233 | E581: =ROUND(((D581-D580)/D580)*100,2) -> 0.33 | F581: =+E581-C581 -> 0 | G581: =+STDEV(F333:F581) -> 0.0061859492 | H581: =+G581*(SQRT(250)) -> 0.097808444 | I581: 33174.393 | J581: =+((I581-I580)/I580)*100 -> 0.3265635
A582: ='[1]175 since Nov 2015'!A587 -> 43187 | B582: 47087 | C582: =ROUND(((B582-B581)/B581)*100,2) -> -0.62 | D582: 339.1114 | E582: =ROUND(((D582-D581)/D581)*100,2) -> -0.62 | F582: =+E582-C582 -> 0 | G582: =+STDEV(F334:F582) -> 0.0061859492 | H582: =+G582*(SQRT(250)) -> 0.097808444 | I582: 32968.684 | J582: =+((I582-I581)/I581)*100 -> -0.62008376 | K582: =D582/D460-1 -> 0.057351683
A583: ='[1]175 since Nov 2015'!A588 -> 43192 | B583: 47496.329 | C583: =ROUND(((B583-B582)/B582)*100,2) -> 0.87 | D583: 342.0486 | E583: =ROUND(((D583-D582)/D582)*100,2) -> 0.87 | F583: =+E583-C583 -> 0 | G583: =+STDEV(F335:F583) -> 0.0061859492 | H583: =+G583*(SQRT(250)) -> 0.097808444 | I583: 33255.361 | J583: =+((I583-I582)/I582)*100 -> 0.86954279
A584: ='[1]175 since Nov 2015'!A589 -> 43193 | B584: 47661 | C584: =ROUND(((B584-B583)/B583)*100,2) -> 0.35 | D584: 343.2303 | E584: =ROUND(((D584-D583)/D583)*100,2) -> 0.35 | F584: =+E584-C584 -> 0 | G584: =+STDEV(F336:F584) -> 0.0061859492 | H584: =+G584*(SQRT(250)) -> 0.097808444 | I584: 33370.625 | J584: =+((I584-I583)/I583)*100 -> 0.34660418
A585: ='[1]175 since Nov 2015'!A590 -> 43194 | B585: 47158.851 | C585: =ROUND(((B585-B584)/B584)*100,2) -> -1.05 | D585: 339.6176 | E585: =ROUND(((D585-D584)/D584)*100,2) -> -1.05 | F585: =+E585-C585 -> 0 | G585: =+STDEV(F337:F585) -> 0.0061859492 | H585: =+G585*(SQRT(250)) -> 0.097808444 | I585: 33019.071 | J585: =+((I585-I584)/I584)*100 -> -1.0534859
A586: ='[1]175 since Nov 2015'!A591 -> 43195 | B586: 47984 | C586: =ROUND(((B586-B585)/B585)*100,2) -> 1.75 | D586: 345.544 | E586: =ROUND(((D586-D585)/D585)*100,2) -> 1.75 | F586: =+E586-C586 -> 0 | G586: =+STDEV(F338:F586) -> 0.0061859492 | H586: =+G586*(SQRT(250)) -> 0.097808444 | I586: 33596.795 | J586: =+((I586-I585)/I585)*100 -> 1.7496701
A587: ='[1]175 since Nov 2015'!A592 -> 43196 | B587: 48027 | C587: =ROUND(((B587-B586)/B586)*100,2) -> 0.09 | D587: 345.8533 | E587: =ROUND(((D587-D586)/D586)*100,2) -> 0.09 | F587: =+E587-C587 -> 0 | G587: =+STDEV(F339:F587) -> 0.0061859492 | H587: =+G587*(SQRT(250)) -> 0.097808444 | I587: 33626.967 | J587: =+((I587-I586)/I586)*100 -> 0.089805087
A588: ='[1]175 since Nov 2015'!A593 -> 43199 | B588: 48258 | C588: =ROUND(((B588-B587)/B587)*100,2) -> 0.48 | D588: 347.5085 | E588: =ROUND(((D588-D587)/D587)*100,2) -> 0.48 | F588: =+E588-C588 -> 0 | G588: =+STDEV(F340:F588) -> 0.0061859492 | H588: =+G588*(SQRT(250)) -> 0.097808444 | I588: 33788.538 | J588: =+((I588-I587)/I587)*100 -> 0.4804817
A589: ='[1]175 since Nov 2015'!A594 -> 43200 | B589: 48389 | C589: =ROUND(((B589-B588)/B588)*100,2) -> 0.27 | D589: 348.4422 | E589: =ROUND(((D589-D588)/D588)*100,2) -> 0.27 | F589: =+E589-C589 -> 0 | G589: =+STDEV(F341:F589) -> 0.0061859492 | H589: =+G589*(SQRT(250)) -> 0.097808444 | I589: 33880.255 | J589: =+((I589-I588)/I588)*100 -> 0.2714423
A590: ='[1]175 since Nov 2015'!A595 -> 43201 | B590: 48475 | C590: =ROUND(((B590-B589)/B589)*100,2) -> 0.18 | D590: 349.0631 | E590: =ROUND(((D590-D589)/D589)*100,2) -> 0.18 | F590: =+E590-C590 -> 0 | G590: =+STDEV(F342:F590) -> 0.0061859492 | H590: =+G590*(SQRT(250)) -> 0.097808444 | I590: 33940.441 | J590: =+((I590-I589)/I589)*100 -> 0.1776444
A591: ='[1]175 since Nov 2015'!A596 -> 43202 | B591: 48704.285 | C591: =ROUND(((B591-B590)/B590)*100,2) -> 0.47 | D591: 350.7116 | E591: =ROUND(((D591-D590)/D590)*100,2) -> 0.47 | F591: =+E591-C591 -> 0 | G591: =+STDEV(F343:F591) -> 0.0061859492 | H591: =+G591*(SQRT(250)) -> 0.097808444 | I591: 34101.132 | J591: =+((I591-I590)/I590)*100 -> 0.47345025
A592: ='[1]175 since Nov 2015'!A597 -> 43203 | B592: 48834.996 | C592: =ROUND(((B592-B591)/B591)*100,2) -> 0.27 | D592: 351.6488 | E592: =ROUND(((D592-D591)/D591)*100,2) -> 0.27 | F592: =+E592-C592 -> 0 | G592: =+STDEV(F344:F592) -> 0.0061859492 | H592: =+G592*(SQRT(250)) -> 0.097808444 | I592: 34192.652 | J592: =+((I592-I591)/I591)*100 -> 0.26837689
A593: ='[1]175 since Nov 2015'!A598 -> 43206 | B593: 48996 | C593: =ROUND(((B593-B592)/B592)*100,2) -> 0.33 | D593: 352.8002 | E593: =ROUND(((D593-D592)/D592)*100,2) -> 0.33 | F593: =+E593-C593 -> 0 | G593: =+STDEV(F345:F593) -> 0.0061859492 | H593: =+G593*(SQRT(250)) -> 0.097808444 | I593: 34305.429 | J593: =+((I593-I592)/I592)*100 -> 0.32982824
A594: ='[1]175 since Nov 2015'!A599 -> 43207 | B594: 49124 | C594: =ROUND(((B594-B593)/B593)*100,2) -> 0.26 | D594: 353.7189 | E594: =ROUND(((D594-D593)/D593)*100,2) -> 0.26 | F594: =+E594-C594 -> 0 | G594: =+STDEV(F346:F594) -> 0.0061859492 | H594: =+G594*(SQRT(250)) -> 0.097808444 | I594: 34395.061 | J594: =+((I594-I593)/I593)*100 -> 0.26127549
... A1323: ='[1]175 since Nov 2015'!A1328 -> 44286 | B1323: 73261.75 | C1323: =ROUND(((B1323-B1322)/B1322)*100,2) -> -1.25 | D1323: 526.926 | E1323: =ROUND(((D1323-D1322)/D1322)*100,2) -> -1.25 | F1323: =+E1323-C1323 -> 0 | G1323: =+STDEV(F1075:F1323) -> 0.0073594707 | H1323: =+G1323*(SQRT(250)) -> 0.11636345 | I1323: 49509.149 | J1323: =+((I1323-I1322)/I1322)*100 -> -1.2514448
A1324: ='[1]175 since Nov 2015'!A1329 -> 44287 | B1324: 74032.241 | C1324: =ROUND(((B1324-B1323)/B1323)*100,2) -> 1.05 | D1324: 532.4332 | E1324: =ROUND(((D1324-D1323)/D1323)*100,2) -> 1.05 | F1324: =+E1324-C1324 -> 0 | G1324: =+STDEV(F1076:F1324) -> 0.0073347847 | H1324: =+G1324*(SQRT(250)) -> 0.11597313 | J1324: =+((I1324-I1323)/I1323)*100 -> -100
A1325: ='[1]175 since Nov 2015'!A1330 -> 44291 | B1325: 72744.089 | C1325: =ROUND(((B1325-B1324)/B1324)*100,2) -> -1.74 | D1325: 523.2224 | E1325: =ROUND(((D1325-D1324)/D1324)*100,2) -> -1.73 | F1325: =+E1325-C1325 -> 0.01 | G1325: =+STDEV(F1077:F1325) -> 0.0073647497 | H1325: =+G1325*(SQRT(250)) -> 0.11644692 | I1325: 49159.322 | J1325: =+((I1325-I1324)/I1324)*100 -> #DIV/0!
A1326: ='[1]175 since Nov 2015'!A1331 -> 44292 | B1326: 72806.335 | C1326: =ROUND(((B1326-B1325)/B1325)*100,2) -> 0.09 | D1326: 523.6754 | E1326: =ROUND(((D1326-D1325)/D1325)*100,2) -> 0.09 | F1326: =+E1326-C1326 -> 0 | G1326: =+STDEV(F1078:F1326) -> 0.0073396403 | H1326: =+G1326*(SQRT(250)) -> 0.1160499 | I1326: 49201.387 | J1326: =+((I1326-I1325)/I1325)*100 -> 0.085568206
A1327: ='[1]175 since Nov 2015'!A1332 -> 44293 | B1327: 73487.572 | C1327: =ROUND(((B1327-B1326)/B1326)*100,2) -> 0.94 | D1327: 528.5636 | E1327: =ROUND(((D1327-D1326)/D1326)*100,2) -> 0.93 | F1327: =+E1327-C1327 -> -0.01 | G1327: =+STDEV(F1079:F1327) -> 0.0073347847 | H1327: =+G1327*(SQRT(250)) -> 0.11597313 | I1327: 49661.757 | J1327: =+((I1327-I1326)/I1326)*100 -> 0.93568453
A1328: ='[1]175 since Nov 2015'!A1333 -> 44294 | B1328: 73612.542 | C1328: =ROUND(((B1328-B1327)/B1327)*100,2) -> 0.17 | D1328: 529.4688 | E1328: =ROUND(((D1328-D1327)/D1327)*100,2) -> 0.17 | F1328: =+E1328-C1328 -> 0 | G1328: =+STDEV(F1080:F1328) -> 0.0073347847 | H1328: =+G1328*(SQRT(250)) -> 0.11597313 | I1328: 49746.209 | J1328: =+((I1328-I1327)/I1327)*100 -> 0.17005505
A1329: ='[1]175 since Nov 2015'!A1334 -> 44295 | B1329: 73383.348 | C1329: =ROUND(((B1329-B1328)/B1328)*100,2) -> -0.31 | D1329: 527.8284 | E1329: =ROUND(((D1329-D1328)/D1328)*100,2) -> -0.31 | F1329: =+E1329-C1329 -> 0 | G1329: =+STDEV(F1081:F1329) -> 0.0073347847 | H1329: =+G1329*(SQRT(250)) -> 0.11597313 | I1329: 49591.323 | J1329: =+((I1329-I1328)/I1328)*100 -> -0.31135176
A1330: ='[1]175 since Nov 2015'!A1335 -> 44298 | B1330: 70855.991 | C1330: =ROUND(((B1330-B1329)/B1329)*100,2) -> -3.44 | D1330: 509.6687 | E1330: =ROUND(((D1330-D1329)/D1329)*100,2) -> -3.44 | F1330: =+E1330-C1330 -> 0 | G1330: =+STDEV(F1082:F1330) -> 0.0073347847 | H1330: =+G1330*(SQRT(250)) -> 0.11597313 | I1330: 47883.375 | J1330: =+((I1330-I1329)/I1329)*100 -> -3.4440461
A1331: ='[1]175 since Nov 2015'!A1336 -> 44299 | B1331: 71833.645 | C1331: =ROUND(((B1331-B1330)/B1330)*100,2) -> 1.38 | D1331: 516.6699 | E1331: =ROUND(((D1331-D1330)/D1330)*100,2) -> 1.37 | F1331: =+E1331-C1331 -> -0.01 | G1331: =+STDEV(F1083:F1331) -> 0.0073594707 | H1331: =+G1331*(SQRT(250)) -> 0.11636345 | I1331: 48544.058 | J1331: =+((I1331-I1330)/I1330)*100 -> 1.3797753
A1332: ='[1]175 since Nov 2015'!A1337 -> 44301 | B1332: 72217.823 | C1332: =ROUND(((B1332-B1331)/B1331)*100,2) -> 0.53 | D1332: 519.4477 | E1332: =ROUND(((D1332-D1331)/D1331)*100,2) -> 0.54 | F1332: =+E1332-C1332 -> 0.01 | G1332: =+STDEV(F1084:F1332) -> 0.0073895547 | H1332: =+G1332*(SQRT(250)) -> 0.11683912 | I1332: 48803.68 | J1332: =+((I1332-I1331)/I1331)*100 -> 0.53481687
A1333: ='[1]175 since Nov 2015'!A1338 -> 44302 | B1333: 72259.776 | C1333: =ROUND(((B1333-B1332)/B1332)*100,2) -> 0.06 | D1333: 519.7348 | E1333: =ROUND(((D1333-D1332)/D1332)*100,2) -> 0.06 | F1333: =+E1333-C1333 -> 0 | G1333: =+STDEV(F1085:F1333) -> 0.0073594707 | H1333: =+G1333*(SQRT(250)) -> 0.11636345 | I1333: 48832.031 | J1333: =+((I1333-I1332)/I1332)*100 -> 0.058092541
A1334: ='[1]175 since Nov 2015'!A1339 -> 44305 | B1334: 70953.728 | C1334: =ROUND(((B1334-B1333)/B1333)*100,2) -> -1.81 | D1334: 510.35 | E1334: =ROUND(((D1334-D1333)/D1333)*100,2) -> -1.81 | F1334: =+E1334-C1334 -> 0 | G1334: =+STDEV(F1086:F1334) -> 0.0073594707 | H1334: =+G1334*(SQRT(250)) -> 0.11636345 | I1334: 47949.424 | J1334: =+((I1334-I1333)/I1333)*100 -> -1.8074345
A1335: ='[1]175 since Nov 2015'!A1340 -> 44306 | B1335: 70593.229 | C1335: =ROUND(((B1335-B1334)/B1334)*100,2) -> -0.51 | D1335: 507.7445 | E1335: =ROUND(((D1335-D1334)/D1334)*100,2) -> -0.51 | F1335: =+E1335-C1335 -> 0 | G1335: =+STDEV(F1087:F1335) -> 0.0073594707 | H1335: =+G1335*(SQRT(250)) -> 0.11636345 | I1335: 47705.805 | J1335: =+((I1335-I1334)/I1334)*100 -> -0.50807624
A1336: ='[1]175 since Nov 2015'!A1341 -> 44308 | B1336: 71147.948 | C1336: =ROUND(((B1336-B1335)/B1335)*100,2) -> 0.79 | D1336: 511.7339 | E1336: =ROUND(((D1336-D1335)/D1335)*100,2) -> 0.79 | F1336: =+E1336-C1336 -> 0 | G1336: =+STDEV(F1088:F1336) -> 0.0073290422 | H1336: =+G1336*(SQRT(250)) -> 0.11588233 | I1336: 48080.675 | J1336: =+((I1336-I1335)/I1335)*100 -> 0.78579565
... A1481: ='[1]175 since Nov 2015'!A1486 -> 44523 | B1481: 87520.78 | C1481: =ROUND(((B1481-B1480)/B1480)*100,2) -> 0.34 | D1481: 628.6685 | E1481: =ROUND(((D1481-D1480)/D1480)*100,2) -> 0.34 | F1481: =+E1481-C1481 -> 0 | G1481: =+STDEV(F1233:F1481) -> 0.0056395601 | H1481: =+G1481*(SQRT(250)) -> 0.089169274 | I1481: 58664.329 | J1481: =+((I1481-I1480)/I1480)*100 -> 0.33940936
A1482: ='[1]175 since Nov 2015'!A1487 -> 44524 | B1482: 87038.39 | C1482: =ROUND(((B1482-B1481)/B1481)*100,2) -> -0.55 | D1482: 625.2042 | E1482: =ROUND(((D1482-D1481)/D1481)*100,2) -> -0.55 | F1482: =+E1482-C1482 -> 0 | G1482: =+STDEV(F1234:F1482) -> 0.0056101947 | H1482: =+G1482*(SQRT(250)) -> 0.088704966 | J1482: =+((I1482-I1481)/I1481)*100 -> -100
A1483: ='[1]175 since Nov 2015'!A1488 -> 44525 | B1483: 87715.86 | C1483: =ROUND(((B1483-B1482)/B1482)*100,2) -> 0.78 | D1483: 630.0696 | E1483: =ROUND(((D1483-D1482)/D1482)*100,2) -> 0.78 | F1483: =+E1483-C1483 -> 0 | G1483: =+STDEV(F1235:F1483) -> 0.0055803846 | H1483: =+G1483*(SQRT(250)) -> 0.088233627 | J1483: =+((I1483-I1482)/I1482)*100 -> #DIV/0!
A1484: ='[1]175 since Nov 2015'!A1489 -> 44526 | B1484: 85197.64 | C1484: =ROUND(((B1484-B1483)/B1483)*100,2) -> -2.87 | D1484: 611.9868 | E1484: =ROUND(((D1484-D1483)/D1483)*100,2) -> -2.87 | F1484: =+E1484-C1484 -> 0 | G1484: =+STDEV(F1236:F1484) -> 0.0055501226 | H1484: =+G1484*(SQRT(250)) -> 0.087755143 | J1484: =+((I1484-I1483)/I1483)*100 -> #DIV/0!
A1485: ='[1]175 since Nov 2015'!A1490 -> 44529 | B1485: 85426.54 | C1485: =ROUND(((B1485-B1484)/B1484)*100,2) -> 0.27 | D1485: 613.6304 | E1485: =ROUND(((D1485-D1484)/D1484)*100,2) -> 0.27 | F1485: =+E1485-C1485 -> 0 | G1485: =+STDEV(F1237:F1485) -> 0.0055501226 | H1485: =+G1485*(SQRT(250)) -> 0.087755143 | J1485: =+((I1485-I1484)/I1484)*100 -> #DIV/0!
A1486: ='[1]175 since Nov 2015'!A1491 -> 44530 | B1486: 85134.56 | C1486: =ROUND(((B1486-B1485)/B1485)*100,2) -> -0.34 | D1486: 611.5338 | E1486: =ROUND(((D1486-D1485)/D1485)*100,2) -> -0.34 | F1486: =+E1486-C1486 -> 0 | G1486: =+STDEV(F1238:F1486) -> 0.0055501226 | H1486: =+G1486*(SQRT(250)) -> 0.087755143 | J1486: =+((I1486-I1485)/I1485)*100 -> #DIV/0!
A1487: ='[1]175 since Nov 2015'!A1492 -> 44531 | B1487: 86059.41 | C1487: =ROUND(((B1487-B1486)/B1486)*100,2) -> 1.09 | D1487: 618.1652 | E1487: =ROUND(((D1487-D1486)/D1486)*100,2) -> 1.08 | F1487: =+E1487-C1487 -> -0.01 | G1487: =+STDEV(F1239:F1487) -> 0.0055803846 | H1487: =+G1487*(SQRT(250)) -> 0.088233627 | J1487: =+((I1487-I1486)/I1486)*100 -> #DIV/0!
A1488: ='[1]175 since Nov 2015'!A1493 -> 44532 | B1488: 87217.87 | C1488: =ROUND(((B1488-B1487)/B1487)*100,2) -> 1.35 | D1488: 626.4829 | E1488: =ROUND(((D1488-D1487)/D1487)*100,2) -> 1.35 | F1488: =+E1488-C1488 -> 0 | G1488: =+STDEV(F1240:F1488) -> 0.0055378545 | H1488: =+G1488*(SQRT(250)) -> 0.087561168 | J1488: =+((I1488-I1487)/I1487)*100 -> #DIV/0!
A1489: ='[1]175 since Nov 2015'!A1494 -> 44533 | B1489: 86076.82 | C1489: =ROUND(((B1489-B1488)/B1488)*100,2) -> -1.31 | D1489: 618.2801 | E1489: =ROUND(((D1489-D1488)/D1488)*100,2) -> -1.31 | F1489: =+E1489-C1489 -> 0 | G1489: =+STDEV(F1241:F1489) -> 0.0055378545 | H1489: =+G1489*(SQRT(250)) -> 0.087561168 | J1489: =+((I1489-I1488)/I1488)*100 -> #DIV/0!
A1490: ='[1]175 since Nov 2015'!A1495 -> 44536 | B1490: 84660.54 | C1490: =ROUND(((B1490-B1489)/B1489)*100,2) -> -1.65 | D1490: 608.1116 | E1490: =ROUND(((D1490-D1489)/D1489)*100,2) -> -1.64 | F1490: =+E1490-C1490 -> 0.01 | G1490: =+STDEV(F1242:F1490) -> 0.0055501226 | H1490: =+G1490*(SQRT(250)) -> 0.087755143 | J1490: =+((I1490-I1489)/I1489)*100 -> #DIV/0!
A1491: ='[1]175 since Nov 2015'!A1496 -> 44537 | B1491: 85983.12 | C1491: =ROUND(((B1491-B1490)/B1490)*100,2) -> 1.56 | D1491: 617.6084 | E1491: =ROUND(((D1491-D1490)/D1490)*100,2) -> 1.56 | F1491: =+E1491-C1491 -> 0 | G1491: =+STDEV(F1243:F1491) -> 0.0055194013 | H1491: =+G1491*(SQRT(250)) -> 0.087269397
A1492: ='[1]175 since Nov 2015'!A1497 -> 44538 | B1492: 87498.92 | C1492: =ROUND(((B1492-B1491)/B1491)*100,2) -> 1.76 | D1492: 628.4915 | E1492: =ROUND(((D1492-D1491)/D1491)*100,2) -> 1.76 | F1492: =+E1492-C1492 -> 0 | G1492: =+STDEV(F1244:F1492) -> 0.0055194013 | H1492: =+G1492*(SQRT(250)) -> 0.087269397
A1493: ='[1]175 since Nov 2015'!A1498 -> 44539 | B1493: 87733.83 | C1493: =ROUND(((B1493-B1492)/B1492)*100,2) -> 0.27 | D1493: 630.1778 | E1493: =ROUND(((D1493-D1492)/D1492)*100,2) -> 0.27 | F1493: =+E1493-C1493 -> 0 | G1493: =+STDEV(F1245:F1493) -> 0.0055194013 | H1493: =+G1493*(SQRT(250)) -> 0.087269397
A1494: ='[1]175 since Nov 2015'!A1499 -> 44540 | B1494: 87703.3 | C1494: =ROUND(((B1494-B1493)/B1493)*100,2) -> -0.03 | D1494: 629.9546 | E1494: =ROUND(((D1494-D1493)/D1493)*100,2) -> -0.04 | F1494: =+E1494-C1494 -> -0.01 | G1494: =+STDEV(F1246:F1494) -> 0.0055501226 | H1494: =+G1494*(SQRT(250)) -> 0.087755143
A1495: ='[1]175 since Nov 2015'!A1500 -> 44543 | B1495: 86952.5 | C1495: =ROUND(((B1495-B1494)/B1494)*100,2) -> -0.86 | D1495: 624.5613 | E1495: =ROUND(((D1495-D1494)/D1494)*100,2) -> -0.86 | F1495: =+E1495-C1495 -> 0 | G1495: =+STDEV(F1247:F1495) -> 0.0055501226 | H1495: =+G1495*(SQRT(250)) -> 0.087755143
A1496: ='[1]175 since Nov 2015'!A1501 -> 44544 | B1496: 86704.36 | C1496: =ROUND(((B1496-B1495)/B1495)*100,2) -> -0.29 | D1496: 622.7763 | E1496: =ROUND(((D1496-D1495)/D1495)*100,2) -> -0.29 | F1496: =+E1496-C1496 -> 0 | G1496: =+STDEV(F1248:F1496) -> 0.0055501226 | H1496: =+G1496*(SQRT(250)) -> 0.087755143
A1497: ='[1]175 since Nov 2015'!A1502 -> 44545 | B1497: 86213.44 | C1497: =ROUND(((B1497-B1496)/B1496)*100,2) -> -0.57 | D1497: 619.2501 | E1497: =ROUND(((D1497-D1496)/D1496)*100,2) -> -0.57 | F1497: =+E1497-C1497 -> 0 | G1497: =+STDEV(F1249:F1497) -> 0.0055501226 | H1497: =+G1497*(SQRT(250)) -> 0.087755143
A1498: ='[1]175 since Nov 2015'!A1503 -> 44546 | B1498: 86382.19 | C1498: =ROUND(((B1498-B1497)/B1497)*100,2) -> 0.2 | D1498: 620.4603 | E1498: =ROUND(((D1498-D1497)/D1497)*100,2) -> 0.2 | F1498: =+E1498-C1498 -> 0 | G1498: =+STDEV(F1250:F1498) -> 0.0055501226 | H1498: =+G1498*(SQRT(250)) -> 0.087755143
A1499: ='[1]175 since Nov 2015'!A1504 -> 44547 | B1499: 85055.3 | C1499: =ROUND(((B1499-B1498)/B1498)*100,2) -> -1.54 | D1499: 610.9545 | E1499: =ROUND(((D1499-D1498)/D1498)*100,2) -> -1.53 | F1499: =+E1499-C1499 -> 0.01 | G1499: =+STDEV(F1251:F1499) -> 0.0055611989 | H1499: =+G1499*(SQRT(250)) -> 0.087930276
A1500: ='[1]175 since Nov 2015'!A1505 -> 44550 | B1500: 83280.36 | C1500: =ROUND(((B1500-B1499)/B1499)*100,2) -> -2.09 | D1500: 598.1518 | E1500: =ROUND(((D1500-D1499)/D1499)*100,2) -> -2.1 | F1500: =+E1500-C1500 -> -0.01 | G1500: =+STDEV(F1252:F1500) -> 0.0055919802 | H1500: =+G1500*(SQRT(250)) -> 0.08841697
A1501: ='[1]175 since Nov 2015'!A1506 -> 44551 | B1501: 84021.83 | C1501: =ROUND(((B1501-B1500)/B1500)*100,2) -> 0.89 | D1501: 603.1545 | E1501: =ROUND(((D1501-D1500)/D1500)*100,2) -> 0.84 | F1501: =+E1501-C1501 -> -0.05 | G1501: =+STDEV(F1253:F1501) -> 0.0064033367 | H1501: =+G1501*(SQRT(250)) -> 0.10124564
A1502: ='[1]175 since Nov 2015'!A1507 -> 44552 | B1502: 84952.39 | C1502: =ROUND(((B1502-B1501)/B1501)*100,2) -> 1.11 | D1502: 609.8352 | E1502: =ROUND(((D1502-D1501)/D1501)*100,2) -> 1.11 | F1502: =+E1502-C1502 -> 0 | G1502: =+STDEV(F1254:F1502) -> 0.0064033367 | H1502: =+G1502*(SQRT(250)) -> 0.10124564
... A1508: ='[1]175 since Nov 2015'!A1513 -> 44560 | B1508: 86241.31 | C1508: =ROUND(((B1508-B1507)/B1507)*100,2) -> -0.02 | D1508: 619.1551 | E1508: =ROUND(((D1508-D1507)/D1507)*100,2) -> -0.01 | F1508: =+E1508-C1508 -> 0.01 | G1508: =+STDEV(F1260:F1508) -> 0.0059178314 | H1508: =+G1508*(SQRT(250)) -> 0.09356913
A1509: ='[1]175 since Nov 2015'!A1514 -> 44561 | B1509: 86926.98 | C1509: =ROUND(((B1509-B1508)/B1508)*100,2) -> 0.8 | D1509: 624.079 | E1509: =ROUND(((D1509-D1508)/D1508)*100,2) -> 0.8 | F1509: =+E1509-C1509 -> 0 | G1509: =+STDEV(F1261:F1509) -> 0.0059178314 | H1509: =+G1509*(SQRT(250)) -> 0.09356913 | L1509: =+STDEV(F1385:F1509) -> 0.0068183812 | M1509: =_xlfn.STDEV.P(F1263:F1509) -> 0.0059289283 | O1509: =STDEV(F276:F1509) -> 0.0066372232 | Q1509: =+L1509*(SQRT(250)) -> 0.10780807 | R1509: =+M1509*(SQRT(250)) -> 0.093744587 | S1509: =H1509 -> 0.09356913 | T1509: =+O1509*(SQRT(250)) -> 0.10494371
A1510: ='[1]175 since Nov 2015'!A1515 -> 44564 | B1510: 88313.85 | C1510: =ROUND(((B1510-B1509)/B1509)*100,2) -> 1.6 | D1510: 633.9876 | E1510: =ROUND(((D1510-D1509)/D1509)*100,2) -> 1.59 | F1510: =+E1510-C1510 -> -0.01 | G1510: =+STDEV(F1262:F1510) -> 0.0059440432 | H1510: =+G1510*(SQRT(250)) -> 0.093983575 | L1510: =+STDEV(F1386:F1510) -> 0.0068645889 | M1510: =_xlfn.STDEV.P(F1264:F1510) -> 0.0059551339 | O1510: =STDEV(F277:F1510) -> 0.0066430085 | Q1510: =+L1510*(SQRT(250)) -> 0.10853868 | R1510: =+M1510*(SQRT(250)) -> 0.094158935 | S1510: =H1510 -> 0.093983575 | T1510: =+O1510*(SQRT(250)) -> 0.10503519
A1511: ='[1]175 since Nov 2015'!A1516 -> 44565 | B1511: 89317.67 | C1511: =ROUND(((B1511-B1510)/B1510)*100,2) -> 1.14 | D1511: 641.1415 | E1511: =ROUND(((D1511-D1510)/D1510)*100,2) -> 1.13 | F1511: =+E1511-C1511 -> -0.01 | G1511: =+STDEV(F1263:F1511) -> 0.0059698686 | H1511: =+G1511*(SQRT(250)) -> 0.094391911 | L1511: =+STDEV(F1387:F1511) -> 0.0069095539 | M1511: =_xlfn.STDEV.P(F1265:F1511) -> 0.0059809507 | O1511: =STDEV(F278:F1511) -> 0.006648779 | Q1511: =+L1511*(SQRT(250)) -> 0.10924964 | R1511: =+M1511*(SQRT(250)) -> 0.094567134 | S1511: =H1511 -> 0.094391911 | T1511: =+O1511*(SQRT(250)) -> 0.10512643
A1512: ='[1]175 since Nov 2015'!A1517 -> 44566 | B1512: 89865.64 | C1512: =ROUND(((B1512-B1511)/B1511)*100,2) -> 0.61 | D1512: 645.0322 | E1512: =ROUND(((D1512-D1511)/D1511)*100,2) -> 0.61 | F1512: =+E1512-C1512 -> 0 | G1512: =+STDEV(F1264:F1512) -> 0.0059698686 | H1512: =+G1512*(SQRT(250)) -> 0.094391911 | L1512: =+STDEV(F1388:F1512) -> 0.0069095539 | M1512: =_xlfn.STDEV.P(F1266:F1512) -> 0.0059809507 | O1512: =STDEV(F279:F1512) -> 0.006648779 | Q1512: =+L1512*(SQRT(250)) -> 0.10924964 | R1512: =+M1512*(SQRT(250)) -> 0.094567134 | S1512: =H1512 -> 0.094391911 | T1512: =+O1512*(SQRT(250)) -> 0.10512643
A1513: ='[1]175 since Nov 2015'!A1518 -> 44567 | B1513: 88938.52 | C1513: =ROUND(((B1513-B1512)/B1512)*100,2) -> -1.03 | D1513: 638.3717 | E1513: =ROUND(((D1513-D1512)/D1512)*100,2) -> -1.03 | F1513: =+E1513-C1513 -> 0 | G1513: =+STDEV(F1265:F1513) -> 0.0059698686 | H1513: =+G1513*(SQRT(250)) -> 0.094391911 | L1513: =+STDEV(F1389:F1513) -> 0.0069095539 | M1513: =_xlfn.STDEV.P(F1267:F1513) -> 0.0059551339 | O1513: =STDEV(F280:F1513) -> 0.006648779 | Q1513: =+L1513*(SQRT(250)) -> 0.10924964 | R1513: =+M1513*(SQRT(250)) -> 0.094158935 | S1513: =H1513 -> 0.094391911 | T1513: =+O1513*(SQRT(250)) -> 0.10512643
A1514: ='[1]175 since Nov 2015'!A1519 -> 44568 | B1514: 89151.61 | C1514: =ROUND(((B1514-B1513)/B1513)*100,2) -> 0.24 | D1514: 639.8925 | E1514: =ROUND(((D1514-D1513)/D1513)*100,2) -> 0.24 | F1514: =+E1514-C1514 -> 0 | G1514: =+STDEV(F1266:F1514) -> 0.0059698686 | H1514: =+G1514*(SQRT(250)) -> 0.094391911 | L1514: =+STDEV(F1390:F1514) -> 0.0068645889 | M1514: =_xlfn.STDEV.P(F1268:F1514) -> 0.0059551339 | O1514: =STDEV(F281:F1514) -> 0.006648779 | Q1514: =+L1514*(SQRT(250)) -> 0.10853868 | R1514: =+M1514*(SQRT(250)) -> 0.094158935 | S1514: =H1514 -> 0.094391911 | T1514: =+O1514*(SQRT(250)) -> 0.10512643
A1515: ='[1]175 since Nov 2015'!A1520 -> 44571 | B1515: 90123.01 | C1515: =ROUND(((B1515-B1514)/B1514)*100,2) -> 1.09 | D1515: 646.8502 | E1515: =ROUND(((D1515-D1514)/D1514)*100,2) -> 1.09 | F1515: =+E1515-C1515 -> 0 | G1515: =+STDEV(F1267:F1515) -> 0.0059440432 | H1515: =+G1515*(SQRT(250)) -> 0.093983575 | L1515: =+STDEV(F1391:F1515) -> 0.0068645889 | M1515: =_xlfn.STDEV.P(F1269:F1515) -> 0.0059551339 | O1515: =STDEV(F282:F1515) -> 0.006648779 | Q1515: =+L1515*(SQRT(250)) -> 0.10853868 | R1515: =+M1515*(SQRT(250)) -> 0.094158935 | S1515: =H1515 -> 0.093983575 | T1515: =+O1515*(SQRT(250)) -> 0.10512643
A1516: ='[1]175 since Nov 2015'!A1521 -> 44572 | B1516: 90453.18 | C1516: =ROUND(((B1516-B1515)/B1515)*100,2) -> 0.37 | D1516: 649.2052 | E1516: =ROUND(((D1516-D1515)/D1515)*100,2) -> 0.36 | F1516: =+E1516-C1516 -> -0.01 | G1516: =+STDEV(F1268:F1516) -> 0.0059698686 | H1516: =+G1516*(SQRT(250)) -> 0.094391911 | L1516: =+STDEV(F1392:F1516) -> 0.0069095539 | M1516: =_xlfn.STDEV.P(F1270:F1516) -> 0.0059809507 | O1516: =STDEV(F283:F1516) -> 0.006648779 | Q1516: =+L1516*(SQRT(250)) -> 0.10924964 | R1516: =+M1516*(SQRT(250)) -> 0.094567134 | S1516: =H1516 -> 0.094391911 | T1516: =+O1516*(SQRT(250)) -> 0.10512643
A1517: ='[1]175 since Nov 2015'!A1522 -> 44573 | B1517: 91248.74 | C1517: =ROUND(((B1517-B1516)/B1516)*100,2) -> 0.88 | D1517: 654.869 | E1517: =ROUND(((D1517-D1516)/D1516)*100,2) -> 0.87 | F1517: =+E1517-C1517 -> -0.01 | G1517: =+STDEV(F1269:F1517) -> 0.0059953128 | H1517: =+G1517*(SQRT(250)) -> 0.094794218 | L1517: =+STDEV(F1393:F1517) -> 0.0069533004 | M1517: =_xlfn.STDEV.P(F1271:F1517) -> 0.0060063836 | O1517: =STDEV(F284:F1517) -> 0.006648779 | Q1517: =+L1517*(SQRT(250)) -> 0.10994133 | R1517: =+M1517*(SQRT(250)) -> 0.094969264 | S1517: =H1517 -> 0.094794218 | T1517: =+O1517*(SQRT(250)) -> 0.10512643
A1518: ='[1]175 since Nov 2015'!A1523 -> 44574 | B1518: 91375.97 | C1518: =ROUND(((B1518-B1517)/B1517)*100,2) -> 0.14 | D1518: 655.7782 | E1518: =ROUND(((D1518-D1517)/D1517)*100,2) -> 0.14 | F1518: =+E1518-C1518 -> 0 | G1518: =+STDEV(F1270:F1518) -> 0.0059953128 | H1518: =+G1518*(SQRT(250)) -> 0.094794218 | L1518: =+STDEV(F1394:F1518) -> 0.0069533004 | M1518: =_xlfn.STDEV.P(F1272:F1518) -> 0.0060063836 | O1518: =STDEV(F285:F1518) -> 0.006648779 | Q1518: =+L1518*(SQRT(250)) -> 0.10994133 | R1518: =+M1518*(SQRT(250)) -> 0.094969264 | S1518: =H1518 -> 0.094794218 | T1518: =+O1518*(SQRT(250)) -> 0.10512643
A1519: ='[1]175 since Nov 2015'!A1524 -> 44575 | B1519: 91357.67 | C1519: =ROUND(((B1519-B1518)/B1518)*100,2) -> -0.02 | D1519: 655.6479 | E1519: =ROUND(((D1519-D1518)/D1518)*100,2) -> -0.02 | F1519: =+E1519-C1519 -> 0 | G1519: =+STDEV(F1271:F1519) -> 0.0059953128 | H1519: =+G1519*(SQRT(250)) -> 0.094794218 | L1519: =+STDEV(F1395:F1519) -> 0.0069533004 | M1519: =_xlfn.STDEV.P(F1273:F1519) -> 0.0060063836 | O1519: =STDEV(F286:F1519) -> 0.006648779 | Q1519: =+L1519*(SQRT(250)) -> 0.10994133 | R1519: =+M1519*(SQRT(250)) -> 0.094969264 | S1519: =H1519 -> 0.094794218 | T1519: =+O1519*(SQRT(250)) -> 0.10512643
A1520: ='[1]175 since Nov 2015'!A1525 -> 44578 | B1520: 91485.82 | C1520: =ROUND(((B1520-B1519)/B1519)*100,2) -> 0.14 | D1520: 656.5536 | E1520: =ROUND(((D1520-D1519)/D1519)*100,2) -> 0.14 | F1520: =+E1520-C1520 -> 0 | G1520: =+STDEV(F1272:F1520) -> 0.0059953128 | H1520: =+G1520*(SQRT(250)) -> 0.094794218 | L1520: =+STDEV(F1396:F1520) -> 0.0069533004 | M1520: =_xlfn.STDEV.P(F1274:F1520) -> 0.0060063836 | O1520: =STDEV(F287:F1520) -> 0.006648779 | Q1520: =+L1520*(SQRT(250)) -> 0.10994133 | R1520: =+M1520*(SQRT(250)) -> 0.094969264 | S1520: =H1520 -> 0.094794218 | T1520: =+O1520*(SQRT(250)) -> 0.10512643
... A1610: ='[1]175 since Nov 2015'!A1615 -> 44712 | B1610: 83483.01 | C1610: =ROUND(((B1610-B1609)/B1609)*100,2) -> -0.46 | D1610: 598.9986 | E1610: =ROUND(((D1610-D1609)/D1609)*100,2) -> -0.46 | F1610: =+E1610-C1610 -> 0 | G1610: =+STDEV(F1362:F1610) -> 0.0063655436 | H1610: =+G1610*(SQRT(250)) -> 0.10064808 | L1610: =+STDEV(F1486:F1610) -> 0.0071860079 | M1610: =_xlfn.STDEV.P(F1364:F1610) -> 0.006352277 | O1610: =STDEV(F377:F1610) -> 0.0067639946 | Q1610: =+L1610*(SQRT(250)) -> 0.11362076 | R1610: =+M1610*(SQRT(250)) -> 0.10043832 | S1610: =H1610 -> 0.10064808 | T1610: =+O1610*(SQRT(250)) -> 0.10694814
A1611: ='[1]175 since Nov 2015'!A1616 -> 44713 | B1611: 83204.7 | C1611: =ROUND(((B1611-B1610)/B1610)*100,2) -> -0.33 | D1611: 597.0285 | E1611: =ROUND(((D1611-D1610)/D1610)*100,2) -> -0.33 | F1611: =+E1611-C1611 -> 0 | G1611: =+STDEV(F1363:F1611) -> 0.0063655436 | H1611: =+G1611*(SQRT(250)) -> 0.10064808
A1612: ='[1]175 since Nov 2015'!A1617 -> 44714 | B1612: 83861.16 | C1612: =ROUND(((B1612-B1611)/B1611)*100,2) -> 0.79 | D1612: 601.6907 | E1612: =ROUND(((D1612-D1611)/D1611)*100,2) -> 0.78 | F1612: =+E1612-C1612 -> -0.01 | G1612: =+STDEV(F1364:F1612) -> 0.0063655436 | H1612: =+G1612*(SQRT(250)) -> 0.10064808
A1613: ='[1]175 since Nov 2015'!A1618 -> 44715 | B1613: 83787.73 | C1613: =ROUND(((B1613-B1612)/B1612)*100,2) -> -0.09 | D1613: 601.1511 | E1613: =ROUND(((D1613-D1612)/D1612)*100,2) -> -0.09 | F1613: =+E1613-C1613 -> 0 | G1613: =+STDEV(F1365:F1613) -> 0.0063400528 | H1613: =+G1613*(SQRT(250)) -> 0.10024504
...

Sheet LIC MF Nifty 50 Index Fund - Gr
A1: INDEX FUND - TRACKING ERROR
A2: Since April 01, 08
A4: LICMF NIFTY PLAN - GROWTH
C5: Rb | E5: Rp | F5: Rp-Rb | G5: TE | H5: Annualised
B6: TRI Benchmark | C6: Returns | D6: LICMF Nifty | E6: Returns | H6: TE | K6: Total Fund | P6: Returns | Q6: TE | V6: Annualised TE
B7: Nifty Levels | C7: % | D7: NAV | E7: % | I7: Cash % | J7: % mkt value | K7: ( in lacs) | L7: Average Rp-Rb | N7: Remark | O7: Nifty Levels | P7: % | Q7: 6 Months | R7: 1 Year | S7: 3 Years | T7: 5 Years | V7: 6 Months | W7: 1 Year | X7: 3 Years | Y7: 5 Years
A8: 39538 | B8: 5762.88 | D8: 27.7469
A9: 39539 | B9: 5769.05 | C9: 0.10706452 | D9: 27.76 | E9: 0.047212481 | F9: -0.059852042 | L9: -0.059852042
A10: 39540 | B10: 5786.85 | C10: 0.308543 | D10: 27.8004 | E10: 0.14553314 | F10: -0.16300986 | G10: 0.072943593 | H10: 1.1533395 | L10: -0.11143095
A11: 39541 | B11: 5808.01 | C11: 0.36565662 | D11: 27.8968 | E11: 0.3467576 | F11: -0.018899017 | G11: 0.074259254 | H11: 1.1741419 | L11: -0.080586973
A12: 39542 | B12: 5656.4 | C12: -2.6103605 | D12: 27.1733 | E12: -2.5934874 | F12: 0.016873094 | G12: 0.077787578 | H12: 1.2299296 | L12: -0.056221956
A13: 39545 | B13: 5795.39 | C13: 2.4572166 | D13: 27.8467 | E13: 2.4781679 | F13: 0.020951303 | G13: 0.075692291 | H13: 1.1968002 | L13: -0.040787304
A14: 39546 | B14: 5732.64 | C14: -1.0827572 | D14: 27.5465 | E14: -1.0780452 | F14: 0.0047120026 | G14: 0.070203201 | H14: 1.1100101 | L14: -0.033204086
A15: 39547 | B15: 5778.16 | C15: 0.79404951 | D15: 27.7672 | E15: 0.80119071 | F15: 0.0071412009 | G15: 0.06587571 | H15: 1.0415864 | L15: -0.027440474
A16: 39548 | B16: 5761.35 | C16: -0.29092306 | D16: 27.6773 | E16: -0.32376329 | F16: -0.032840227 | G16: 0.061018929 | H16: 0.96479398 | L16: -0.028115443
A17: 39549 | B17: 5815.89 | C17: 0.94665313 | D17: 27.9394 | E17: 0.94698544 | F17: 0.00033230754 | G17: 0.057860309 | H17: 0.91485181 | L17: -0.024954582
A18: 39553 | B18: 5939.87 | C18: 2.131746 | D18: 28.5231 | E18: 2.0891644 | F18: -0.042581552 | G18: 0.05483527 | H18: 0.86702175 | L18: -0.026717279
A19: 39554 | B19: 5949.2 | C19: 0.15707414 | D19: 28.5657 | E19: 0.14935263 | F19: -0.0077215147 | G19: 0.052335645 | H19: 0.82749921 | L19: -0.024990391
A20: 39555 | B20: 6035.71 | C20: 1.4541451 | D20: 28.9771 | E20: 1.4401888 | F20: -0.013956337 | G20: 0.050001638 | H20: 0.79059531 | L20: -0.024070887
A21: 39559 | B21: 6131.62 | C21: 1.5890425 | D21: 29.4455 | E21: 1.6164489 | F21: 0.027406303 | G21: 0.049956535 | H21: 0.78988217 | L21: -0.020111103
... A38: 39583 | B38: 6230.52 | C38: 2.0648803 | D38: 29.8559 | E38: 2.027154 | F38: -0.037726303 | G38: 0.037410149 | H38: 0.59150639 | L38: -0.015966758
A39: 39584 | B39: 6282.21 | C39: 0.82962578 | D39: 30.1075 | E39: 0.84271451 | F39: 0.013088728 | G39: 0.037149718 | H39: ftp://LICN2964:8sRSfBDC@edx.standardandpoors.com | L39: -0.015029485
A40: 39588 | B40: 6217.98 | C40: -1.0224109 | D40: 29.7988 | E40: -1.0253259 | F40: -0.0029150123 | G40: 0.03660831 | H40: 0.57882821 | L40: -0.014650907
A41: 39589 | B41: 6233.83 | C41: 0.25490593 | D41: 29.8768 | E41: 0.26175551 | F41: 0.0068495729 | G41: 0.036225631 | H41: 0.57277752 | L41: -0.013999378
A42: 39590 | B42: 6121.51 | C42: -1.8017816 | D42: 29.3302 | E42: -1.8295132 | F42: -0.027731632 | G42: 0.03575019 | H42: 0.56526014 | L42: -0.014403267
A43: 39591 | B43: 6025.43 | C43: -1.5695474 | D43: 28.8635 | E43: -1.5911927 | F43: -0.021645313 | G43: 0.035241795 | H43: 0.5572217 | L43: -0.014610183
A44: 39594 | B44: 5938.4 | C44: -1.4443782 | D44: 28.4306 | E44: -1.4998181 | F44: -0.055439866 | G44: 0.035395002 | H44: 0.55964412 | L44: -0.015744341
A45: 39595 | B45: 5919.8 | C45: -0.31321568 | D45: 28.3285 | E45: -0.3591201 | F45: -0.045904422 | G45: 0.035250399 | H45: 0.55735774 | L45: -0.016559478
A46: 39596 | B46: 5991.15 | C46: 1.2052772 | D46: 28.6757 | E46: 1.2256208 | F46: 0.020343636 | G46: 0.03528236 | H46: 0.5578631 | L46: -0.015588344
A47: 39597 | B47: 5895.41 | C47: -1.5980238 | D47: 28.2166 | E47: -1.6010071 | F47: -0.0029833728 | G47: 0.034873484 | H47: 0.55139819 | L47: -0.015265139
A48: 39598 | B48: 5937.81 | C48: 0.71920358 | D48: 28.4086 | E48: 0.68045051 | F48: -0.038753069 | G48: 0.034623234 | H48: 0.5474414 | L48: -0.015852337
A49: 39601 | B49: 5778.7 | C49: -2.6796075 | D49: 27.6291 | E49: -2.7438874 | F49: -0.06427995 | G49: 0.035014282 | H49: 0.55362441 | L49: -0.017033499
A50: 39602 | B50: 5749.83 | C50: -0.49959333 | D50: 27.4898 | E50: -0.50417857 | F50: -0.0045852312 | G50: 0.034637942 | H50: 0.54767395 | L50: -0.016737111
A51: 39603 | B51: 5590.94 | C51: -2.763386 | D51: 26.7396 | E51: -2.7290122 | F51: 0.034373832 | G51: 0.035099466 | H51: 0.55497128 | L51: -0.015548485
... A103: 39678 | B103: 5374.12 | C103: -0.83752959 | D103: 25.6536 | E103: -0.86139934 | F103: -0.023869747 | G103: 0.053959574 | H103: 0.85317577 | L103: -0.0097676293
A104: 39679 | B104: 5343.76 | C104: -0.5649297 | D104: 25.5104 | E104: -0.55820626 | F104: 0.0067234445 | G104: 0.053701207 | H104: 0.84909064 | L104: -0.0095958473 | N104: nav calculated mannually
A105: 39680 | B105: 5402.6 | C105: 1.1010974 | D105: 25.7824 | E105: 1.0662318 | F105: -0.034865543 | G105: 0.053482361 | H105: 0.84563038 | L105: -0.0098563596
A106: 39681 | B106: 5242.06 | C106: -2.9715322 | D106: 25.0355 | E106: -2.8969374 | F106: 0.07459478 | G106: 0.053885528 | H106: 0.85200501 | L106: -0.0089946133
A107: 39682 | B107: 5295.39 | C107: 1.0173481 | D107: 25.2821 | E107: 0.9850013 | F107: -0.032346844 | G107: 0.053661247 | H107: 0.84845881 | L107: -0.0092304944
A108: 39685 | B108: 5305.47 | C108: 0.19035425 | D108: 25.3215 | E108: 0.15584148 | F108: -0.034512767 | G108: 0.05344937 | H108: 0.84510875 | L108: -0.0094833171
A109: 39686 | B109: 5308.09 | C109: 0.049382995 | D109: 25.3307 | E109: 0.036332761 | F109: -0.013050235 | G109: 0.053182636 | H109: 0.84089131 | L109: -0.0095186331
A110: 39687 | B110: 5252.56 | C110: -1.046139 | D110: 25.0713 | E110: -1.0240538 | F110: 0.022085191 | G110: 0.053011141 | H110: 0.83817974 | L110: -0.0092087917
A111: 39688 | B111: 5158.55 | C111: -1.7897939 | D111: 24.6222 | E111: -1.7912912 | F111: -0.0014973083 | G111: 0.052756115 | H111: 0.83414742 | L111: -0.009133923
A112: 39689 | B112: 5337.28 | C112: 3.4647333 | D112: 25.4464 | E112: 3.3473857 | F112: -0.11734761 | G112: 0.053561034 | H112: 0.8468743 | L112: -0.010174439
A113: 39692 | B113: 5324.55 | C113: -0.238511 | D113: 25.3843 | E113: -0.24404238 | F113: -0.0055313774 | G113: 0.053304832 | H113: 0.8428234 | L113: -0.01013022
A114: 39693 | B114: 5514.77 | C114: 3.5725085 | D114: 26.2685 | E114: 3.4832554 | F114: -0.089253077 | G114: 0.053604149 | H114: 0.84755601 | L114: -0.010876662
A115: 39695 | B115: 5445.92 | C115: -1.2484655 | D115: 25.9456 | E115: -1.2292289 | F115: 0.01923656 | G115: 0.053430067 | H115: 0.84480353 | L115: -0.01059523
A116: 39696 | B116: 5329.03 | C116: -2.1463775 | D116: 25.4038 | E116: -2.0882153 | F116: 0.058162129 | G116: 0.053589791 | H116: 0.847329 | L116: -0.0099585874
... A180: 39794 | B180: 3583.48 | C180: 0.0413177 | D180: 17.0201 | E180: 0.036440793 | F180: -0.0048769071 | G180: 0.066079058 | H180: 1.0448016 | L180: -0.0089840643
A181: 39797 | B181: 3656.85 | C181: 2.0474511 | D181: 17.3674 | E181: 2.0405286 | F181: -0.0069225295 | G181: 0.065886874 | H181: 1.0417629 | L181: -0.0089721479 | M181: 0.0020496184
A182: 39798 | B182: 3731.13 | C182: 2.0312564 | D182: 17.714 | E182: 1.9956931 | F182: -0.035563329 | G182: 0.065727095 | H182: 1.0392366 | L182: -0.0091249708 | M182: -0.026438358
A183: 39799 | B183: 3623.92 | C183: -2.8733922 | D183: 17.2046 | E183: -2.8756915 | F183: -0.0022993003 | G183: 0.065539982 | H183: 1.0362781 | L183: -0.009085967 | M183: 0.0067866667
A184: 39800 | B184: 3754.43 | C184: 3.6013488 | D184: 17.8176 | E184: 3.5630006 | F184: -0.038348223 | G184: 0.065389669 | H184: 1.0339015 | L184: -0.0092522298 | M184: -0.029095993
A185: 39801 | B185: 3775.02 | C185: 0.5484188 | D185: 17.917 | E185: 0.55787536 | F185: 0.0094565579 | G185: 0.065218801 | H185: 1.0311998 | L185: -0.0091465304 | M185: 0.018603088
A186: 39804 | B186: 3728.11 | C186: -1.2426424 | D186: 17.7024 | E186: -1.1977452 | F186: 0.044897265 | G186: 0.065160338 | H186: 1.0302754 | L186: -0.0088429136 | M186: 0.053740178
A187: 39805 | B187: 3647.56 | C187: -2.1606122 | D187: 17.3305 | E187: -2.1008451 | F187: 0.059767131 | G187: 0.065179095 | H187: 1.030572 | L187: -0.0084596173 | M187: 0.068226748
A188: 39806 | B188: 3583.91 | C188: -1.7450021 | D188: 17.0334 | E188: -1.7143187 | F188: 0.030683452 | G188: 0.065062223 | H188: 1.0287241 | L188: -0.0082421558 | M188: 0.038925607
A189: 39808 | B189: 3510.64 | C189: -2.0444152 | D189: 16.6998 | E189: -1.9585051 | F189: 0.085910123 | G189: 0.065257579 | H189: 1.0318129 | L189: -0.0077219774 | M189: 0.0936321
A190: 39811 | B190: 3590.46 | C190: 2.2736595 | D190: 17.054 | E190: 2.1209835 | F190: -0.15267602 | G190: 0.065958112 | H190: 1.0428893 | L190: -0.0085184282 | M190: -0.14415759
A191: 39812 | B191: 3660.89 | C191: 1.9615871 | D191: 17.3805 | E191: 1.9145069 | F191: -0.047080234 | G191: 0.065838397 | H191: 1.0409965 | L191: -0.0087291485 | M191: -0.038351086
A192: 39813 | B192: 3635.87 | C192: -0.68344037 | D192: 17.266 | E192: -0.65878427 | F192: 0.024656096 | G192: 0.065704377 | H192: 1.0388774 | L192: -0.0085477069 | M192: 0.033203803
... A194: 39815 | B194: 3743.48 | C194: 0.43732795 | D194: 17.7574 | E194: 0.40768322 | F194: -0.029644736 | G194: 0.065592781 | H194: 1.0371129 | L194: -0.0090608419 | M194: -0.020583894
A195: 39818 | B195: 3835.29 | C195: 2.4525308 | D195: 18.1671 | E195: 2.3072071 | F195: -0.14532366 | G195: 0.066170789 | H195: 1.046252 | L195: -0.00978952 | M195: -0.13553414 | N195: Unit cancellation & entry for STT for Dec 08
A196: 39819 | B196: 3824.63 | C196: -0.27794508 | D196: 18.1162 | E196: -0.2801768 | F196: -0.0022317194 | G196: 0.065995927 | H196: 1.0434872 | L196: -0.009749319 | M196: 0.0075175995
A197: 39820 | B197: 3588.27 | C197: -6.1799442 | D197: 17.0439 | E197: -5.9190117 | F197: 0.26093249 | G197: 0.068701963 | H197: 1.0862734 | L197: -0.0083171401 | M197: 0.26924963 | N197: Cash available for investment
A198: 39822 | B198: 3530 | C198: -1.6239023 | D198: 16.7757 | E198: -1.5735835 | F198: 0.050318815 | G198: 0.068651891 | H198: 1.0854817 | L198: -0.0080085298 | M198: 0.058327345
A199: 39825 | B199: 3407.29 | C199: -3.476204 | D199: 16.2099 | E199: -3.3727356 | F199: 0.1034684 | G199: 0.068944469 | H199: 1.0901078 | L199: -0.0074248809 | M199: 0.11089328
A200: 39826 | B200: 3372.7 | C200: -1.0151763 | D200: 16.047 | E200: -1.0049414 | F200: 0.010234859 | G200: 0.068775559 | H200: 1.0874371 | L200: -0.0073329031 | M200: 0.017567762
A201: 39827 | B201: 3483.84 | C201: 3.2952827 | D201: 16.568 | E201: 3.2467128 | F201: -0.04856993 | G201: 0.068660414 | H201: 1.0856165 | L201: -0.0075465665 | M201: -0.041023363
A202: 39828 | B202: 3362.74 | C202: -3.4760494 | D202: 15.994 | E202: -3.4645099 | F202: 0.011539518 | G202: 0.068496015 | H202: 1.0830171 | L202: -0.0074481846 | M202: 0.018987703
A203: 39829 | B203: 3475.45 | C203: 3.351731 | D203: 16.5246 | E203: 3.3174941 | F203: -0.034236969 | G203: 0.068346179 | H203: 1.080648 | L203: -0.007585563 | M203: -0.026651406
A204: 39832 | B204: 3497.27 | C204: 0.62783237 | D204: 16.6251 | E204: 0.60818416 | F204: -0.019648205 | G204: 0.068176152 | H204: 1.0779596 | L204: -0.0076471071 | M204: -0.012001098
A205: 39833 | B205: 3436.31 | C205: -1.7430739 | D205: 16.3362 | E205: -1.7377339 | F205: 0.005339975 | G205: 0.068008306 | H205: 1.0753057 | L205: -0.0075811828 | M205: 0.012921158
A206: 39834 | B206: 3325.17 | C206: -3.2342833 | D206: 15.8117 | E206: -3.210661 | F206: 0.0236223 | G206: 0.067871712 | H206: 1.073146 | L206: -0.0074235895 | M206: 0.03104589
A207: 39835 | B207: 3334.55 | C207: 0.28209084 | D207: 15.8544 | E207: 0.27005319 | F207: -0.012037652 | G207: 0.067700892 | H207: 1.0704451 | L207: -0.0074467757 | M207: -0.0045908763
A208: 39836 | B208: 3291.24 | C208: -1.2988259 | D208: 15.6524 | E208: -1.2740943 | F208: 0.024731671 | G208: 0.067568897 | H208: 1.0683581 | L208: -0.0072858835 | M208: 0.032017554
A209: 39840 | B209: 3405.28 | C209: 3.4649555 | D209: 16.1752 | E209: 3.3400629 | F209: -0.12489259 | G209: 0.067908326 | H209: 1.0737249 | L209: -0.0078709915 | M209: -0.1170216 | N209: Redemption
A210: 39841 | B210: 3502.03 | C210: 2.8411761 | D210: 16.6255 | E210: 2.7838914 | F210: -0.057284667 | G210: 0.067828352 | H210: 1.0724604 | L210: -0.0081156136 | M210: -0.049169053
A211: 39842 | B211: 3474.27 | C211: -0.7926831 | D211: 16.4999 | E211: -0.755466 | F211: 0.0372171 | G211: 0.067735022 | H211: 1.0709847 | L211: -0.0078922998 | M211: 0.0451094
A212: 39843 | B212: 3538.57 | C212: 1.8507485 | D212: 16.7958 | E212: 1.7933442 | F212: -0.0574043 | G212: 0.067656846 | H212: 1.0697487 | L212: -0.0081350056 | M212: -0.049269295
A213: 39846 | B213: 3405.45 | C213: -3.7619716 | D213: 16.184 | E213: -3.6425773 | F213: 0.11939433 | G213: 0.068076028 | H213: 1.0763765 | L213: -0.0075129113 | M213: 0.12690724 | N213: Cash available
A214: 39847 | B214: 3426.68 | C214: 0.62341247 | D214: 16.2716 | E214: 0.54127533 | F214: -0.082137138 | G214: 0.068108531 | H214: 1.0768904 | L214: -0.0078751648 | M214: -0.074261973 | N214: Cash available
A215: 39848 | B215: 3450.6 | C215: 0.69805176 | D215: 16.3816 | E215: 0.67602448 | F215: -0.022027274 | G215: 0.067950138 | H215: 1.074386 | L215: -0.0079435325 | M215: -0.014083742
A216: 39849 | B216: 3422.28 | C216: -0.82072683 | D216: 16.2474 | E216: -0.8192118 | F216: 0.0015150315 | G216: 0.067788981 | H216: 1.0718379 | L216: -0.0078980586 | M216: 0.0094130902
A217: 39850 | B217: 3499.89 | C217: 2.2677864 | D217: 16.6081 | E217: 2.2200475 | F217: -0.047738873 | G217: 0.067681959 | H217: 1.0701457 | L217: -0.0080886846 | M217: -0.039650188
A218: 39853 | B218: 3594.44 | C218: 2.7015135 | D218: 17.0451 | E218: 2.6312462 | F218: -0.070267277 | G218: 0.067656042 | H218: 1.069736 | L218: -0.0083847731 | M218: -0.061882504
A219: 39854 | B219: 3612.41 | C219: 0.49993879 | D219: 17.1276 | E219: 0.48401007 | F219: -0.015928727 | G219: 0.067496762 | H219: 1.0672175 | L219: -0.0084205264 | M219: -0.0075082005
A220: 39855 | B220: 3601.57 | C220: -0.30007668 | D220: 17.0763 | E220: -0.29951657 | F220: 0.00056011036 | G220: 0.067339452 | H220: 1.0647302 | L220: -0.0083781649 | M220: 0.0089382753
A221: 39856 | B221: 3561.72 | C221: -1.1064619 | D221: 16.8907 | E221: -1.0868865 | F221: 0.019575401 | G221: 0.067207743 | H221: 1.0626477 | L221: -0.0082469275 | M221: 0.027822328
A222: 39857 | B222: 3629.83 | C222: 1.9122783 | D222: 17.2032 | E222: 1.8501305 | F222: -0.062147792 | G222: 0.067150956 | H222: 1.0617498 | L222: -0.0084988007 | M222: -0.053648991
A223: 39860 | B223: 3506.9 | C223: -3.38666 | D223: 16.6262 | E223: -3.3540272 | F223: 0.032632824 | G223: 0.06705258 | H223: 1.0601944 | L223: -0.0083074909 | M223: 0.040940314
A224: 39861 | B224: 3411.56 | C224: -2.7186404 | D224: 16.173967 | E224: -2.72 | F224: -0.0013596053 | G224: 0.066898133 | H224: 1.0577524 | L224: -0.0082753247 | M224: 0.0069157194
A225: 39862 | B225: 3418.72 | C225: 0.20987466 | D225: 16.1823 | E225: 0.051518838 | F225: -0.15835582 | G225: 0.067516212 | H225: 1.067525 | L225: -0.0089669399 | M225: -0.14938888
A226: 39863 | B226: 3435.02 | C226: 0.47678663 | D226: 15.9209 | E226: -1.6153452 | F226: -2.0921318 | G226: 0.15634495 | H226: 2.4720307 | L226: -0.018522742 | M226: -2.0736091 | N226: Heavy redemption of Rs.80 crores
A227: 39864 | B227: 3435.02 | C227: 0 | D227: 15.9209 | E227: 0 | F227: 0 | G227: 0.15599097 | H227: 2.4664338 | L227: -0.018438163 | M227: 0.018438163
A228: 39868 | B228: 3366.73 | C228: -1.9880525 | D228: 15.6027 | E228: -1.9986307 | F228: -0.010578259 | G228: 0.15563532 | H228: 2.4608105 | L228: -0.018402436 | M228: 0.0078241771
A229: 39869 | B229: 3401.93 | C229: 1.0455249 | D229: 15.763 | E229: 1.0273863 | F229: -0.0181386 | G229: 0.1552812 | H229: 2.4552114 | L229: -0.018401243 | M229: 0.00026264215
A230: 39870 | B230: 3430.46 | C230: 0.83864159 | D230: 15.8929 | E230: 0.82408171 | F230: -0.014559884 | G230: 0.1549297 | H230: 2.4496537 | L230: -0.018383939 | M230: 0.0038240549
A231: 39871 | B231: 3403.33 | C231: -0.79085604 | D231: 15.7681 | E231: -0.78525631 | F231: 0.0055997274 | G231: 0.15458871 | H231: 2.4442622 | L231: -0.018276389 | M231: 0.023876116
A232: 39874 | B232: 3293.68 | C232: -3.2218445 | D232: 15.2636 | E232: -3.1994977 | F232: 0.022346768 | G232: 0.15426559 | H232: 2.4391532 | L232: -0.018095036 | M232: 0.040441803
...

Sheet LIC MF S&P BSE Sensex Index Gr
A1: INDEX FUND - TRACKING ERROR
A2: Since April 01, 08
A4: LICMF Sensex PLAN - GROWTH
C5: Rb | E5: Rp | F5: Rp-Rb | G5: TE | H5: Annualised
B6: TRI Benchmark | C6: Returns | D6: LICMF Sensex | E6: Returns | H6: TE | K6: Total Fund | Q6: TE | V6: Annualised TE
B7: Sensex Levels | C7: % | D7: NAV | E7: % | I7: Cash % | J7: % mkt value | K7: ( in lacs) | L7: Average Rp-Rb | N7: Remark | Q7: 6 Months | R7: 1 Year | S7: 3 Years | T7: 5 Years | V7: 6 Months | W7: 1 Year | X7: 3 Years | Y7: 5 Years
A8: 39539 | B8: 19298.23 | C8: -0.11 | D8: 32.2507 | E8: -0.14 | F8: =+E8-C8 -> -0.03 | G8: 0 | H8: 0 | J8: -100
A9: 39540 | B9: 19451.1 | C9: =ROUND(((B9-B8)/B8)*100,2) -> 0.79 | D9: 32.5037 | E9: =ROUND(((D9-D8)/D8)*100,2) -> 0.78 | F9: =+E9-C9 -> -0.01 | G9: 0.02 | H9: 0.28 | J9: #DIV/0!
A10: 39541 | B10: 19552.55 | C10: =ROUND(((B10-B9)/B9)*100,2) -> 0.52 | D10: 32.6576 | E10: =ROUND(((D10-D9)/D9)*100,2) -> 0.47 | F10: =+E10-C10 -> -0.05 | G10: 0.02 | H10: 0.33 | J10: #DIV/0!
A11: 39542 | B11: 18948.12 | C11: =ROUND(((B11-B10)/B10)*100,2) -> -3.09 | D11: 31.6969 | E11: =ROUND(((D11-D10)/D10)*100,2) -> -2.94 | F11: =+E11-C11 -> 0.15 | G11: 0.09 | H11: 1.42 | J11: #DIV/0!
A12: 39545 | B12: 19459.35 | C12: =ROUND(((B12-B11)/B11)*100,2) -> 2.7 | D12: 32.5217 | E12: =ROUND(((D12-D11)/D11)*100,2) -> 2.6 | F12: =+E12-C12 -> -0.1 | G12: 0.09 | H12: 1.47 | J12: #DIV/0!
A13: 39546 | B13: 19250.07 | C13: =ROUND(((B13-B12)/B12)*100,2) -> -1.08 | D13: 32.191 | E13: =ROUND(((D13-D12)/D12)*100,2) -> -1.02 | F13: =+E13-C13 -> 0.06 | G13: 0.09 | H13: 1.39 | J13: #DIV/0!
A14: 39547 | B14: 19500.63 | C14: =ROUND(((B14-B13)/B13)*100,2) -> 1.3 | D14: 32.602 | E14: =ROUND(((D14-D13)/D13)*100,2) -> 1.28 | F14: =+E14-C14 -> -0.02 | G14: 0.08 | H14: 1.28 | J14: #DIV/0!
A15: 39548 | B15: 19384.83 | C15: =ROUND(((B15-B14)/B14)*100,2) -> -0.59 | D15: 32.4347 | E15: =ROUND(((D15-D14)/D14)*100,2) -> -0.51 | F15: =+E15-C15 -> 0.08 | G15: 0.08 | H15: 1.26 | J15: #DIV/0!
A16: 39549 | B16: 19523.83 | C16: =ROUND(((B16-B15)/B15)*100,2) -> 0.72 | D16: 32.6164 | E16: =ROUND(((D16-D15)/D15)*100,2) -> 0.56 | F16: =+E16-C16 -> -0.16 | G16: 0.09 | H16: 1.48 | J16: #DIV/0!
A17: 39553 | B17: 19951.19 | C17: =ROUND(((B17-B16)/B16)*100,2) -> 2.19 | D17: 33.1738 | E17: =ROUND(((D17-D16)/D16)*100,2) -> 1.71 | F17: =+E17-C17 -> -0.48 | G17: 0.17 | H17: 2.74 | J17: #DIV/0!
A18: 39554 | B18: 20063.01 | C18: =ROUND(((B18-B17)/B17)*100,2) -> 0.56 | D18: 33.391 | E18: =ROUND(((D18-D17)/D17)*100,2) -> 0.65 | F18: =+E18-C18 -> 0.09 | G18: 0.17 | H18: 2.7 | J18: #DIV/0!
A19: 39555 | B19: 20355.73 | C19: =ROUND(((B19-B18)/B18)*100,2) -> 1.46 | D19: 33.8659 | E19: =ROUND(((D19-D18)/D18)*100,2) -> 1.42 | F19: =+E19-C19 -> -0.04 | G19: 0.16 | H19: 2.57 | J19: #DIV/0!
A20: 39559 | B20: 20674.55 | C20: =ROUND(((B20-B19)/B19)*100,2) -> 1.57 | D20: 34.2586 | E20: =ROUND(((D20-D19)/D19)*100,2) -> 1.16 | F20: =+E20-C20 -> -0.41 | G20: 0.19 | H20: 2.95 | J20: #DIV/0!
... A376: 40106 | B376: 21791.42 | C376: =ROUND(((B376-B375)/B375)*100,2) -> -0.58 | D376: 32.1046 | E376: =ROUND(((D376-D375)/D375)*100,2) -> -0.59 | F376: =+E376-C376 -> -0.01 | G376: 0.32 | H376: 5.1 | J376: #DIV/0!
A377: 40107 | B377: 21520.86 | C377: =ROUND(((B377-B376)/B376)*100,2) -> -1.24 | D377: 31.7055 | E377: =ROUND(((D377-D376)/D376)*100,2) -> -1.24 | F377: =+E377-C377 -> 0 | G377: 0.32 | H377: 5.1
A378: 40108 | B378: 21243.22 | C378: =ROUND(((B378-B377)/B377)*100,2) -> -1.29 | D378: 31.2931 | E378: =ROUND(((D378-D377)/D377)*100,2) -> -1.3 | F378: =+E378-C378 -> -0.01 | G378: 0.32 | H378: 5.09
A379: 40109 | B379: 21269.88 | C379: =ROUND(((B379-B378)/B378)*100,2) -> 0.13 | D379: 31.3313 | E379: =ROUND(((D379-D378)/D378)*100,2) -> 0.12 | F379: =+E379-C379 -> -0.01 | G379: 0.32 | H379: 5.08
A380: 40112 | B380: 21180.92 | C380: =ROUND(((B380-B379)/B379)*100,2) -> -0.42 | D380: 31.1944 | E380: =ROUND(((D380-D379)/D379)*100,2) -> -0.44 | F380: =+E380-C380 -> -0.02 | G380: 0.32 | H380: 5.08
A381: 40113 | B381: 20691.14 | C381: =ROUND(((B381-B380)/B380)*100,2) -> -2.31 | D381: 30.4777 | E381: =ROUND(((D381-D380)/D380)*100,2) -> -2.3 | F381: =+E381-C381 -> 0.01 | G381: 0.32 | H381: 5.07
A382: 40114 | B382: 20604.36 | C382: =ROUND(((B382-B381)/B381)*100,2) -> -0.42 | D382: 30.35 | E382: =ROUND(((D382-D381)/D381)*100,2) -> -0.42 | F382: =+E382-C382 -> 0 | G382: 0.32 | H382: 5.06
A383: 40115 | B383: 20313 | C383: =ROUND(((B383-B382)/B382)*100,2) -> -1.41 | D383: 29.9266 | E383: =ROUND(((D383-D382)/D382)*100,2) -> -1.4 | F383: =+E383-C383 -> 0.01 | G383: 0.32 | H383: 5.06
A384: 40116 | B384: 20115.04 | C384: =ROUND(((B384-B383)/B383)*100,2) -> -0.97 | D384: 29.6391 | E384: =ROUND(((D384-D383)/D383)*100,2) -> -0.96 | F384: =+E384-C384 -> 0.01 | G384: 0.32 | H384: 5.05
A385: 40120 | B385: 19493.3 | C385: =ROUND(((B385-B384)/B384)*100,2) -> -3.09 | D385: 28.7395 | E385: =ROUND(((D385-D384)/D384)*100,2) -> -3.04 | F385: =+E385-C385 -> 0.05 | G385: 0.32 | H385: 5.04
A386: 40121 | B386: 20135.09 | C386: =ROUND(((B386-B385)/B385)*100,2) -> 3.29 | D386: 29.661 | E386: =ROUND(((D386-D385)/D385)*100,2) -> 3.21 | F386: =+E386-C386 -> -0.08 | G386: 0.32 | H386: 5.04
A387: 40122 | B387: 20327.14 | C387: =ROUND(((B387-B386)/B386)*100,2) -> 0.95 | D387: 29.9449 | E387: =ROUND(((D387-D386)/D386)*100,2) -> 0.96 | F387: =+E387-C387 -> 0.01 | G387: 0.32 | H387: 5.03
A388: 40123 | B388: 20452.14 | C388: =ROUND(((B388-B387)/B387)*100,2) -> 0.61 | D388: 30.1225 | E388: =ROUND(((D388-D387)/D387)*100,2) -> 0.59 | F388: =+E388-C388 -> -0.02 | G388: 0.32 | H388: 5.02
... A483: 40268 | B483: 22220.6 | C483: =ROUND(((B483-B482)/B482)*100,2) -> -0.35 | D483: 32.5682 | E483: =ROUND(((D483-D482)/D482)*100,2) -> -0.35 | F483: =+E483-C483 -> 0 | G483: 7.8504623e-17 | H483: 1.2412671e-15
A484: 40269 | B484: 22429.58 | C484: =ROUND(((B484-B483)/B483)*100,2) -> 0.94 | D484: 32.8726 | E484: =ROUND(((D484-D483)/D483)*100,2) -> 0.93 | F484: =+E484-C484 -> -0.01 | G484: =+STDEV($F$484:F484) -> #DIV/0! | H484: 0.091287093
A485: 40273 | B485: 22737.72 | C485: =ROUND(((B485-B484)/B484)*100,2) -> 1.37 | D485: 33.3193 | E485: =ROUND(((D485-D484)/D484)*100,2) -> 1.36 | F485: =+E485-C485 -> -0.01 | G485: =+STDEV($F$484:F485) -> 7.8504623e-17 | H485: 0.091287093
A486: 40274 | B486: 22744.93 | C486: =ROUND(((B486-B485)/B485)*100,2) -> 0.03 | D486: 33.3283 | E486: =ROUND(((D486-D485)/D485)*100,2) -> 0.03 | F486: =+E486-C486 -> 0 | G486: =+STDEV($F$484:F486) -> 0.0057735027 | H486: 0.13228757
A487: 40275 | B487: 22781.25 | C487: =ROUND(((B487-B486)/B486)*100,2) -> 0.16 | D487: 33.3809 | E487: =ROUND(((D487-D486)/D486)*100,2) -> 0.16 | F487: =+E487-C487 -> 0 | G487: =+STDEV($F$484:F487) -> 0.0057735027 | H487: 0.21602469
A488: 40276 | B488: 22457.19 | C488: =ROUND(((B488-B487)/B487)*100,2) -> -1.42 | D488: 32.8997 | E488: =ROUND(((D488-D487)/D487)*100,2) -> -1.44 | F488: =+E488-C488 -> -0.02 | G488: =+STDEV($F$484:F488) -> 0.0083666003 | H488: 0.20118695
A489: 40277 | B489: 22734.5 | C489: =ROUND(((B489-B488)/B488)*100,2) -> 1.23 | D489: 33.3096 | E489: =ROUND(((D489-D488)/D488)*100,2) -> 1.25 | F489: =+E489-C489 -> 0.02 | G489: =+STDEV($F$484:F489) -> 0.013662601 | H489: 0.18898224
A490: 40280 | B490: 22632.9 | C490: =ROUND(((B490-B489)/B489)*100,2) -> -0.45 | D490: 33.1563 | E490: =ROUND(((D490-D489)/D489)*100,2) -> -0.46 | F490: =+E490-C490 -> -0.01 | G490: =+STDEV($F$484:F490) -> 0.01272418 | H490: 0.17873009
A491: 40281 | B491: 22606.88 | C491: =ROUND(((B491-B490)/B490)*100,2) -> -0.11 | D491: 33.117 | E491: =ROUND(((D491-D490)/D490)*100,2) -> -0.12 | F491: =+E491-C491 -> -0.01 | G491: =+STDEV($F$484:F491) -> 0.011952286 | H491: 0.17078251
A492: 40283 | B492: 22375.13 | C492: =ROUND(((B492-B491)/B491)*100,2) -> -1.03 | D492: 32.7749 | E492: =ROUND(((D492-D491)/D491)*100,2) -> -1.03 | F492: =+E492-C492 -> 0 | G492: =+STDEV($F$484:F492) -> 0.011303883 | H492: 0.16376258
A493: 40284 | B493: 22314.14 | C493: =ROUND(((B493-B492)/B492)*100,2) -> -0.27 | D493: 32.6835 | E493: =ROUND(((D493-D492)/D492)*100,2) -> -0.28 | F493: =+E493-C493 -> -0.01 | G493: =+STDEV($F$484:F493) -> 0.010801234 | H493: 0.15811388
A494: 40287 | B494: 22072.5 | C494: =ROUND(((B494-B493)/B493)*100,2) -> -1.08 | D494: 32.3263 | E494: =ROUND(((D494-D493)/D493)*100,2) -> -1.09 | F494: =+E494-C494 -> -0.01 | G494: =+STDEV($F$484:F494) -> 0.010357255 | H494: 0.1529622
A495: 40288 | B495: 22148.48 | C495: =ROUND(((B495-B494)/B494)*100,2) -> 0.34 | D495: 32.4353 | E495: =ROUND(((D495-D494)/D494)*100,2) -> 0.34 | F495: =+E495-C495 -> 0 | G495: =+STDEV($F$484:F495) -> 0.01 | H495: 0.14824986
... A787: 40717 | B787: 22955.84 | C787: =ROUND(((B787-B786)/B786)*100,2) -> 1.01 | D787: 33.1967 | E787: =ROUND(((D787-D786)/D786)*100,2) -> 1 | F787: =+E787-C787 -> -0.01 | G787: =+STDEV($F$484:F787) -> 0.069911201 | H787: 0.2449096
A788: 40718 | B788: 23620.38 | C788: =ROUND(((B788-B787)/B787)*100,2) -> 2.89 | D788: 34.1512 | E788: =ROUND(((D788-D787)/D787)*100,2) -> 2.88 | F788: =+E788-C788 -> -0.01 | G788: =+STDEV($F$484:F788) -> 0.069796821 | H788: 0.24454296 | J788: #REF!
A789: 40721 | B789: 23842.76 | C789: =ROUND(((B789-B788)/B788)*100,2) -> 0.94 | D789: 34.4671 | E789: =ROUND(((D789-D788)/D788)*100,2) -> 0.93 | F789: =+E789-C789 -> -0.01 | G789: =+STDEV($F$484:F789) -> 0.069683001 | H789: 0.24417795 | J789: #REF!
A790: 40722 | B790: 23946.41 | C790: =ROUND(((B790-B789)/B789)*100,2) -> 0.43 | D790: 34.6147 | E790: =ROUND(((D790-D789)/D789)*100,2) -> 0.43 | F790: =+E790-C790 -> 0 | G790: =+STDEV($F$484:F790) -> 0.069569536 | H790: 0.24381454 | J790: #REF!
A791: 40723 | B791: 24220.55 | C791: =ROUND(((B791-B790)/B790)*100,2) -> 1.14 | D791: 35.0078 | E791: =ROUND(((D791-D790)/D790)*100,2) -> 1.14 | F791: =+E791-C791 -> 0 | G791: =+STDEV($F$484:F791) -> 0.069456624 | H791: 0.24347042 | J791: #REF!
A792: 40724 | B792: 24417.5 | C792: =ROUND(((B792-B791)/B791)*100,2) -> 0.81 | D792: 35.29 | E792: =ROUND(((D792-D791)/D791)*100,2) -> 0.81 | F792: =+E792-C792 -> 0 | G792: =+STDEV($F$484:F792) -> 0.069344261 | H792: 0.24347517 | J792: #REF!
A793: 40725 | B793: 24309.87 | C793: =ROUND(((B793-B792)/B792)*100,2) -> -0.44 | D793: 35.1314 | E793: =ROUND(((D793-D792)/D792)*100,2) -> -0.45 | F793: =+E793-C793 -> -0.01 | G793: =+STDEV($F$484:F793) -> 0.069232659 | H793: 0.25458883 | J793: #REF!
A794: 40728 | B794: 24389.87 | C794: =ROUND(((B794-B793)/B793)*100,2) -> 0.33 | D794: 35.2405 | E794: =ROUND(((D794-D793)/D793)*100,2) -> 0.31 | F794: =+E794-C794 -> -0.02 | G794: =+STDEV($F$484:F794) -> 0.069126456 | H794: 0.25420906 | J794: #REF!
A795: 40729 | B795: 24299.23 | C795: =ROUND(((B795-B794)/B794)*100,2) -> -0.37 | D795: 35.1377 | E795: =ROUND(((D795-D794)/D794)*100,2) -> -0.29 | F795: =+E795-C795 -> 0.08 | G795: =+STDEV($F$484:F795) -> 0.069181216 | H795: 0.25706477 | J795: #REF!
A796: 40730 | B796: 24276.43 | C796: =ROUND(((B796-B795)/B795)*100,2) -> -0.09 | D796: 35.1044 | E796: =ROUND(((D796-D795)/D795)*100,2) -> -0.09 | F796: =+E796-C796 -> 0 | G796: =+STDEV($F$484:F796) -> 0.069070693 | H796: 0.25757358 | J796: #REF!
A797: 40731 | B797: 24731.87 | C797: =ROUND(((B797-B796)/B796)*100,2) -> 1.88 | D797: 35.7459 | E797: =ROUND(((D797-D796)/D796)*100,2) -> 1.83 | F797: =+E797-C797 -> -0.05 | G797: =+STDEV($F$484:F797) -> 0.069008449 | H797: 0.25719308 | J797: #REF!
A798: 40732 | B798: 24452.46 | C798: =ROUND(((B798-B797)/B797)*100,2) -> -1.13 | D798: 35.3501 | E798: =ROUND(((D798-D797)/D797)*100,2) -> -1.11 | F798: =+E798-C798 -> 0.02 | G798: =+STDEV($F$484:F798) -> 0.068912256 | H798: 0.25858652 | J798: #REF!
A799: 40735 | B799: 24275.27 | C799: =ROUND(((B799-B798)/B798)*100,2) -> -0.72 | D799: 35.096 | E799: =ROUND(((D799-D798)/D798)*100,2) -> -0.72 | F799: =+E799-C799 -> 0 | G799: =+STDEV($F$484:F799) -> 0.068803226 | H799: 0.25855835 | J799: #REF!
... A837: 40793 | B837: 22190.09 | C837: =ROUND(((B837-B836)/B836)*100,2) -> 1.2 | D837: 32.0005 | E837: =ROUND(((D837-D836)/D836)*100,2) -> 1.18 | F837: =+E837-C837 -> -0.02 | G837: =+STDEV($F$484:F837) -> 0.065380733 | H837: 0.26768623 | J837: #REF!
A838: 40794 | B838: 22323.31 | C838: =ROUND(((B838-B837)/B837)*100,2) -> 0.6 | D838: 32.189 | E838: =ROUND(((D838-D837)/D837)*100,2) -> 0.59 | F838: =+E838-C838 -> -0.01 | G838: =+STDEV($F$484:F838) -> 0.065288984 | H838: 0.26808578 | I838: 16501.74 | J838: #DIV/0!
A839: 40795 | B839: 21935.03 | C839: =ROUND(((B839-B838)/B838)*100,2) -> -1.74 | D839: 31.6349 | E839: =ROUND(((D839-D838)/D838)*100,2) -> -1.72 | F839: =+E839-C839 -> 0.02 | G839: =+STDEV($F$484:F839) -> 0.06520987 | H839: 0.267734 | I839: 16467.44 | J839: -0.21
A840: 40798 | B840: 21461.06 | C840: =ROUND(((B840-B839)/B839)*100,2) -> -2.16 | D840: 30.9566 | E840: =ROUND(((D840-D839)/D839)*100,2) -> -2.14 | F840: =+E840-C840 -> 0.02 | G840: =+STDEV($F$484:F840) -> 0.065131033 | H840: 0.26822035 | I840: 16709.6 | J840: 1.47
A841: 40799 | B841: 21416.45 | C841: =ROUND(((B841-B840)/B840)*100,2) -> -0.21 | D841: 30.892 | E841: =ROUND(((D841-D840)/D840)*100,2) -> -0.21 | F841: =+E841-C841 -> 0 | G841: =+STDEV($F$484:F841) -> 0.065040154 | H841: 0.26816403 | I841: 16876.54 | J841: 1
A842: 40800 | B842: 21734.57 | C842: =ROUND(((B842-B841)/B841)*100,2) -> 1.49 | D842: 31.3431 | E842: =ROUND(((D842-D841)/D841)*100,2) -> 1.46 | F842: =+E842-C842 -> -0.03 | G842: =+STDEV($F$484:F842) -> 0.064963381 | H842: 0.26783203 | I842: 16933.83 | J842: 0.34
A843: 40801 | B843: 21951.71 | C843: =ROUND(((B843-B842)/B842)*100,2) -> 1 | D843: 31.6512 | E843: =ROUND(((D843-D842)/D842)*100,2) -> 0.98 | F843: =+E843-C843 -> -0.02 | G843: =+STDEV($F$484:F843) -> 0.064878049 | H843: 0.26822863 | I843: 16745.35 | J843: -1.11
A844: 40802 | B844: 22026.23 | C844: =ROUND(((B844-B843)/B843)*100,2) -> 0.34 | D844: 31.7558 | E844: =ROUND(((D844-D843)/D843)*100,2) -> 0.33 | F844: =+E844-C844 -> -0.01 | G844: =+STDEV($F$484:F844) -> 0.064788538 | H844: 0.2718119 | I844: 17099.28 | J844: 2.11
A845: 40805 | B845: 21781.81 | C845: =ROUND(((B845-B844)/B844)*100,2) -> -1.11 | D845: 31.4098 | E845: =ROUND(((D845-D844)/D844)*100,2) -> -1.09 | F845: =+E845-C845 -> 0.02 | G845: =+STDEV($F$484:F845) -> 0.064711512 | H845: 0.27146276 | I845: 17065.15 | J845: -0.2
A846: 40806 | B846: 22242.19 | C846: =ROUND(((B846-B845)/B845)*100,2) -> 2.11 | D846: 32.0544 | E846: =ROUND(((D846-D845)/D845)*100,2) -> 2.05 | F846: =+E846-C846 -> -0.06 | G846: =+STDEV($F$484:F846) -> 0.064687946 | H846: 0.2900042 | I846: 16361.15 | J846: -4.13
A847: 40807 | B847: 22197.79 | C847: =ROUND(((B847-B846)/B846)*100,2) -> -0.2 | D847: 31.991 | E847: =ROUND(((D847-D846)/D846)*100,2) -> -0.2 | F847: =+E847-C847 -> 0 | G847: =+STDEV($F$484:F847) -> 0.064599222 | H847: 0.29189497 | I847: 16162.06 | J847: -1.22
A848: 40808 | B848: 21282.05 | C848: =ROUND(((B848-B847)/B847)*100,2) -> -4.13 | D848: 30.7088 | E848: =ROUND(((D848-D847)/D847)*100,2) -> -4.01 | F848: =+E848-C848 -> 0.12 | G848: =+STDEV($F$484:F848) -> 0.064838908 | H848: 0.2921691 | I848: 16051.1 | J848: -0.69
A849: 40809 | B849: 21023.08 | C849: =ROUND(((B849-B848)/B848)*100,2) -> -1.22 | D849: 30.345 | E849: =ROUND(((D849-D848)/D848)*100,2) -> -1.18 | F849: =+E849-C849 -> 0.04 | G849: =+STDEV($F$484:F849) -> 0.064791217 | H849: 0.29842783 | I849: 16524.03 | J849: 2.95
A850: 40812 | B850: 20878.75 | C850: =ROUND(((B850-B849)/B849)*100,2) -> -0.69 | D850: 30.1413 | E850: =ROUND(((D850-D849)/D849)*100,2) -> -0.67 | F850: =+E850-C850 -> 0.02 | G850: =+STDEV($F$484:F850) -> 0.064714843 | H850: 0.29824982 | I850: 16446.02 | J850: -0.47
... A913: 40907 | B913: 20123.71 | C913: =ROUND(((B913-B912)/B912)*100,2) -> -0.57 | D913: 28.9624 | E913: =ROUND(((D913-D912)/D912)*100,2) -> -0.57 | F913: =+E913-C913 -> 0 | G913: =+STDEV($F$484:F913) -> 0.060750872 | H913: 0.32206061 | I913: 15939.36 | J913: 2.72
A914: 40910 | B914: 20205.74 | C914: =ROUND(((B914-B913)/B913)*100,2) -> 0.41 | D914: 29.0764 | E914: =ROUND(((D914-D913)/D913)*100,2) -> 0.39 | F914: =+E914-C914 -> -0.02 | G914: =+STDEV(F177:F914) -> 0.096941547 | H914: 0.32187243 | I914: 15882.64 | J914: -0.36
A915: 40911 | B915: 20754.49 | C915: =ROUND(((B915-B914)/B914)*100,2) -> 2.72 | D915: 29.8491 | E915: =ROUND(((D915-D914)/D914)*100,2) -> 2.66 | F915: =+E915-C915 -> -0.06 | G915: =+STDEV(F178:F915) -> 0.096648823 | H915: 0.32151725 | I915: 15857.08 | J915: -0.16
A916: 40912 | B916: 20680.64 | C916: =ROUND(((B916-B915)/B915)*100,2) -> -0.36 | D916: 29.7446 | E916: =ROUND(((D916-D915)/D915)*100,2) -> -0.35 | F916: =+E916-C916 -> 0.01 | G916: =+STDEV(F179:F916) -> 0.096549087 | H916: 0.32116323 | I916: 15867.73 | J916: 0.07
A917: 40913 | B917: 20647.36 | C917: =ROUND(((B917-B916)/B916)*100,2) -> -0.16 | D917: 29.6979 | E917: =ROUND(((D917-D916)/D916)*100,2) -> -0.16 | F917: =+E917-C917 -> 0 | G917: =+STDEV(F180:F917) -> 0.095736814 | H917: 0.32081038 | I917: 15814.72 | J917: -0.33
A918: 40914 | B918: 20678.22 | C918: =ROUND(((B918-B917)/B917)*100,2) -> 0.15 | D918: 29.7411 | E918: =ROUND(((D918-D917)/D917)*100,2) -> 0.15 | F918: =+E918-C918 -> 0 | G918: =+STDEV(F181:F918) -> 0.09119699 | H918: 0.32103182 | I918: 16165.09 | J918: 2.22
A919: 40917 | B919: 20609.14 | C919: =ROUND(((B919-B918)/B918)*100,2) -> -0.33 | D919: 29.642 | E919: =ROUND(((D919-D918)/D918)*100,2) -> -0.33 | F919: =+E919-C919 -> 0 | G919: =+STDEV(F182:F919) -> 0.091172003 | H919: 0.72072256 | I919: 16037.51 | J919: -0.79
A920: 40918 | B920: 21065.73 | C920: =ROUND(((B920-B919)/B919)*100,2) -> 2.22 | D920: 30.2911 | E920: =ROUND(((D920-D919)/D919)*100,2) -> 2.19 | F920: =+E920-C920 -> -0.03 | G920: =+STDEV(F183:F920) -> 0.090265157 | H920: 0.96300779 | I920: 16037.51 | J920: 0
A921: 40919 | B921: 21079.77 | C921: =ROUND(((B921-B920)/B920)*100,2) -> 0.07 | D921: 30.3101 | E921: =ROUND(((D921-D920)/D920)*100,2) -> 0.06 | F921: =+E921-C921 -> -0.01 | G921: =+STDEV(F184:F921) -> 0.089176857 | H921: 0.96191984 | I921: 16154.62 | J921: 0.73
A922: 40920 | B922: 20899.48 | C922: =ROUND(((B922-B921)/B921)*100,2) -> -0.86 | D922: 30.053 | E922: =ROUND(((D922-D921)/D921)*100,2) -> -0.85 | F922: =+E922-C922 -> 0.01 | G922: =+STDEV(F185:F922) -> 0.089161037 | H922: 0.96089847 | I922: 16189.36 | J922: 0.22
A923: 40921 | B923: 21052.09 | C923: =ROUND(((B923-B922)/B922)*100,2) -> 0.73 | D923: 30.2689 | E923: =ROUND(((D923-D922)/D922)*100,2) -> 0.72 | F923: =+E923-C923 -> -0.01 | G923: =+STDEV(F186:F923) -> 0.089124041 | H923: 0.96000183 | I923: 16466.05 | J923: 1.71
A924: 40924 | B924: 21097.36 | C924: =ROUND(((B924-B923)/B923)*100,2) -> 0.22 | D924: 30.3303 | E924: =ROUND(((D924-D923)/D923)*100,2) -> 0.2 | F924: =+E924-C924 -> -0.02 | G924: =+STDEV(F187:F924) -> 0.089124837 | H924: 0.95892103 | I924: 16451.47 | J924: -0.09
A925: 40925 | B925: 21457.93 | C925: =ROUND(((B925-B924)/B924)*100,2) -> 1.71 | D925: 30.8393 | E925: =ROUND(((D925-D924)/D924)*100,2) -> 1.68 | F925: =+E925-C925 -> -0.03 | G925: =+STDEV(F188:F925) -> 0.089108742 | H925: 0.95790941 | I925: 16643.74 | J925: 1.17
... A972: 40997 | B972: 22263.84 | C972: =ROUND(((B972-B971)/B971)*100,2) -> -0.37 | D972: 31.9153 | E972: =ROUND(((D972-D971)/D971)*100,2) -> -0.36 | F972: =+E972-C972 -> 0.01 | G972: =+STDEV(F235:F972) -> 0.076419875 | H972: 0.95975059 | I972: 17404.2 | J972: 2.03
A973: 40998 | B973: 22714.88 | C973: =ROUND(((B973-B972)/B972)*100,2) -> 2.03 | D973: 32.546 | E973: =ROUND(((D973-D972)/D972)*100,2) -> 1.98 | F973: =+E973-C973 -> -0.05 | G973: =+STDEV(F236:F973) -> 0.076361007 | H973: 0.95878047 | N973: 17478.15
A974: 41001 | B974: 22811.39 | C974: =ROUND(((B974-B973)/B973)*100,2) -> 0.42 | D974: 32.678 | E974: =ROUND(((D974-D973)/D973)*100,2) -> 0.41 | F974: =+E974-C974 -> -0.01 | G974: =+STDEV(F237:F974) -> 0.076328351 | H974: 0.95786827 | N974: 17597.42
A975: 41002 | B975: 22967.05 | C975: =ROUND(((B975-B974)/B974)*100,2) -> 0.68 | D975: 32.8943 | E975: =ROUND(((D975-D974)/D974)*100,2) -> 0.66 | F975: =+E975-C975 -> -0.02 | G975: =+STDEV(F238:F975) -> 0.076314397 | H975: 0.95695302 | N975: 17486.02
A976: 41003 | B976: 22821.66 | C976: =ROUND(((B976-B975)/B975)*100,2) -> -0.63 | D976: 32.6895 | E976: =ROUND(((D976-D975)/D975)*100,2) -> -0.62 | F976: =+E976-C976 -> 0.01 | G976: =+STDEV(F239:F976) -> 0.076303464 | H976: 0.956144 | N976: 17222.14
A977: 41008 | B977: 22477.26 | C977: =ROUND(((B977-B976)/B976)*100,2) -> -1.51 | D977: 32.2014 | E977: =ROUND(((D977-D976)/D976)*100,2) -> -1.49 | F977: =+E977-C977 -> 0.02 | G977: =+STDEV(F240:F977) -> 0.076279038 | H977: 0.9551855 | N977: 17243.84
A978: 41009 | B978: 22505.58 | C978: =ROUND(((B978-B977)/B977)*100,2) -> 0.13 | D978: 32.2401 | E978: =ROUND(((D978-D977)/D977)*100,2) -> 0.12 | F978: =+E978-C978 -> -0.01 | G978: =+STDEV(F241:F978) -> 0.076271449 | H978: 0.95422765 | N978: 17199.4
A979: 41010 | B979: 22447.58 | C979: =ROUND(((B979-B978)/B978)*100,2) -> -0.26 | D979: 32.1575 | E979: =ROUND(((D979-D978)/D978)*100,2) -> -0.26 | F979: =+E979-C979 -> 0 | G979: =+STDEV(F242:F979) -> 0.076268644 | H979: 0.95327495 | N979: 17332.62
A980: 41011 | B980: 22621.45 | C980: =ROUND(((B980-B979)/B979)*100,2) -> 0.77 | D980: 32.4007 | E980: =ROUND(((D980-D979)/D979)*100,2) -> 0.76 | F980: =+E980-C980 -> -0.01 | G980: =+STDEV(F243:F980) -> 0.076197699 | H980: 0.95247625 | N980: 17094.51
A981: 41012 | B981: 22310.68 | C981: =ROUND(((B981-B980)/B980)*100,2) -> -1.37 | D981: 31.9642 | E981: =ROUND(((D981-D980)/D980)*100,2) -> -1.35 | F981: =+E981-C981 -> 0.02 | G981: =+STDEV(F244:F981) -> 0.075814187 | H981: 0.95158427 | N981: 17150.95
A982: 41015 | B982: 22384.34 | C982: =ROUND(((B982-B981)/B981)*100,2) -> 0.33 | D982: 32.0642 | E982: =ROUND(((D982-D981)/D981)*100,2) -> 0.31 | F982: =+E982-C982 -> -0.02 | G982: =+STDEV(F245:F982) -> 0.074707137 | H982: 0.95080206 | N982: 17357.94
A983: 41016 | B983: 22654.49 | C983: =ROUND(((B983-B982)/B982)*100,2) -> 1.21 | D983: 32.441 | E983: =ROUND(((D983-D982)/D982)*100,2) -> 1.18 | F983: =+E983-C983 -> -0.03 | G983: =+STDEV(F246:F983) -> 0.074696529 | H983: 0.94986029 | N983: 17392.39
A984: 41017 | B984: 22699.45 | C984: =ROUND(((B984-B983)/B983)*100,2) -> 0.2 | D984: 32.5032 | E984: =ROUND(((D984-D983)/D983)*100,2) -> 0.19 | F984: =+E984-C984 -> -0.01 | G984: =+STDEV(F247:F984) -> 0.074688772 | H984: 0.94897568 | N984: 17503.71
... A1513: 41810 | B1513: 34086.49 | C1513: =ROUND(((B1513-B1512)/B1512)*100,2) -> -0.38 | D1513: 47.2821 | E1513: =ROUND(((D1513-D1512)/D1512)*100,2) -> -0.38 | F1513: =+E1513-C1513 -> 0 | G1513: =+STDEV(F776:F1513) -> 0.021390273 | H1513: 0.87837649 | N1513: 25105.509
A1514: 41813 | B1514: 33985.76 | C1514: =ROUND(((B1514-B1513)/B1513)*100,2) -> -0.3 | D1514: 47.1342 | E1514: =ROUND(((D1514-D1513)/D1513)*100,2) -> -0.31 | F1514: =+E1514-C1514 -> -0.01 | G1514: =+STDEV(F777:F1514) -> 0.021382931 | H1514: 0.87795376 | N1514: 25031.321 | Q1514: =+STDEV(K1390:K1514) -> #DIV/0! | R1514: =_xlfn.STDEV.P(K1268:K1514) -> #DIV/0! | T1514: =STDEV(K281:K1514) -> #DIV/0! | V1514: =+Q1514*(SQRT(250)) -> #DIV/0! | W1514: =+R1514*(SQRT(250)) -> #DIV/0! | X1514: =M1514 -> 0 | Y1514: =+T1514*(SQRT(250)) -> #DIV/0!
...

Sheet LIC MF Nifty 8-13 yr G-Sec ETF
C5: Rb | E5: Rp | F5: Rp-Rb | G5: TE | H5: Annualised
B6: TRI Benchmark | C6: Returns | D6: LIC MF Nifty 8-13 yr G-Sec ETF | E6: Returns | H6: TE
B7: Nifty 8 minus 13 Year Gsec Index | C7: % | D7: NAV | E7: %
A8: 44377 | B8: 2269.69 | D8: 22.175
A9: 44378 | B9: 2271.65 | C9: =ROUND(((B9-B8)/B8)*100,2) -> 0.09 | D9: 22.1938 | E9: =ROUND(((D9-D8)/D8)*100,2) -> 0.08 | F9: =+E9-C9 -> -0.01
A10: 44379 | B10: 2269.51 | C10: =ROUND(((B10-B9)/B9)*100,2) -> -0.09 | D10: 22.1705 | E10: =ROUND(((D10-D9)/D9)*100,2) -> -0.1 | F10: =+E10-C10 -> -0.01
A11: 44382 | B11: 2269.08 | C11: =ROUND(((B11-B10)/B10)*100,2) -> -0.02 | D11: 22.1682 | E11: =ROUND(((D11-D10)/D10)*100,2) -> -0.01 | F11: =+E11-C11 -> 0.01
A12: 44383 | B12: 2257.2 | C12: =ROUND(((B12-B11)/B11)*100,2) -> -0.52 | D12: 22.0517 | E12: =ROUND(((D12-D11)/D11)*100,2) -> -0.53 | F12: =+E12-C12 -> -0.01
A13: 44384 | B13: 2260.76 | C13: =ROUND(((B13-B12)/B12)*100,2) -> 0.16 | D13: 22.0859 | E13: =ROUND(((D13-D12)/D12)*100,2) -> 0.16 | F13: =+E13-C13 -> 0
A14: 44385 | B14: 2267.28 | C14: =ROUND(((B14-B13)/B13)*100,2) -> 0.29 | D14: 22.1426 | E14: =ROUND(((D14-D13)/D13)*100,2) -> 0.26 | F14: =+E14-C14 -> -0.03
A15: 44386 | B15: 2263.69 | C15: =ROUND(((B15-B14)/B14)*100,2) -> -0.16 | D15: 22.1106 | E15: =ROUND(((D15-D14)/D14)*100,2) -> -0.14 | F15: =+E15-C15 -> 0.02
A16: 44389 | B16: 2258.65 | C16: =ROUND(((B16-B15)/B15)*100,2) -> -0.22 | D16: 22.0678 | E16: =ROUND(((D16-D15)/D15)*100,2) -> -0.19 | F16: =+E16-C16 -> 0.03
A17: 44390 | B17: 2261.54 | C17: =ROUND(((B17-B16)/B16)*100,2) -> 0.13 | D17: 22.0971 | E17: =ROUND(((D17-D16)/D16)*100,2) -> 0.13 | F17: =+E17-C17 -> 0
A18: 44391 | B18: 2261.76 | C18: =ROUND(((B18-B17)/B17)*100,2) -> 0.01 | D18: 22.0952 | E18: =ROUND(((D18-D17)/D17)*100,2) -> -0.01 | F18: =+E18-C18 -> -0.02
A19: 44392 | B19: 2262.53 | C19: =ROUND(((B19-B18)/B18)*100,2) -> 0.03 | D19: 22.1004 | E19: =ROUND(((D19-D18)/D18)*100,2) -> 0.02 | F19: =+E19-C19 -> -0.01
A20: 44393 | B20: 2260.64 | C20: =ROUND(((B20-B19)/B19)*100,2) -> -0.08 | D20: 22.0797 | E20: =ROUND(((D20-D19)/D19)*100,2) -> -0.09 | F20: =+E20-C20 -> -0.01
... A251: 44742 | B251: 2232.97 | C251: =ROUND(((B251-B250)/B250)*100,2) -> 0.17 | D251: 21.7591 | E251: =ROUND(((D251-D250)/D250)*100,2) -> 0.17 | F251: =+E251-C251 -> 0
A252: 44743 | B252: 2236.77 | C252: =ROUND(((B252-B251)/B251)*100,2) -> 0.17 | D252: 21.7984 | E252: =ROUND(((D252-D251)/D251)*100,2) -> 0.18 | F252: =+E252-C252 -> 0.01 | G252: =+STDEV(F9:F252) -> 0.026884232 | H252: =+G252*(SQRT(250)) -> 0.42507703
A253: 44746 | B253: 2244.83 | C253: =ROUND(((B253-B252)/B252)*100,2) -> 0.36 | D253: 21.8687 | E253: =ROUND(((D253-D252)/D252)*100,2) -> 0.32 | F253: =+E253-C253 -> -0.04 | G253: =+STDEV(F10:F253) -> 0.026992888 | H253: =+G253*(SQRT(250)) -> 0.42679503
A254: 44747 | B254: 2243.65 | C254: =ROUND(((B254-B253)/B253)*100,2) -> -0.05 | D254: 21.8559 | E254: =ROUND(((D254-D253)/D253)*100,2) -> -0.06 | F254: =+E254-C254 -> -0.01 | G254: =+STDEV(F11:F254) -> 0.026992888 | H254: =+G254*(SQRT(250)) -> 0.42679503
A255: 44748 | B255: 2257.17 | C255: =ROUND(((B255-B254)/B254)*100,2) -> 0.6 | D255: 21.989 | E255: =ROUND(((D255-D254)/D254)*100,2) -> 0.61 | F255: =+E255-C255 -> 0.01 | G255: =+STDEV(F12:F255) -> 0.026992888 | H255: =+G255*(SQRT(250)) -> 0.42679503
A256: 44749 | B256: 2251.27 | C256: =ROUND(((B256-B255)/B255)*100,2) -> -0.26 | D256: 21.9279 | E256: =ROUND(((D256-D255)/D255)*100,2) -> -0.28 | F256: =+E256-C256 -> -0.02 | G256: =+STDEV(F13:F256) -> 0.027013655 | H256: =+G256*(SQRT(250)) -> 0.42712339
A257: 44750 | B257: 2243.84 | C257: =ROUND(((B257-B256)/B256)*100,2) -> -0.33 | D257: 21.8596 | E257: =ROUND(((D257-D256)/D256)*100,2) -> -0.31 | F257: =+E257-C257 -> 0.02 | G257: =+STDEV(F14:F257) -> 0.027048222 | H257: =+G257*(SQRT(250)) -> 0.42766993
A258: 44753 | B258: 2240.54 | C258: =ROUND(((B258-B257)/B257)*100,2) -> -0.15 | D258: 21.8279 | E258: =ROUND(((D258-D257)/D257)*100,2) -> -0.15 | F258: =+E258-C258 -> 0 | G258: =+STDEV(F15:F258) -> 0.026985389 | H258: =+G258*(SQRT(250)) -> 0.42667647
A259: 44754 | B259: 2245.09 | C259: =ROUND(((B259-B258)/B258)*100,2) -> 0.2 | D259: 21.8666 | E259: =ROUND(((D259-D258)/D258)*100,2) -> 0.18 | F259: =+E259-C259 -> -0.02 | G259: =+STDEV(F16:F259) -> 0.026977638 | H259: =+G259*(SQRT(250)) -> 0.42655391
A260: 44755 | B260: 2252.74 | C260: =ROUND(((B260-B259)/B259)*100,2) -> 0.34 | D260: 21.943 | E260: =ROUND(((D260-D259)/D259)*100,2) -> 0.35 | F260: =+E260-C260 -> 0.01 | G260: =+STDEV(F17:F260) -> 0.026912291 | H260: =+G260*(SQRT(250)) -> 0.42552068
A261: 44756 | B261: 2247.32 | C261: =ROUND(((B261-B260)/B260)*100,2) -> -0.24 | D261: 21.8991 | E261: =ROUND(((D261-D260)/D260)*100,2) -> -0.2 | F261: =+E261-C261 -> 0.04 | G261: =+STDEV(F18:F261) -> 0.027042578 | H261: =+G261*(SQRT(250)) -> 0.4275807
A262: 44757 | B262: 2240.1 | C262: =ROUND(((B262-B261)/B261)*100,2) -> -0.32 | D262: 21.8292 | E262: =ROUND(((D262-D261)/D261)*100,2) -> -0.32 | F262: =+E262-C262 -> 0 | G262: =+STDEV(F19:F262) -> 0.027015872 | H262: =+G262*(SQRT(250)) -> 0.42715844
A263: 44760 | B263: 2242.83 | C263: =ROUND(((B263-B262)/B262)*100,2) -> 0.12 | D263: 21.8574 | E263: =ROUND(((D263-D262)/D262)*100,2) -> 0.13 | F263: =+E263-C263 -> 0.01 | G263: =+STDEV(F20:F263) -> 0.027019367 | H263: =+G263*(SQRT(250)) -> 0.42721371
... A269: 44768 | B269: 2255.34 | C269: =ROUND(((B269-B268)/B268)*100,2) -> 0.08 | D269: 21.9627 | E269: =ROUND(((D269-D268)/D268)*100,2) -> 0.04 | F269: =+E269-C269 -> -0.04 | G269: =+STDEV(F26:F269) -> 0.027246622 | H269: =+G269*(SQRT(250)) -> 0.43080692
A270: =A269+1 -> 44769 | B270: 2259.53 | C270: =ROUND(((B270-B269)/B269)*100,2) -> 0.19 | D270: 22.0109 | E270: =ROUND(((D270-D269)/D269)*100,2) -> 0.22 | F270: =+E270-C270 -> 0.03 | G270: =+STDEV(F27:F270) -> 0.027320708 | H270: =+G270*(SQRT(250)) -> 0.43197833
A271: =A270+1 -> 44770 | B271: 2262.21 | C271: =ROUND(((B271-B270)/B270)*100,2) -> 0.12 | D271: 22.0316 | E271: =ROUND(((D271-D270)/D270)*100,2) -> 0.09 | F271: =+E271-C271 -> -0.03 | G271: =+STDEV(F28:F271) -> 0.027376827 | H271: =+G271*(SQRT(250)) -> 0.43286564
A272: =A271+1 -> 44771 | B272: 2264.27 | C272: =ROUND(((B272-B271)/B271)*100,2) -> 0.09 | D272: 22.0516 | E272: =ROUND(((D272-D271)/D271)*100,2) -> 0.09 | F272: =+E272-C272 -> 0 | G272: =+STDEV(F29:F272) -> 0.027315121 | H272: =+G272*(SQRT(250)) -> 0.43188998
A273: =A272+3 -> 44774 | B273: 2276.84 | C273: =ROUND(((B273-B272)/B272)*100,2) -> 0.56 | D273: 22.1625 | E273: =ROUND(((D273-D272)/D272)*100,2) -> 0.5 | F273: =+E273-C273 -> -0.06 | G273: =+STDEV(F30:F273) -> 0.027498168 | H273: =+G273*(SQRT(250)) -> 0.43478421
A274: =A273+1 -> 44775 | B274: 2284 | C274: =ROUND(((B274-B273)/B273)*100,2) -> 0.31 | D274: 22.2454 | E274: =ROUND(((D274-D273)/D273)*100,2) -> 0.37 | F274: =+E274-C274 -> 0.06 | G274: =+STDEV(F31:F274) -> 0.027774347 | H274: =+G274*(SQRT(250)) -> 0.43915099
A275: =+'LIC MF S&P BSE Sensex Index Gr'!A3509 -> 44776 | B275: 2280.04 | C275: =ROUND(((B275-B274)/B274)*100,2) -> -0.17 | D275: 22.1957 | E275: =ROUND(((D275-D274)/D274)*100,2) -> -0.22 | F275: =+E275-C275 -> -0.05 | G275: =+STDEV(F32:F275) -> 0.027948232 | H275: =+G275*(SQRT(250)) -> 0.44190035
A276: =+'LIC MF S&P BSE Sensex Index Gr'!A3510 -> 44777 | B276: 2290.96 | C276: =ROUND(((B276-B275)/B275)*100,2) -> 0.48 | D276: 22.3118 | E276: =ROUND(((D276-D275)/D275)*100,2) -> 0.52 | F276: =+E276-C276 -> 0.04 | G276: =+STDEV(F33:F276) -> 0.028069116 | H276: =+G276*(SQRT(250)) -> 0.44381169
A277: =+'LIC MF S&P BSE Sensex Index Gr'!A3511 -> 44778 | B277: 2271.91 | C277: =ROUND(((B277-B276)/B276)*100,2) -> -0.83 | D277: 22.1169 | E277: =ROUND(((D277-D276)/D276)*100,2) -> -0.87 | F277: =+E277-C277 -> -0.04 | G277: =+STDEV(F34:F277) -> 0.028177782 | H277: =+G277*(SQRT(250)) -> 0.44552985
A278: =+'LIC MF S&P BSE Sensex Index Gr'!A3512 -> 44781 | B278: 2266.66 | C278: =ROUND(((B278-B277)/B277)*100,2) -> -0.23 | D278: 22.0835 | E278: =ROUND(((D278-D277)/D277)*100,2) -> -0.15 | F278: =+E278-C278 -> 0.08 | G278: =+STDEV(F35:F278) -> 0.028647937 | H278: =+G278*(SQRT(250)) -> 0.45296366
A279: =+A278+2 -> 44783 | B279: 2272.85 | C279: =ROUND(((B279-B278)/B278)*100,2) -> 0.27 | D279: 22.1429 | E279: =ROUND(((D279-D278)/D278)*100,2) -> 0.27 | F279: =+E279-C279 -> 0 | G279: =+STDEV(F36:F279) -> 0.028647937 | H279: =+G279*(SQRT(250)) -> 0.45296366
A280: =+A279+1 -> 44784 | B280: 2279.95 | C280: =ROUND(((B280-B279)/B279)*100,2) -> 0.31 | D280: 22.2 | E280: =ROUND(((D280-D279)/D279)*100,2) -> 0.26 | F280: =+E280-C280 -> -0.05 | G280: =+STDEV(F37:F280) -> 0.028817429 | H280: =+G280*(SQRT(250)) -> 0.45564357
A281: =+A280+1 -> 44785 | B281: 2276.95 | C281: =ROUND(((B281-B280)/B280)*100,2) -> -0.13 | D281: 22.1763 | E281: =ROUND(((D281-D280)/D280)*100,2) -> -0.11 | F281: =+E281-C281 -> 0.02 | G281: =+STDEV(F38:F281) -> 0.028825154 | H281: =+G281*(SQRT(250)) -> 0.4557657
A283: =+A281+5 -> 44790 | B283: 2295.89 | C283: =ROUND(((B283-B281)/B281)*100,2) -> 0.83 | D283: 22.3539 | E283: =ROUND(((D283-D281)/D281)*100,2) -> 0.8 | F283: =+E283-C283 -> -0.03 | G283: =+STDEV(F39:F283) -> 0.028883634 | H283: =+G283*(SQRT(250)) -> 0.45669035
A284: =+A283+1 -> 44791 | B284: 2289.99 | C284: =ROUND(((B284-B283)/B283)*100,2) -> -0.26 | D284: 22.2951 | E284: =ROUND(((D284-D283)/D283)*100,2) -> -0.26 | F284: =+E284-C284 -> 0 | G284: =+STDEV(F40:F284) -> 0.028883634 | H284: =+G284*(SQRT(250)) -> 0.45669035
A285: =+A284+1 -> 44792 | B285: 2284.66 | C285: =ROUND(((B285-B284)/B284)*100,2) -> -0.23 | D285: 22.2552 | E285: =ROUND(((D285-D284)/D284)*100,2) -> -0.18 | F285: =+E285-C285 -> 0.05 | G285: =+STDEV(F41:F285) -> 0.029070323 | H285: =+G285*(SQRT(250)) -> 0.45964216
A286: =+A285+3 -> 44795 | B286: 2284.4 | C286: =ROUND(((B286-B285)/B285)*100,2) -> -0.01 | D286: 22.2518 | E286: =ROUND(((D286-D285)/D285)*100,2) -> -0.02 | F286: =+E286-C286 -> -0.01 | G286: =+STDEV(F42:F286) -> 0.029043768 | H286: =+G286*(SQRT(250)) -> 0.45922229
A287: =+A286+1 -> 44796 | B287: 2284.85 | C287: =ROUND(((B287-B286)/B286)*100,2) -> 0.02 | D287: 22.2563 | E287: =ROUND(((D287-D286)/D286)*100,2) -> 0.02 | F287: =+E287-C287 -> 0 | G287: =+STDEV(F43:F287) -> 0.028985261 | H287: =+G287*(SQRT(250)) -> 0.45829722
A288: =+A287+1 -> 44797 | B288: 2285.02 | C288: =ROUND(((B288-B287)/B287)*100,2) -> 0.01 | D288: 22.2479 | E288: =ROUND(((D288-D287)/D287)*100,2) -> -0.04 | F288: =+E288-C288 -> -0.05 | G288: =+STDEV(F44:F288) -> 0.029153082 | H288: =+G288*(SQRT(250)) -> 0.4609507
A289: =+A288+1 -> 44798 | B289: 2284.25 | C289: =ROUND(((B289-B288)/B288)*100,2) -> -0.03 | D289: 22.2406 | E289: =ROUND(((D289-D288)/D288)*100,2) -> -0.03 | F289: =+E289-C289 -> 0 | G289: =+STDEV(F45:F289) -> 0.029153082 | H289: =+G289*(SQRT(250)) -> 0.4609507
A290: =+A289+1 -> 44799 | B290: 2295.82 | C290: =ROUND(((B290-B289)/B289)*100,2) -> 0.51 | D290: 22.3541 | E290: =ROUND(((D290-D289)/D289)*100,2) -> 0.51 | F290: =+E290-C290 -> 0 | G290: =+STDEV(F46:F290) -> 0.029144027 | H290: =+G290*(SQRT(250)) -> 0.46080752
A291: =A290+3 -> 44802 | B291: 2293.45 | C291: =ROUND(((B291-B290)/B290)*100,2) -> -0.1 | D291: 22.3298 | E291: =ROUND(((D291-D290)/D290)*100,2) -> -0.11 | F291: =+E291-C291 -> -0.01 | G291: =+STDEV(F47:F291) -> 0.029149032 | H291: =+G291*(SQRT(250)) -> 0.46088666
A292: =A291+1 -> 44803 | B292: 2301.79 | C292: =ROUND(((B292-B291)/B291)*100,2) -> 0.36 | D292: 22.4113 | E292: =ROUND(((D292-D291)/D291)*100,2) -> 0.36 | F292: =+E292-C292 -> 0 | G292: =+STDEV(F48:F292) -> 0.029144027 | H292: =+G292*(SQRT(250)) -> 0.46080752
A293: 44805 | B293: 2300.78 | C293: =ROUND(((B293-B292)/B292)*100,2) -> -0.04 | D293: 22.4005 | E293: =ROUND(((D293-D292)/D292)*100,2) -> -0.05 | F293: =+E293-C293 -> -0.01 | G293: =+STDEV(F49:F293) -> 0.029149032 | H293: =+G293*(SQRT(250)) -> 0.46088666
A294: 44806 | B294: 2297.48 | C294: =ROUND(((B294-B293)/B293)*100,2) -> -0.14 | D294: 22.3662 | E294: =ROUND(((D294-D293)/D293)*100,2) -> -0.15 | F294: =+E294-C294 -> -0.01 | G294: =+STDEV(F50:F294) -> 0.029153979 | H294: =+G294*(SQRT(250)) -> 0.46096487
A295: 44809 | B295: 2302.18 | C295: =ROUND(((B295-B294)/B294)*100,2) -> 0.2 | D295: 22.4135 | E295: =ROUND(((D295-D294)/D294)*100,2) -> 0.21 | F295: =+E295-C295 -> 0.01 | G295: =+STDEV(F51:F295) -> 0.029163146 | H295: =+G295*(SQRT(250)) -> 0.46110983
A296: 44810 | B296: 2305.66 | C296: =ROUND(((B296-B295)/B295)*100,2) -> 0.15 | D296: 22.4452 | E296: =ROUND(((D296-D295)/D295)*100,2) -> 0.14 | F296: =+E296-C296 -> -0.01 | G296: =+STDEV(F52:F296) -> 0.029168091 | H296: =+G296*(SQRT(250)) -> 0.46118801
A297: =A296+1 -> 44811 | B297: 2306.56 | C297: =ROUND(((B297-B296)/B296)*100,2) -> 0.04 | D297: 22.4557 | E297: =ROUND(((D297-D296)/D296)*100,2) -> 0.05 | F297: =+E297-C297 -> 0.01 | G297: =+STDEV(F53:F297) -> 0.029172253 | H297: =+G297*(SQRT(250)) -> 0.46125383
A298: =A297+1 -> 44812 | B298: 2314.17 | C298: =ROUND(((B298-B297)/B297)*100,2) -> 0.33 | D298: 22.529 | E298: =ROUND(((D298-D297)/D297)*100,2) -> 0.33 | F298: =+E298-C298 -> 0 | G298: =+STDEV(F54:F298) -> 0.029172253 | H298: =+G298*(SQRT(250)) -> 0.46125383
A299: =+A298+1 -> 44813 | B299: 2310.32 | C299: =ROUND(((B299-B298)/B298)*100,2) -> -0.17 | D299: 22.4874 | E299: =ROUND(((D299-D298)/D298)*100,2) -> -0.18 | F299: =+E299-C299 -> -0.01 | G299: =+STDEV(F55:F299) -> 0.029172253 | H299: =+G299*(SQRT(250)) -> 0.46125383
A300: =A299+3 -> 44816 | B300: 2309.42 | C300: =ROUND(((B300-B299)/B299)*100,2) -> -0.04 | D300: 22.485 | E300: =ROUND(((D300-D299)/D299)*100,2) -> -0.01 | F300: =+E300-C300 -> 0.03 | G300: =+STDEV(F56:F300) -> 0.029241462 | H300: =+G300*(SQRT(250)) -> 0.4623481
A301: =A300+1 -> 44817 | B301: 2319.72 | C301: =ROUND(((B301-B300)/B300)*100,2) -> 0.45 | D301: 22.5824 | E301: =ROUND(((D301-D300)/D300)*100,2) -> 0.43 | F301: =+E301-C301 -> -0.02 | G301: =+STDEV(F57:F301) -> 0.029265791 | H301: =+G301*(SQRT(250)) -> 0.46273279
A302: =+A301+1 -> 44818 | B302: 2315.01 | C302: =ROUND(((B302-B301)/B301)*100,2) -> -0.2 | D302: 22.5378 | E302: =ROUND(((D302-D301)/D301)*100,2) -> -0.2 | F302: =+E302-C302 -> 0 | G302: =+STDEV(F58:F302) -> 0.029196294 | H302: =+G302*(SQRT(250)) -> 0.46163395
A303: =A302+1 -> 44819 | B303: 2304.43 | C303: =ROUND(((B303-B302)/B302)*100,2) -> -0.46 | D303: 22.436 | E303: =ROUND(((D303-D302)/D302)*100,2) -> -0.45 | F303: =+E303-C303 -> 0.01 | G303: =+STDEV(F59:F303) -> 0.0291813 | H303: =+G303*(SQRT(250)) -> 0.46139687
A304: =A303+1 -> 44820 | B304: 2299.4 | C304: =ROUND(((B304-B303)/B303)*100,2) -> -0.22 | D304: 22.3881 | E304: =ROUND(((D304-D303)/D303)*100,2) -> -0.21 | F304: =+E304-C304 -> 0.01 | G304: =+STDEV(F60:F304) -> 0.029165778 | H304: =+G304*(SQRT(250)) -> 0.46115143
A305: 44823 | B305: 2300.55 | C305: =ROUND(((B305-B304)/B304)*100,2) -> 0.05 | D305: 22.3983 | E305: =ROUND(((D305-D304)/D304)*100,2) -> 0.05 | F305: =+E305-C305 -> 0 | G305: =+STDEV(F61:F305) -> 0.0291569 | H305: =+G305*(SQRT(250)) -> 0.46101106
A306: =A305+1 -> 44824 | B306: 2296.85 | C306: =ROUND(((B306-B305)/B305)*100,2) -> -0.16 | D306: 22.3668 | E306: =ROUND(((D306-D305)/D305)*100,2) -> -0.14 | F306: =+E306-C306 -> 0.02 | G306: =+STDEV(F62:F306) -> 0.02916384 | H306: =+G306*(SQRT(250)) -> 0.4611208
A307: =A306+1 -> 44825 | B307: 2299.79 | C307: =ROUND(((B307-B306)/B306)*100,2) -> 0.13 | D307: 22.3951 | E307: =ROUND(((D307-D306)/D306)*100,2) -> 0.13 | F307: =+E307-C307 -> 0 | G307: =+STDEV(F63:F307) -> 0.029155135 | H307: =+G307*(SQRT(250)) -> 0.46098317
A308: =A307+1 -> 44826 | B308: 2289.46 | C308: =ROUND(((B308-B307)/B307)*100,2) -> -0.45 | D308: 22.294 | E308: =ROUND(((D308-D307)/D307)*100,2) -> -0.45 | F308: =+E308-C308 -> 0 | G308: =+STDEV(F64:F308) -> 0.029123417 | H308: =+G308*(SQRT(250)) -> 0.46048166
A309: =A308+1 -> 44827 | B309: 2278.93 | C309: =ROUND(((B309-B308)/B308)*100,2) -> -0.46 | D309: 22.1896 | E309: =ROUND(((D309-D308)/D308)*100,2) -> -0.47 | F309: =+E309-C309 -> -0.01 | G309: =+STDEV(F65:F309) -> 0.029103982 | H309: =+G309*(SQRT(250)) -> 0.46017436
A310: =A309+3 -> 44830 | B310: 2276.09 | C310: =ROUND(((B310-B309)/B309)*100,2) -> -0.12 | D310: 22.1628 | E310: =ROUND(((D310-D309)/D309)*100,2) -> -0.12 | F310: =+E310-C310 -> 0 | G310: =+STDEV(F66:F310) -> 0.029103982 | H310: =+G310*(SQRT(250)) -> 0.46017436
A311: =+A310+1 -> 44831 | B311: 2287.26 | C311: =ROUND(((B311-B310)/B310)*100,2) -> 0.49 | D311: 22.2712 | E311: =ROUND(((D311-D310)/D310)*100,2) -> 0.49 | F311: =+E311-C311 -> 0 | G311: =+STDEV(F67:F311) -> 0.029072092 | H311: =+G311*(SQRT(250)) -> 0.45967014
A312: =+A311+1 -> 44832 | B312: 2286.22 | C312: =ROUND(((B312-B311)/B311)*100,2) -> -0.05 | D312: 22.243 | E312: =ROUND(((D312-D311)/D311)*100,2) -> -0.13 | F312: =+E312-C312 -> -0.08 | G312: =+STDEV(F68:F312) -> 0.029481681 | H312: =+G312*(SQRT(250)) -> 0.46614631
A313: =+A312+1 -> 44833 | B313: 2287.16 | C313: =ROUND(((B313-B312)/B312)*100,2) -> 0.04 | D313: 22.2567 | E313: =ROUND(((D313-D312)/D312)*100,2) -> 0.06 | F313: =+E313-C313 -> 0.02 | G313: =+STDEV(F69:F313) -> 0.029508871 | H313: =+G313*(SQRT(250)) -> 0.46657622
A314: =+A313+1 -> 44834 | B314: 2282.31 | C314: =ROUND(((B314-B313)/B313)*100,2) -> -0.21 | D314: 22.2236 | E314: =ROUND(((D314-D313)/D313)*100,2) -> -0.15 | F314: =+E314-C314 -> 0.06 | G314: =+STDEV(F70:F314) -> 0.029764417 | H314: =+G314*(SQRT(250)) -> 0.47061676
A315: =A314+3 -> 44837 | B315: 2273.85 | C315: =ROUND(((B315-B314)/B314)*100,2) -> -0.37 | D315: 22.1263 | E315: =ROUND(((D315-D314)/D314)*100,2) -> -0.44 | F315: =+E315-C315 -> -0.07 | G315: =+STDEV(F71:F315) -> 0.030057485 | H315: =+G315*(SQRT(250)) -> 0.47525057
A316: =A315+1 -> 44838 | B316: 2287.66 | C316: =ROUND(((B316-B315)/B315)*100,2) -> 0.61 | D316: 22.2621 | E316: =ROUND(((D316-D315)/D315)*100,2) -> 0.61 | F316: =+E316-C316 -> 0 | G316: =+STDEV(F72:F316) -> 0.030025821 | H316: =+G316*(SQRT(250)) -> 0.47474992
A317: 44840 | B317: 2276.57 | C317: =ROUND(((B317-B316)/B316)*100,2) -> -0.48 | D317: 22.1597 | E317: =ROUND(((D317-D316)/D316)*100,2) -> -0.46 | F317: =+E317-C317 -> 0.02 | G317: =+STDEV(F73:F317) -> 0.030052687 | H317: =+G317*(SQRT(250)) -> 0.47517471
A318: 44841 | B318: 2273.05 | C318: =ROUND(((B318-B317)/B317)*100,2) -> -0.15 | D318: 22.1288 | E318: =ROUND(((D318-D317)/D317)*100,2) -> -0.14 | F318: =+E318-C318 -> 0.01 | G318: =+STDEV(F74:F318) -> 0.030056615 | H318: =+G318*(SQRT(250)) -> 0.47523682
A319: 44844 | B319: 2270.46 | C319: =ROUND(((B319-B318)/B318)*100,2) -> -0.11 | D319: 22.0952 | E319: =ROUND(((D319-D318)/D318)*100,2) -> -0.15 | F319: =+E319-C319 -> -0.04 | G319: =+STDEV(F75:F319) -> 0.030157897 | H319: =+G319*(SQRT(250)) -> 0.47683822
A320: =+A319+1 -> 44845 | B320: 2277.49 | C320: =ROUND(((B320-B319)/B319)*100,2) -> 0.31 | D320: 22.1591 | E320: =ROUND(((D320-D319)/D319)*100,2) -> 0.29 | F320: =+E320-C320 -> -0.02 | G320: =+STDEV(F76:F320) -> 0.030176207 | H320: =+G320*(SQRT(250)) -> 0.47712772
A321: =+A320+1 -> 44846 | B321: 2281.38 | C321: =ROUND(((B321-B320)/B320)*100,2) -> 0.17 | D321: 22.1765 | E321: =ROUND(((D321-D320)/D320)*100,2) -> 0.08 | F321: =+E321-C321 -> -0.09 | G321: =+STDEV(F77:F321) -> 0.030649356 | H321: =+G321*(SQRT(250)) -> 0.48460888
A322: =+A321+1 -> 44847 | B322: 2281.34 | C322: =ROUND(((B322-B321)/B321)*100,2) -> 0 | D322: 22.1857 | E322: =ROUND(((D322-D321)/D321)*100,2) -> 0.04 | F322: =+E322-C322 -> 0.04 | G322: =+STDEV(F78:F322) -> 0.030734641 | H322: =+G322*(SQRT(250)) -> 0.48595734
A323: =+A322+1 -> 44848 | B323: 2275.51 | C323: =ROUND(((B323-B322)/B322)*100,2) -> -0.26 | D323: 22.1345 | E323: =ROUND(((D323-D322)/D322)*100,2) -> -0.23 | F323: =+E323-C323 -> 0.03 | G323: =+STDEV(F79:F323) -> 0.030770426 | H323: =+G323*(SQRT(250)) -> 0.48652316
A324: =+A323+3 -> 44851 | B324: 2286.01 | C324: =ROUND(((B324-B323)/B323)*100,2) -> 0.46 | D324: 22.2367 | E324: =ROUND(((D324-D323)/D323)*100,2) -> 0.46 | F324: =+E324-C324 -> 0 | G324: =+STDEV(F80:F324) -> 0.030761408 | H324: =+G324*(SQRT(250)) -> 0.48638057
A325: =+A324+1 -> 44852 | B325: 2285.4 | C325: =ROUND(((B325-B324)/B324)*100,2) -> -0.03 | D325: 22.2299 | E325: =ROUND(((D325-D324)/D324)*100,2) -> -0.03 | F325: =+E325-C325 -> 0 | G325: =+STDEV(F81:F325) -> 0.030757049 | H325: =+G325*(SQRT(250)) -> 0.48631165
A326: =+A325+1 -> 44853 | B326: 2280.92 | C326: =ROUND(((B326-B325)/B325)*100,2) -> -0.2 | D326: 22.1858 | E326: =ROUND(((D326-D325)/D325)*100,2) -> -0.2 | F326: =+E326-C326 -> 0 | G326: =+STDEV(F82:F326) -> 0.030734778 | H326: =+G326*(SQRT(250)) -> 0.48595951
A327: =+A326+1 -> 44854 | B327: 2276.44 | C327: =ROUND(((B327-B326)/B326)*100,2) -> -0.2 | D327: 22.1621 | E327: =ROUND(((D327-D326)/D326)*100,2) -> -0.11 | F327: =+E327-C327 -> 0.09 | G327: =+STDEV(F83:F327) -> 0.031284645 | H327: =+G327*(SQRT(250)) -> 0.49465367
A328: =+A327+1 -> 44855 | B328: 2273.42 | C328: =ROUND(((B328-B327)/B327)*100,2) -> -0.13 | D328: 22.1249 | E328: =ROUND(((D328-D327)/D327)*100,2) -> -0.17 | F328: =+E328-C328 -> -0.04 | G328: =+STDEV(F84:F328) -> 0.031329009 | H328: =+G328*(SQRT(250)) -> 0.49535512
A329: =+A328+4 -> 44859 | B329: 2284.82 | C329: =ROUND(((B329-B328)/B328)*100,2) -> 0.5 | D329: 22.2363 | E329: =ROUND(((D329-D328)/D328)*100,2) -> 0.5 | F329: =+E329-C329 -> 0 | G329: =+STDEV(F85:F329) -> 0.031299278 | H329: =+G329*(SQRT(250)) -> 0.49488504
A330: =+A329+2 -> 44861 | B330: 2292.62 | C330: =ROUND(((B330-B329)/B329)*100,2) -> 0.34 | D330: 22.3028 | E330: =ROUND(((D330-D329)/D329)*100,2) -> 0.3 | F330: =+E330-C330 -> -0.04 | G330: =+STDEV(F86:F330) -> 0.031388197 | H330: =+G330*(SQRT(250)) -> 0.49629097
A331: =+A330+1 -> 44862 | B331: 2292.17 | C331: =ROUND(((B331-B330)/B330)*100,2) -> -0.02 | D331: 22.3027 | E331: =ROUND(((D331-D330)/D330)*100,2) -> 0 | F331: =+E331-C331 -> 0.02 | G331: =+STDEV(F87:F331) -> 0.03141838 | H331: =+G331*(SQRT(250)) -> 0.49676821
A332: =+A331+3 -> 44865 | B332: 2286.59 | C332: =ROUND(((B332-B331)/B331)*100,2) -> -0.24 | D332: 22.2482 | E332: =ROUND(((D332-D331)/D331)*100,2) -> -0.24 | F332: =+E332-C332 -> 0 | G332: =+STDEV(F88:F332) -> 0.031364949 | H332: =+G332*(SQRT(250)) -> 0.49592339
A333: =+A332+1 -> 44866 | B333: 2294.38 | C333: =ROUND(((B333-B332)/B332)*100,2) -> 0.34 | D333: 22.3118 | E333: =ROUND(((D333-D332)/D332)*100,2) -> 0.29 | F333: =+E333-C333 -> -0.05 | G333: =+STDEV(F89:F333) -> 0.031405816 | H333: =+G333*(SQRT(250)) -> 0.49656956
A334: =+A333+1 -> 44867 | B334: 2294.36 | C334: =ROUND(((B334-B333)/B333)*100,2) -> 0 | D334: 22.3113 | E334: =ROUND(((D334-D333)/D333)*100,2) -> 0 | F334: =+E334-C334 -> 0 | G334: =+STDEV(F90:F334) -> 0.031384006 | H334: =+G334*(SQRT(250)) -> 0.4962247
A335: =+A334+1 -> 44868 | B335: 2284.29 | C335: =ROUND(((B335-B334)/B334)*100,2) -> -0.44 | D335: 22.2181 | E335: =ROUND(((D335-D334)/D334)*100,2) -> -0.42 | F335: =+E335-C335 -> 0.02 | G335: =+STDEV(F91:F335) -> 0.031349028 | H335: =+G335*(SQRT(250)) -> 0.49567166
A336: =+A335+1 -> 44869 | B336: 2285.47 | C336: =ROUND(((B336-B335)/B335)*100,2) -> 0.05 | D336: 22.2442 | E336: =ROUND(((D336-D335)/D335)*100,2) -> 0.12 | F336: =+E336-C336 -> 0.07 | G336: =+STDEV(F92:F336) -> 0.031585741 | H336: =+G336*(SQRT(250)) -> 0.49941442
A337: 44872 | B337: 2291.56 | C337: =ROUND(((B337-B336)/B336)*100,2) -> 0.27 | D337: 22.2866 | E337: =ROUND(((D337-D336)/D336)*100,2) -> 0.19 | F337: =+E337-C337 -> -0.08 | G337: =+STDEV(F93:F337) -> 0.031933441 | H337: =+G337*(SQRT(250)) -> 0.50491204
A338: 44874 | B338: 2300.34 | C338: =ROUND(((B338-B337)/B337)*100,2) -> 0.38 | D338: 22.3654 | E338: =ROUND(((D338-D337)/D337)*100,2) -> 0.35 | F338: =+E338-C338 -> -0.03 | G338: =+STDEV(F94:F338) -> 0.031813643 | H338: =+G338*(SQRT(250)) -> 0.50301786
A339: 44875 | B339: 2308.07 | C339: =ROUND(((B339-B338)/B338)*100,2) -> 0.34 | D339: 22.439 | E339: =ROUND(((D339-D338)/D338)*100,2) -> 0.33 | F339: =+E339-C339 -> -0.01 | G339: =+STDEV(F95:F339) -> 0.031808977 | H339: =+G339*(SQRT(250)) -> 0.50294409
A340: 44876 | B340: 2317.58 | C340: =ROUND(((B340-B339)/B339)*100,2) -> 0.41 | D340: 22.5293 | E340: =ROUND(((D340-D339)/D339)*100,2) -> 0.4 | F340: =+E340-C340 -> -0.01 | G340: =+STDEV(F96:F340) -> 0.031510442 | H340: =+G340*(SQRT(250)) -> 0.49822384
...
